Workbook
Name LINHA7: #REF!
Name LINHA7: #REF!
Name LINHA7: #REF!
Name LINHA7: #REF!
Name LINHA7: #REF!
Name LINHA7: #REF!
Name LINHA7: #REF!
Name LINHA7: #REF!
Name LINHA7: #REF!
Name LINHA7: #REF!
Name LINHA7: #REF!
Name LINHA7: #REF!
Name LINHA7: #REF!
Name LINHA7: #REF!
Name Print_Area_MI: #REF!

Sheet DADOS
B2: DADOS DO CONTRATANTE
B3: CLIENTE: | C3: PREFEITURA MUNICIPAL DE APARECIDA DO TABOADO / MS
B4: ENDEREÇO: | C4: RUA ELIAS TOLENTINO DE ALMEIDA, Nº 4.098 - JD. SÃO BENTO
B6: DADOS DA OBRA
B7: OBRA: | C7: PAVIMENTAÇÃO ASFÁLTICA E DRENAGEM DE ÁGUAS PLUVIAIS
B8: LOCAL: | C8: DIVERSAS RUAS NO BAIRRO PRIMAVERA, APARECIDA DO TABOADO / MS
B9: REFERÊNCIA | C9: SEM DESONERAÇÃO
C10: HORISTA: 106,76% MENSALISTA: 64,39%
C12: COMPOSIÇÃO MS: 09/2024 INSUMO MS: 09/2024
C14: SICRO MS 01/2024
B15: BDI SERVIÇO: | C15: ='BDI SERVIÇO'!$F$50 -> 0.2403

Sheet Resumo DMT's
B2: =DADOS!$B$3 -> CLIENTE: | C2: =DADOS!$C$3 -> PREFEITURA MUNICIPAL DE APARECIDA DO TABOADO / MS
B3: =DADOS!$B$4 -> ENDEREÇO: | C3: =DADOS!$C$4 -> RUA ELIAS TOLENTINO DE ALMEIDA, Nº 4.098 - JD. SÃO BENTO
B5: =DADOS!$B$7 -> OBRA: | C5: =DADOS!$C$7 -> PAVIMENTAÇÃO ASFÁLTICA E DRENAGEM DE ÁGUAS PLUVIAIS
B6: =DADOS!$B$8 -> LOCAL: | C6: =DADOS!$C$8 -> DIVERSAS RUAS NO BAIRRO PRIMAVERA, APARECIDA DO TABOADO / MS
B8: QUADRO DE DISTÂNCIA MÉDIAS DE TRANSPORTE DE INSUMOS - DMT
B10: INSUMO | C10: LOCAL | D10: CIDADE | E10: DMT (km)
B13: BOTA FORA | C13: LOCAL | D13: APARECIDA DO TABOADO/MS | E13: 6.4
B14: PEDREIRA | C14: PEDREIRA TRÊS BARRAS | D14: PARANAÍBA/MS | E14: 49
B15: TUBOS | C15: PAV TUBOS | D15: CAMPO GRANDE/MS | E15: 460
B16: JAZIDA DE CASCALHO | C16: LOCAL | D16: APARECIDA DO TABOADO/MS | E16: 11.5
B17: CM-IMPRIMA | C17: BETUNEL | D17: CAMPO GRANDE/MS | E17: 487
B18: EMULSÃO RR-2C | C18: BETUNEL | D18: CAMPO GRANDE/MS | E18: 487
B19: USINA DE CBUQ | C19: ASFALTEC | D19: PARANAÍBA/MS | E19: 49.5
B20: PISO PODOTÁTIL | C20: LAJES PREMIX | D20: TRÊS LAGOAS/MS | E20: 129

Sheet Orçamento
B2: =DADOS!$B$3 -> CLIENTE: | C2: =DADOS!$C$3 -> PREFEITURA MUNICIPAL DE APARECIDA DO TABOADO / MS | H2: ENCARGOS SOCIAIS | K2: BANCOS
B3: =DADOS!$B$4 -> ENDEREÇO: | C3: =DADOS!$C$4 -> RUA ELIAS TOLENTINO DE ALMEIDA, Nº 4.098 - JD. SÃO BENTO | H3: =DADOS!$C$9 -> SEM DESONERAÇÃO | K3: =DADOS!$C$12 -> COMPOSIÇÃO MS: 09/2024 INSUMO MS: 09/2024
H4: =DADOS!$C$10 -> HORISTA: 106,76% MENSALISTA: 64,39%
B5: =DADOS!$B$7 -> OBRA: | C5: =DADOS!$C$7 -> PAVIMENTAÇÃO ASFÁLTICA E DRENAGEM DE ÁGUAS PLUVIAIS
B6: =DADOS!$B$8 -> LOCAL: | C6: =DADOS!$C$8 -> DIVERSAS RUAS NO BAIRRO PRIMAVERA, APARECIDA DO TABOADO / MS | K6: =DADOS!$B$15 -> BDI SERVIÇO: | L6: =DADOS!$C$15 -> 0.2403
B8: PLANILHA ORÇAMENTÁRIA
B10: SICRO / SINAPI | C10: ITEM | D10: SERVIÇO | E10: DMT | F10: UNID. | G10: QUANT. | H10: PREÇO (R$) | L10: %
H11: UNITÁRIO S/ BDI | I11: BDI | J11: UNITÁRIO C/ BDI | K11: TOTAL
C13: 1 | D13: SERVIÇOS PRELIMINARES
B14: 103689 | C14: =IF(G14>0,C13+0.01,C13) -> 1.01 | D14: Fornecimento e instalação de placa de obra com chapa galvanizada e estrutura de madeira | F14: m² | G14: ='Serv. Preliminares'!J11 -> 8 | H14: 455.87 | I14: =ROUND((H14*$L$6),2) -> 109.55 | J14: =H14+I14 -> 565.42 | K14: =ROUND((G14*J14),2) -> 4523.36 | L14: =K14/$K$178 -> 0.0023442525
B15: 10776 - Insumo | C15: =IF(G15>0,C14+0.01,C14) -> 1.02 | D15: Locação de container 2,30m x 6,00m, alt 2,50m, para escritório, sem divisórias internas e sem sanitário (não inclui mobilização / desmobilização) | F15: mês | G15: ='Serv. Preliminares'!J14 -> 9 | H15: 650.39 | I15: =ROUND((H15*$L$6),2) -> 156.29 | J15: =H15+I15 -> 806.68 | K15: =ROUND((G15*J15),2) -> 7260.12 | L15: =K15/$K$178 -> 0.0037625913
E16: =CONCATENATE("SUBTOTAL ",C13) -> SUBTOTAL 1 | K16: =SUM(K13:K15) -> 11783.48 | L16: =SUM(L13:L15) -> 0.0061068438
C18: 2 | D18: DRENAGEM DE ÁGUAS PLUVIAIS - TERRAPLENAGEM
D20: ESCAVAÇÃO DE VALA
B21: 102278 | C21: =IF(G21>0,C18+0.01,C18) -> 2.01 | D21: Escavação mecanizada de vala com prof. de 1,50m até 3,00m (média entre montante e jusante / um composição por trecho), com escavadeira hidráulica (1,20m³ / 155HP), larg. de 1,50m a 2,50m, em solo de 1ª categoria, em locais com nível alto de interferência | F21: m³ | G21: ='Dre-Terraplenagem'!Q45 -> 2631.46 | H21: 8.57 | I21: =ROUND((H21*$L$6),2) -> 2.06 | J21: =H21+I21 -> 10.63 | K21: =ROUND((G21*J21),2) -> 27972.42 | L21: =K21/$K$178 -> 0.014496838
B22: 93358 | C22: =IF(G22>0,C21+0.01,C21) -> 2.02 | D22: Escavação manual de vala com profundidade menor ou igual a 1,30m | F22: m³ | G22: ='Dre-Terraplenagem'!Q50 -> 138.47 | H22: 82.91 | I22: =ROUND((H22*$L$6),2) -> 19.92 | J22: =H22+I22 -> 102.83 | K22: =ROUND((G22*J22),2) -> 14238.87 | L22: =K22/$K$178 -> 0.0073793612
D24: REGULARIZAÇÃO E ESCORAMENTO DE VALA
B25: 101616 | C25: =IF(G25>0,C22+0.01,C22) -> 2.03 | D25: Preparo de fundo de vala com largura menor que 1,50m (acerto do solo natural) | F25: m² | G25: ='Dre-Terraplenagem'!Q60 -> 682.12 | H25: 6.08 | I25: =ROUND((H25*$L$6),2) -> 1.46 | J25: =H25+I25 -> 7.54 | K25: =ROUND((G25*J25),2) -> 5143.18 | L25: =K25/$K$178 -> 0.0026654772
B26: 101617 | C26: =IF(G26>0,C25+0.01,C25) -> 2.04 | D26: Preparo de fundo de vala com largura maior ou igual a 1,50m e menor que 2,50m (acerto do solo natural) | F26: m² | G26: ='Dre-Terraplenagem'!Q61 -> 343.77 | H26: 3 | I26: =ROUND((H26*$L$6),2) -> 0.72 | J26: =H26+I26 -> 3.72 | K26: =ROUND((G26*J26),2) -> 1278.82 | L26: =K26/$K$178 -> 0.00066275447
B27: 101573 | C27: =IF(G27>0,C26+0.01,C26) -> 2.05 | D27: Escoramento de vala, tipo pontaleteamento, com profundidade de 1,50m a 3,00m, largura maior ou igual a 1,50m e menor que 2,50m | F27: m² | G27: ='Dre-Terraplenagem'!Q64 -> 643.33 | H27: 26.87 | I27: =ROUND((H27*$L$6),2) -> 6.46 | J27: =H27+I27 -> 33.33 | K27: =ROUND((G27*J27),2) -> 21442.19 | L27: =K27/$K$178 -> 0.011112516
B28: 101579 | C28: =IF(G28>0,C27+0.01,C27) -> 2.06 | D28: Escoramento de vala, tipo descontínuo, com profundidade de 1,50m a 3,00m, largura maior ou igual a 1,50m e menor que 2,50m | F28: m² | G28: ='Dre-Terraplenagem'!Q66 -> 583.55 | H28: 46.01 | I28: =ROUND((H28*$L$6),2) -> 11.06 | J28: =H28+I28 -> 57.07 | K28: =ROUND((G28*J28),2) -> 33303.2 | L28: =K28/$K$178 -> 0.01725954
D30: REATERRO DE VALA
B31: 93369 | C31: =IF(G31>0,C28+0.01,C28) -> 2.07 | D31: Reaterro mecanizado de vala com escavadeira hidráulica, (capacidade da caçamba da retro: 0,80m³ / 111HP), larg. de 1,50m a 2,50m, profundidade de1,50m a 3,00m, com solo de 1ª categoria, com compactador de solos de percussão | F31: m³ | G31: ='Dre-Terraplenagem'!Q75 -> 2444.25 | H31: 16.36 | I31: =ROUND((H31*$L$6),2) -> 3.93 | J31: =H31+I31 -> 20.29 | K31: =ROUND((G31*J31),2) -> 49593.83 | L31: =K31/$K$178 -> 0.025702235
D33: CARGA, ESPALHAMENTO E TRANSPORTE DE BOTA FORA
B34: 100978 | C34: =IF(G34>0,C31+0.01,C31) -> 2.08 | D34: Carga, manobra e descarga de solos e materiais granulares em caminhão basculante 10m³, carga com escavadeira hidráulica (caçamba de 1,20m³ / 155HP) e descarga livre | F34: m³ | G34: ='Dre-Terraplenagem'!Q79 -> 423.33 | H34: 6.8 | I34: =ROUND((H34*$L$6),2) -> 1.63 | J34: =H34+I34 -> 8.43 | K34: =ROUND((G34*J34),2) -> 3568.67 | L34: =K34/$K$178 -> 0.00184948
B35: 95875 | C35: =IF(G35>0,C34+0.01,C34) -> 2.09 | D35: Transporte com caminhão basculante de 10m³, em via urbana pavimentada, DMT até 30km - BOTA FORA | E35: ='Dre-Terraplenagem'!$E$80 -> 6.4 | F35: m³.km | G35: ='Dre-Terraplenagem'!Q80 -> 2709.29 | H35: 2.43 | I35: =ROUND((H35*$L$6),2) -> 0.58 | J35: =H35+I35 -> 3.01 | K35: =ROUND((G35*J35),2) -> 8154.96 | L35: =K35/$K$178 -> 0.0042263463
B36: 100574 | C36: =IF(G36>0,C35+0.01,C35) -> 2.1 | D36: Espalhamento de material com trator esteiras | F36: m³ | G36: ='Dre-Terraplenagem'!Q81 -> 423.33 | H36: 1.35 | I36: =ROUND((H36*$L$6),2) -> 0.32 | J36: =H36+I36 -> 1.67 | K36: =ROUND((G36*J36),2) -> 706.96 | L36: =K36/$K$178 -> 0.00036638534
E38: =CONCATENATE("SUBTOTAL ",C18) -> SUBTOTAL 2 | K38: =SUM(K18:K37) -> 165403.1 | L38: =SUM(L18:L37) -> 0.085720933
C40: 3 | D40: DRENAGEM DE ÁGUAS PLUVIAIS - DISPOSITIVOS ESTRUTURAIS 01
D42: FORNECIMENTO DE TUBOS
B43: 7781 - Insumo | C43: =IF(G43>0,C40+0.01,C40) -> 3.01 | D43: Tubo de concreto simples para águas pluviais, classe PS-1, com encaixe ponta e bolsa, diâmetro nominal de 400mm | F43: m | G43: ='Dre-Disp. Estruturais'!O23 -> 690 | H43: 73.26 | I43: =ROUND((H43*$L$6),2) -> 17.6 | J43: =H43+I43 -> 90.86 | K43: =ROUND((G43*J43),2) -> 62693.4 | L43: =K43/$K$178 -> 0.032491149
B44: 7791 - Insumo | C44: =IF(G44>0,C43+0.01,C43) -> 3.02 | D44: Tubo de concreto simples para águas pluviais, classe PS-1, com encaixe ponta e bolsa, diâmetro nominal de 600mm | F44: m | G44: ='Dre-Disp. Estruturais'!O24 -> 108.44 | H44: 130.53 | I44: =ROUND((H44*$L$6),2) -> 31.37 | J44: =H44+I44 -> 161.9 | K44: =ROUND((G44*J44),2) -> 17556.44 | L44: =K44/$K$178 -> 0.0090987074
B45: 7750 - Insumo | C45: =IF(G45>0,C44+0.01,C44) -> 3.03 | D45: Tubo de concreto armado para águas pluviais, classe PA-1, com encaixe ponta e bolsa, diâmetro nominal de 800mm | F45: m | G45: ='Dre-Disp. Estruturais'!O25 -> 202.36 | H45: 414.3 | I45: =ROUND((H45*$L$6),2) -> 99.56 | J45: =H45+I45 -> 513.86 | K45: =ROUND((G45*J45),2) -> 103984.71 | L45: =K45/$K$178 -> 0.053890564
B46: 7753 - Insumo | C46: =IF(G46>0,C45+0.01,C45) -> 3.04 | D46: Tubo de concreto armado para águas pluviais, classe PA-1, com encaixe ponta e bolsa, diâmetro nominal de 1.000mm | F46: m | G46: ='Dre-Disp. Estruturais'!O26 -> 10 | H46: 485.44 | I46: =ROUND((H46*$L$6),2) -> 116.65 | J46: =H46+I46 -> 602.09 | K46: =ROUND((G46*J46),2) -> 6020.9 | L46: =K46/$K$178 -> 0.0031203597
D48: ASSENTAMENTO DE TUBOS
B49: 92821 | C49: =IF(G49>0,C46+0.01,C46) -> 3.05 | D49: Assentamento de tubo de concreto para redes coletoras de águas pluviais, diâmetro de 400mm, junta rígida, instalado em local com alto nível de interferência (não inclui fornecimento) | F49: m | G49: ='Dre-Disp. Estruturais'!O28 -> 690 | H49: 35.44 | I49: =ROUND((H49*$L$6),2) -> 8.52 | J49: =H49+I49 -> 43.96 | K49: =ROUND((G49*J49),2) -> 30332.4 | L49: =K49/$K$178 -> 0.015719909
B50: 92824 | C50: =IF(G50>0,C49+0.01,C49) -> 3.06 | D50: Assentamento de tubo de concreto para redes coletoras de águas pluviais, diâmetro de 600mm, junta rígida, instalado em local com alto nível de interferência (não inclui fornecimento) | F50: m | G50: ='Dre-Disp. Estruturais'!O29 -> 108.44 | H50: 56.35 | I50: =ROUND((H50*$L$6),2) -> 13.54 | J50: =H50+I50 -> 69.89 | K50: =ROUND((G50*J50),2) -> 7578.87 | L50: =K50/$K$178 -> 0.0039277849
B51: 92826 | C51: =IF(G51>0,C50+0.01,C50) -> 3.07 | D51: Assentamento de tubo de concreto para redes coletoras de águas pluviais, diâmetro de 800mm, junta rígida, instalado em local com alto nível de interferência (não inclui fornecimento) | F51: m | G51: ='Dre-Disp. Estruturais'!O30 -> 202.36 | H51: 78.23 | I51: =ROUND((H51*$L$6),2) -> 18.8 | J51: =H51+I51 -> 97.03 | K51: =ROUND((G51*J51),2) -> 19634.99 | L51: =K51/$K$178 -> 0.010175926
B52: 92828 | C52: =IF(G52>0,C51+0.01,C51) -> 3.08 | D52: Assentamento de tubo de concreto para redes coletoras de águas pluviais, diâmetro de 1.000mm, junta rígida, instalado em local com alto nível de interferência (não inclui fornecimento) | F52: m | G52: ='Dre-Disp. Estruturais'!O31 -> 10 | H52: 101.13 | I52: =ROUND((H52*$L$6),2) -> 24.3 | J52: =H52+I52 -> 125.43 | K52: =ROUND((G52*J52),2) -> 1254.3 | L52: =K52/$K$178 -> 0.00065004686
D54: TRANSPORTE DE TUBOS
B55: 100947 | C55: =IF(G55>0,C52+0.01,C52) -> 3.09 | D55: Transporte com caminhão carroceria 9T, em via urbana pavimentada, adicional para DMT até 30km - TUBOS | E55: ='Dre-Disp. Estruturais'!E38 -> 30 | F55: t.km | G55: ='Dre-Disp. Estruturais'!O38 -> 8942.4 | H55: 2.18 | I55: =ROUND((H55*$L$6),2) -> 0.52 | J55: =H55+I55 -> 2.7 | K55: =ROUND((G55*J55),2) -> 24144.48 | L55: =K55/$K$178 -> 0.01251299
B56: 100948 | C56: =IF(G56>0,C55+0.01,C55) -> 3.1 | D56: Transporte com caminhão carroceria 9T, em via urbana pavimentada, adicional para DMT excedente a 30km - TUBOS | E56: ='Dre-Disp. Estruturais'!E39 -> 430 | F56: t.km | G56: ='Dre-Disp. Estruturais'!O39 -> 128174.4 | H56: 0.87 | I56: =ROUND((H56*$L$6),2) -> 0.21 | J56: =H56+I56 -> 1.08 | K56: =ROUND((G56*J56),2) -> 138428.35 | L56: =K56/$K$178 -> 0.071741142
D58: POÇO DE VISITA
B59: ='DR-05 - Comp. PV-1'!B11 -> DR-05 | C59: =IF(G59>0,C56+0.01,C56) -> 3.11 | D59: ='DR-05 - Comp. PV-1'!$C$11 -> PV-1 - Poço de visita em alvenaria, 2,32m x 2,32m, em alvenaria de tijolo comum de 1 vez assentadae revestida internamente com argamassa de cimento e areia 1:3, lastro de brita 12cm, berço 18cm em concreto fck = 15MPa, laje de 12cm em concreto armado fck = 20MPa, incluindo forma, escavação manual e reaterro apiloado, conforme projeto tipo, exclusive pescoço e tampão | F59: ='DR-05 - Comp. PV-1'!$G$11 -> un. | G59: ='Dre-Disp. Estruturais'!O45 -> 5 | H59: ='DR-05 - Comp. PV-1'!$I$52 -> 4952.66 | I59: =ROUND((H59*$L$6),2) -> 1190.12 | J59: =H59+I59 -> 6142.78 | K59: =ROUND((G59*J59),2) -> 30713.9 | L59: =K59/$K$178 -> 0.015917623
B60: 100978 | C60: =IF(G60>0,C59+0.01,C59) -> 3.12 | D60: Carga, manobra e descarga de solos e materiais granulares em caminhão basculante 10m³, carga com escavadeira hidráulica (caçamba de 1,20m³ / 155HP) e descarga livre | F60: m³ | G60: ='Dre-Disp. Estruturais'!O49 -> 12.5 | H60: 6.8 | I60: =ROUND((H60*$L$6),2) -> 1.63 | J60: =H60+I60 -> 8.43 | K60: =ROUND((G60*J60),2) -> 105.38 | L60: =K60/$K$178 -> 5.4613679e-05
B61: 95875 | C61: =IF(G61>0,C60+0.01,C60) -> 3.13 | D61: Transporte com caminhão basculante de 10m³, em via urbana pavimentada, DMT até 30km - BRITA PARA POÇO DE VISITA | E61: ='Dre-Disp. Estruturais'!E50 -> 30 | F61: m³.km | G61: ='Dre-Disp. Estruturais'!O50 -> 375 | H61: 2.43 | I61: =ROUND((H61*$L$6),2) -> 0.58 | J61: =H61+I61 -> 3.01 | K61: =ROUND((G61*J61),2) -> 1128.75 | L61: =K61/$K$178 -> 0.00058497998
B62: 93590 | C62: =IF(G62>0,C61+0.01,C61) -> 3.14 | D62: Transporte com caminhão basculante de 10m³, em via urbana pavimentada, adicional para DMT excedente a 30km - BRITA PARA POÇO DE VISITA | E62: ='Dre-Disp. Estruturais'!E51 -> 19 | F62: m³.km | G62: ='Dre-Disp. Estruturais'!O51 -> 237.5 | H62: 0.95 | I62: =ROUND((H62*$L$6),2) -> 0.23 | J62: =H62+I62 -> 1.18 | K62: =ROUND((G62*J62),2) -> 280.25 | L62: =K62/$K$178 -> 0.00014524088
E64: =CONCATENATE("SUBTOTAL ",C40) -> SUBTOTAL 3 | K64: =SUM(K40:K63) -> 443857.12 | L64: =SUM(L40:L63) -> 0.23003104
C66: 4 | D66: DRENAGEM DE ÁGUAS PLUVIAIS - DISPOSITIVOS ESTRUTURAIS 02
D68: CHAMINÉ E TAMPÃO
B69: 98051 | C69: =IF(G69>0,C66+0.01,C66) -> 4.01 | D69: Chaminé circular para poço de visita para esgoto, em alvenaria com tijolos cerâmicos maciços, diâmetro interno = 0,60m | F69: m | G69: ='Dre-Disp. Estruturais'!O52 -> 5 | H69: 971.57 | I69: =ROUND((H69*$L$6),2) -> 233.47 | J69: =H69+I69 -> 1205.04 | K69: =ROUND((G69*J69),2) -> 6025.2 | L69: =K69/$K$178 -> 0.0031225882
B70: 98114 | C70: =IF(G70>0,C69+0.01,C69) -> 4.02 | D70: Tampa circular para esgoto e drenagem, em ferro fundido, diâmetro interno = 0,60m | F70: un. | G70: ='Dre-Disp. Estruturais'!O53 -> 5 | H70: 684.18 | I70: =ROUND((H70*$L$6),2) -> 164.41 | J70: =H70+I70 -> 848.59 | K70: =ROUND((G70*J70),1) -> 4243 | L70: =K70/$K$178 -> 0.0021989547
D72: BOCA DE LOBO
B73: ='DR-17 - Comp. BLSC'!$B$11 -> DR-17 | C73: =IF(G73>0,C70+0.01,C70) -> 4.03 | D73: ='DR-17 - Comp. BLSC'!$C$11 -> BLSC - Boca de lobo simples, em concreto simples fck = 20MPa, incluindo forma, escavação, calçamento ao redor e grelha em FºFº tipo pesada, conforme projeto tipo | F73: ='DR-17 - Comp. BLSC'!$G$11 -> un. | G73: ='Dre-Disp. Estruturais'!O56 -> 42 | H73: ='DR-17 - Comp. BLSC'!$I$49 -> 1490.54 | I73: =ROUND((H73*$L$6),2) -> 358.18 | J73: =H73+I73 -> 1848.72 | K73: =ROUND((G73*J73),1) -> 77646.2 | L73: =K73/$K$178 -> 0.040240507
B74: 100978 | C74: =IF(G74>0,C73+0.01,C73) -> 4.04 | D74: Carga, manobra e descarga de solos e materiais granulares em caminhão basculante 10m³, carga com escavadeira hidráulica (caçamba de 1,20m³ / 155HP) e descarga livre | F74: m³ | G74: ='Dre-Disp. Estruturais'!O58 -> 17.96 | H74: 6.8 | I74: =ROUND((H74*$L$6),2) -> 1.63 | J74: =H74+I74 -> 8.43 | K74: =ROUND((G74*J74),2) -> 151.4 | L74: =K74/$K$178 -> 7.846376e-05
B75: 95875 | C75: =IF(G75>0,C74+0.01,C74) -> 4.05 | D75: Transporte com caminhão basculante de 10m³, em via urbana pavimentada, DMT até 30km - BRITA PARA BOCA DE LOBO | E75: ='Dre-Disp. Estruturais'!E59 -> 30 | F75: m³.km | G75: ='Dre-Disp. Estruturais'!O59 -> 538.8 | H75: 2.43 | I75: =ROUND((H75*$L$6),2) -> 0.58 | J75: =H75+I75 -> 3.01 | K75: =ROUND((G75*J75),2) -> 1621.79 | L75: =K75/$K$178 -> 0.00084050028
B76: 93590 | C76: =IF(G76>0,C75+0.01,C75) -> 4.06 | D76: Transporte com caminhão basculante de 10m³, em via urbana pavimentada, adicional para DMT excedente a 30km - BRITA PARA BOCA DE LOBO | E76: ='Dre-Disp. Estruturais'!E60 -> 19 | F76: m³.km | G76: ='Dre-Disp. Estruturais'!O60 -> 341.24 | H76: 0.95 | I76: =ROUND((H76*$L$6),2) -> 0.23 | J76: =H76+I76 -> 1.18 | K76: =ROUND((G76*J76),1) -> 402.7 | L76: =K76/$K$178 -> 0.00020870116
E78: =CONCATENATE("SUBTOTAL ",C66) -> SUBTOTAL 4 | K78: =SUM(K66:K77) -> 90090.29 | L78: =SUM(L66:L77) -> 0.046689716
C80: 5 | D80: IMPLANTAÇÃO ASFÁLTICA - TERRAPLENAGEM - VIÁRIO
D82: CORTE COMPENSADO
B83: 101115 | C83: =IF(G83>0,C80+0.01,C80) -> 5.01 | D83: Escavação horizontal em solo de 1ª categoria, com trator de esteiras (150HP / lâmina: 3,18m³) | F83: m³ | G83: ='Pav-Terrapl'!P20 -> 2513.22 | H83: 3.61 | I83: =ROUND((H83*$L$6),2) -> 0.87 | J83: =H83+I83 -> 4.48 | K83: =ROUND((G83*J83),2) -> 11259.23 | L83: =K83/$K$178 -> 0.0058351488
B84: 100978 | C84: =IF(G84>0,C83+0.01,C83) -> 5.02 | D84: Carga, manobra e descarga de solos e materiais granulares em caminhão basculante 10m³, carga com escavadeira hidráulica (caçamba de 1,20m³ / 155HP) e descarga livre | F84: m³ | G84: ='Pav-Terrapl'!P21 -> 3267.14 | H84: 6.8 | I84: =ROUND((H84*$L$6),2) -> 1.63 | J84: =H84+I84 -> 8.43 | K84: =ROUND((G84*J84),2) -> 27541.99 | L84: =K84/$K$178 -> 0.014273766
B85: 95875 | C85: =IF(G85>0,C84+0.01,C84) -> 5.03 | D85: Transporte com caminhão basculante de 10m³, em via urbana pavimentada, DMT até 30km - BOTA FORA | E85: ='Pav-Terrapl'!$E$22 -> 6.4 | F85: m³.km | G85: ='Pav-Terrapl'!P22 -> 20909.67 | H85: 2.43 | I85: =ROUND((H85*$L$6),2) -> 0.58 | J85: =H85+I85 -> 3.01 | K85: =ROUND((G85*J85),2) -> 62938.11 | L85: =K85/$K$178 -> 0.032617971
B86: 100574 | C86: =IF(G86>0,C85+0.01,C85) -> 5.04 | D86: Espalhamento de material com trator esteiras | F86: m³ | G86: ='Pav-Terrapl'!P23 -> 3267.14 | H86: 1.35 | I86: =ROUND((H86*$L$6),2) -> 0.32 | J86: =H86+I86 -> 1.67 | K86: =ROUND((G86*J86),2) -> 5456.12 | L86: =K86/$K$178 -> 0.0028276598
E88: =CONCATENATE("SUBTOTAL ",C80) -> SUBTOTAL 5 | K88: =SUM(K80:K87) -> 107195.45 | L88: =SUM(L80:L87) -> 0.055554545
C90: 6 | D90: IMPLANTAÇÃO ASFÁLTICA - PAVIMENTAÇÃO
D92: REGULARIZAÇÃO
B93: 100576 | C93: =IF(G93>0,C90+0.01,C90) -> 6.01 | D93: Regularização e compactação de subleito de solo predominantemente argiloso | F93: m² | G93: ='Pav-Pavimento'!Q21 -> 8493.09 | H93: 2.02 | I93: =ROUND((H93*$L$6),2) -> 0.49 | J93: =H93+I93 -> 2.51 | K93: =ROUND((G93*J93),2) -> 21317.66 | L93: =K93/$K$178 -> 0.011047977
D95: EXECUÇÃO DA BASE
B96: 96388 | C96: =IF(G96>0,C93+0.01,C93) -> 6.02 | D96: Execução e compactação de base e ou sub base para pavimentação de solos de comportamento laterítico (arenoso), exclusive solo, escavação, carga e transporte - CASCALHO | F96: m³ | G96: ='Pav-Pavimento'!Q25 -> 1261.67 | H96: 8.91 | I96: =ROUND((H96*$L$6),2) -> 2.14 | J96: =H96+I96 -> 11.05 | K96: =ROUND((G96*J96),2) -> 13941.45 | L96: =K96/$K$178 -> 0.0072252219
D98: ESCAVAÇÃO DA BASE
B99: 101114 | C99: =IF(G99>0,C96+0.01,C96) -> 6.03 | D99: Escavação horizontal em solo de 1ª categoria, com trator de esteiras (100HP / lâmina: 2,19m³) | F99: m³ | G99: ='Pav-Pavimento'!Q26 -> 1261.67 | H99: 4.29 | I99: =ROUND((H99*$L$6),2) -> 1.03 | J99: =H99+I99 -> 5.32 | K99: =ROUND((G99*J99),1) -> 6712.1 | L99: =K99/$K$178 -> 0.0034785773
D101: AQUISIÇÃO DA BASE
B102: MIUC00703 - AGESUL | C102: =IF(G102>0,C99+0.01,C99) -> 6.04 | D102: Cascalho em cava | F102: m³ | G102: ='Pav-Pavimento'!Q27 -> 1261.67 | H102: 55.96 | I102: =ROUND((H102*$L$6),2) -> 13.45 | J102: =H102+I102 -> 69.41 | K102: =ROUND((G102*J102),2) -> 87572.51 | L102: =K102/$K$178 -> 0.045384864
D104: TRANSPORTE DA BASE
B105: 95875 | C105: =IF(G105>0,C102+0.01,C102) -> 6.05 | D105: Transporte com caminhão basculante de 10m³, em via urbana pavimentada, DMT até 30km - CASCALHO | E105: ='Pav-Pavimento'!$F$28 -> 11.5 | F105: m³.km | G105: ='Pav-Pavimento'!Q28 -> 18861.93 | H105: 2.43 | I105: =ROUND((H105*$L$6),2) -> 0.58 | J105: =H105+I105 -> 3.01 | K105: =ROUND((G105*J105),2) -> 56774.41 | L105: =K105/$K$178 -> 0.029423604
D107: IMPRIMAÇÃO
B108: ='IM-01 - Comp. Imprimação'!$B$11 -> IM-01 | C108: =IF(G108>0,C105+0.01,C105) -> 6.06 | D108: ='IM-01 - Comp. Imprimação'!$C$11 -> Execução de imprimação com emulsão asfáltica a base d'água, exclusive material betuminoso | F108: ='IM-01 - Comp. Imprimação'!$G$11 -> m² | G108: ='Pav-Pavimento'!Q30 -> 7643.45 | H108: ='IM-01 - Comp. Imprimação'!$I$43 -> 0.65 | I108: =ROUND((H108*$L$6),2) -> 0.16 | J108: =H108+I108 -> 0.81 | K108: =ROUND((G108*J108),2) -> 6191.19 | L108: =K108/$K$178 -> 0.0032086133
B109: IUP0007 - AGESUL | C109: =IF(G109>0,C108+0.01,C108) -> 6.07 | D109: Emulsão asfáltica a base d'água para imprimação | F109: t | G109: ='Pav-Pavimento'!Q32 -> 9.89 | H109: 4205 | I109: =ROUND((H109*$L$6),2) -> 1010.46 | J109: =H109+I109 -> 5215.46 | K109: =ROUND((G109*J109),2) -> 51580.9 | L109: =K109/$K$178 -> 0.026732043
B110: 102332 | C110: =IF(G110>0,C109+0.01,C109) -> 6.08 | D110: Transporte com caminhão tanque de transporte de material asfáltico de 20.000L, em via urbana pavimentada, DMT até 30km - CM-IMPRIMA | E110: ='Pav-Pavimento'!$F$33 -> 30 | F110: t.km | G110: ='Pav-Pavimento'!Q33 -> 296.7 | H110: 1.83 | I110: =ROUND((H110*$L$6),2) -> 0.44 | J110: =H110+I110 -> 2.27 | K110: =ROUND((G110*J110),2) -> 673.51 | L110: =K110/$K$178 -> 0.00034904972
B111: 102333 | C111: =IF(G111>0,C110+0.01,C110) -> 6.09 | D111: Transporte com caminhão tanque de transporte de material asfáltico de 20.000L, em via urbana pavimentada, adicional para DMT excedente a 30km - CM-IMPRIMA | E111: ='Pav-Pavimento'!$F$34 -> 457 | F111: t.km | G111: ='Pav-Pavimento'!Q34 -> 4519.73 | H111: 0.73 | I111: =ROUND((H111*$L$6),2) -> 0.18 | J111: =H111+I111 -> 0.91 | K111: =ROUND((G111*J111),2) -> 4112.95 | L111: =K111/$K$178 -> 0.0021315556
D113: CBUQ
B114: 95995 | C114: =IF(G114>0,C111+0.01,C111) -> 6.1 | D114: Execução de pavimento com aplicação de concreto asfáltico, camada de rolamento - Exclusive cargas e transporte | F114: m³ | G114: ='Pav-Pavimento'!Q37 -> 229.27 | H114: 1700.24 | I114: =ROUND((H114*$L$6),2) -> 408.57 | J114: =H114+I114 -> 2108.81 | K114: =ROUND((G114*J114),2) -> 483486.87 | L114: =K114/$K$178 -> 0.25056934
B115: 100974 | C115: =IF(G115>0,C114+0.01,C114) -> 6.11 | D115: Carga, manobra e descarga de solos e materiais granulares em caminhão basculante 10m³, carga com pá carregadeira (caçamba de 1,70m³ a 2,80m³/ 128HP) e descarga livre | F115: m³ | G115: ='Pav-Pavimento'!Q38 -> 229.27 | H115: 8.4 | I115: =ROUND((H115*$L$6),2) -> 2.02 | J115: =H115+I115 -> 10.42 | K115: =ROUND((G115*J115),2) -> 2388.99 | L115: =K115/$K$178 -> 0.0012381053
B116: 95875 | C116: =IF(G116>0,C115+0.01,C115) -> 6.12 | D116: Transporte com caminhão basculante de 10m³, em via urbana pavimentada, DMT até 30km - CBUQ | E116: ='Pav-Pavimento'!$F$39 -> 30 | F116: m³.km | G116: ='Pav-Pavimento'!Q39 -> 6878.1 | H116: 2.43 | I116: =ROUND((H116*$L$6),2) -> 0.58 | J116: =H116+I116 -> 3.01 | K116: =ROUND((G116*J116),1) -> 20703.1 | L116: =K116/$K$178 -> 0.010729479
B117: 93590 | C117: =IF(G117>0,C116+0.01,C116) -> 6.13 | D117: Transporte com caminhão basculante de 10m³, em via urbana pavimentada, adicional para DMT excedente a 30km - CBUQ | E117: ='Pav-Pavimento'!$F$40 -> 19.5 | F117: m³.km | G117: ='Pav-Pavimento'!Q40 -> 4470.73 | H117: 0.95 | I117: =ROUND((H117*$L$6),2) -> 0.23 | J117: =H117+I117 -> 1.18 | K117: =ROUND((G117*J117),2) -> 5275.46 | L117: =K117/$K$178 -> 0.0027340319
E119: =CONCATENATE("SUBTOTAL ",C90) -> SUBTOTAL 6 | K119: =SUM(K90:K118) -> 760731.1 | L119: =SUM(L90:L118) -> 0.39425246
C121: 7 | D121: SERVIÇOS COMPLEMENTARES
D123: MEIO FIO E TENTO
B124: ='SC-01 - Comp. MF com Sarj'!$B$11 -> SC-01 | C124: =IF(G124>0,C121+0.01,C121) -> 7.01 | D124: ='SC-01 - Comp. MF com Sarj'!$C$11 -> Meio fio com sarjeta, concreto fck = 15MPa, seção 615cm², moldado no local, inclusive escavação e pintura a cal em uma demão | F124: ='SC-01 - Comp. MF com Sarj'!$G$11 -> m | G124: ='Serv. Complementares'!P10 -> 1253.66 | H124: ='SC-01 - Comp. MF com Sarj'!$I$46 -> 66.02 | I124: =ROUND((H124*$L$6),2) -> 15.86 | J124: =H124+I124 -> 81.88 | K124: =ROUND((G124*J124),2) -> 102649.68 | L124: =K124/$K$178 -> 0.053198678
B125: ='SC-04 - Comp. Tento'!$B$11 -> SC-04 | C125: =IF(G125>0,C124+0.01,C124) -> 7.02 | D125: ='SC-04 - Comp. Tento'!$C$11 -> Tento (acabamento de limpa rodas) em concreto, seção 330cm², moldado no local, inclusive escavação | F125: ='SC-04 - Comp. Tento'!$G$11 -> m | G125: ='Serv. Complementares'!P12 -> 85.2 | H125: ='SC-04 - Comp. Tento'!$I$45 -> 36.93 | I125: =ROUND((H125*$L$6),2) -> 8.87 | J125: =H125+I125 -> 45.8 | K125: =ROUND((G125*J125),2) -> 3902.16 | L125: =K125/$K$178 -> 0.0020223127
B126: 100978 | C126: =IF(G126>0,C125+0.01,C125) -> 7.03 | D126: Carga, manobra e descarga de solos e materiais granulares em caminhão basculante 10m³, carga com escavadeira hidráulica (caçamba de 1,20m³ / 155HP) e descarga livre | F126: m³ | G126: ='Serv. Complementares'!P15 -> 46.25 | H126: 6.8 | I126: =ROUND((H126*$L$6),2) -> 1.63 | J126: =H126+I126 -> 8.43 | K126: =ROUND((G126*J126),2) -> 389.89 | L126: =K126/$K$178 -> 0.00020206232
B127: 95875 | C127: =IF(G127>0,C126+0.01,C126) -> 7.04 | D127: Transporte com caminhão basculante de 10m³, em via urbana pavimentada, DMT até 30km - BRITA PARA MEIO FIO E TENTO | E127: ='Serv. Complementares'!$E$16 -> 30 | F127: m³.km | G127: ='Serv. Complementares'!P16 -> 1387.5 | H127: 2.43 | I127: =ROUND((H127*$L$6),2) -> 0.58 | J127: =H127+I127 -> 3.01 | K127: =ROUND((G127*J127),2) -> 4176.38 | L127: =K127/$K$178 -> 0.0021644285
B128: 93590 | C128: =IF(G128>0,C127+0.01,C127) -> 7.05 | D128: Transporte com caminhão basculante de 10m³, em via urbana pavimentada, adicional para DMT excedente a 30km - BRITA PARA MEIO FIO E TENTO | E128: ='Serv. Complementares'!$E$17 -> 19 | F128: m³.km | G128: ='Serv. Complementares'!P17 -> 878.75 | H128: 0.95 | I128: =ROUND((H128*$L$6),2) -> 0.23 | J128: =H128+I128 -> 1.18 | K128: =ROUND((G128*J128),2) -> 1036.93 | L128: =K128/$K$178 -> 0.00053739384
E130: =CONCATENATE("SUBTOTAL ",C121) -> SUBTOTAL 7 | K130: =SUM(K121:K129) -> 112155.04 | L130: =SUM(L121:L129) -> 0.058124876
C132: 8 | D132: PASSEIO COM ACESSIBILIDADE
D134: REGULARIZAÇÃO
B135: ='AC-01 - Comp. Prep. Manual'!$B$11 -> AC-01 | C135: =IF(G135>0,C132+0.01,C132) -> 8.01 | D135: Preparo Manual de terrreno sem raspagem superficial | F135: ='AC-01 - Comp. Prep. Manual'!$G$11 -> m² | G135: ='Passeio com Acessibilidade'!P10 -> 1319.92 | H135: ='AC-01 - Comp. Prep. Manual'!$I$40 -> 8.38 | I135: =ROUND((H135*$L$6),2) -> 2.01 | J135: =H135+I135 -> 10.39 | K135: =ROUND((G135*J135),2) -> 13713.97 | L135: =K135/$K$178 -> 0.0071073293
D137: CALÇADAS
B138: 94990 | C138: =IF(G138>0,C135+0.01,C135) -> 8.02 | D138: Execução de passeio (calçada) ou piso de concreto com concreto moldado in loco, feito em obra, acabamento convencional, não armado | F138: m³ | G138: ='Passeio com Acessibilidade'!P16 -> 65.31 | H138: 747.73 | I138: =ROUND((H138*$L$6),2) -> 179.68 | J138: =H138+I138 -> 927.41 | K138: =ROUND((G138*J138),2) -> 60569.15 | L138: =K138/$K$178 -> 0.031390246
...

Sheet BDI SERVIÇO
C2: VERIFICAÇÃO DO BDI - ACÓRDÃO 2.622/2013
C5: DADOS INICIAIS
C7: TIPO DE OBRA: | D7: Construção de rodovias e ferrovias
C9: ENQUADRAMENTO NA DESONERAÇÃO CONFORME LEI N° 12.844/2013:* | G9: NÃO | L9: =IF(G9="","PREENCHER SE A OBRA POSSUI FOLHA DE PAGAMENTO DESONERADA","")
C10: *Uso de encargos sociais desonerados na elaboração do orçamento
C12: ENQUADRAM-SE NO TIPO SELECIONADO:
C13: =VLOOKUP(BV295,BW257:BX262,2,0) -> A construção e recuperação de: auto-estradas, rodovias e outras vias não-urbanas para passagem de veículos, vias férreas de superfície ou subterrâneas (inclusive para metropolitanos), pistas de aeroportos. Esta classe compreende também: a pavimentação de auto-estradas, rodovias e outras vias não-urbanas; construção de pontes, viadutos e túneis; a instalação de barreiras acústicas; a construção de praças de pedágio; a sinalização com pintura em rodovias e aeroportos; a instalação de placas de sinalização de tráfego e semelhantes, conforme classificação 4211-1 do CNAE 2.0. Também enquadram-se a construção, pavimentação e sinalização de vias urbanas, ruas e locais para estacionamento de veículos; a construção de praças e calçadas para pedestres; elevados, passarelas e ciclovias; metrô e VLT.
C15: CÁLCULO DOS IMPOSTOS
C17: TIPO DE TRIBUTAÇÃO SOBRE O LUCRO: | F17: LUCRO PRESUMIDO | L17: =IF(F17="LUCRO REAL","PARA CÁLCULO DO IMPOSTO PREENCHER O % ADOTADO DE LUCRO NO CÁLCULO DO BDI - CELULA F40","")
C19: Imposto | D19: Aliquota | E19: Base de cálculo
C20: PIS | D20: =VLOOKUP($F$17,$CF$266:$CI$267,2,0) -> 0.0065 | E20: =VLOOKUP(F17,CF266:CI267,4,0) -> RECEITA BRUTA (VALOR DA NOTA)
C21: COFINS | D21: =VLOOKUP($F$17,$CF$266:$CI$267,3,0) -> 0.03
C23: ISS BRUTO % (LEI MUNICIPAL): | E23: % INCIDÊNCIA (M.OBRA)*
C24: 0.05 | E24: 0.4
E25: ,
C26: ISS LÍQUIDO | D26: =+C24*E24 -> 0.02
E28: TOTAL IMPOSTOS | G28: =VLOOKUP(F17,CF266:CJ267,5,0) -> 0.0565
C30: *Incidência do total do contrato que representa mão de obra para compor a base de cálculo conf. legislação municipal.
C34: VERIFICAÇÃO E CÁLCULO DO BDI
C36: ITEM COMPONENTE | D36: 1º QUARTIL | E36: MÉDIO | F36: 3º QUARTIL | G36: Adotado | J36: Cálculo arredondado
C37: Administração Central | D37: =BW296 -> 0.038 | E37: =BX296 -> 0.0401 | F37: =BY296 -> 0.0467 | G37: 0.0467 | J37: =TRUNC(G37,4) -> 0.0467
C38: Seguro e Garantia | D38: =BW297 -> 0.0032 | E38: =BX297 -> 0.004 | F38: =BY297 -> 0.0074 | G38: 0.0074 | J38: =TRUNC(G38,4) -> 0.0074
C39: Risco | D39: =BW298 -> 0.005 | E39: =BX298 -> 0.0056 | F39: =BY298 -> 0.0097 | G39: 0.0097 | J39: =TRUNC(G39,4) -> 0.0097
C40: Despesas Financeiras | D40: =BW299 -> 0.0102 | E40: =BX299 -> 0.0111 | F40: =BY299 -> 0.0121 | G40: 0.0121 | J40: =TRUNC(G40,4) -> 0.0121
C41: Lucro | D41: =BW300 -> 0.0664 | E41: =BX300 -> 0.073 | F41: =BY300 -> 0.0869 | G41: 0.0869 | J41: =TRUNC(G41,4) -> 0.0869
C43: Impostos | G43: =G28 -> 0.0565 | J43: =TRUNC(G43,5) -> 0.0565
C50: BDI CALCULADO | F50: =TRUNC((((1+J37+J38+J39)*(1+J40)*(1+J41))/(1-J43))-1,4) -> 0.2403
C52: =IF(F50<D54,"ERRO - BDI INFERIOR AO 1º QUARTIL",IF(F50>F54,"ERRO - BDI SUPERIOR AO 3º QUARTIL",""))
D53: 1º QUARTIL | E53: MÉDIO | F53: 3º QUARTIL
C54: LIMITES DO BDI | D54: =BW295 -> 0.196 | E54: =BX295 -> 0.2097 | F54: =BY295 -> 0.2423
C56: CORREÇÃO DA DESONERAÇÃO
C58: BDI CALCULADO C/ DESONERAÇÃO (USO DE E.S. DESONERADOS): | F58: =TRUNC((((1+J37+J38+J39)*(1+J40)*(1+J41))/(1-J60))-1,4) -> 0.3024
C60: INSS SOBRE A RECEITA BRUTA: | D60: 0.045 | E60: TOTAL IMPOSTOS | G60: =+G28+D60 -> 0.1015 | J60: =TRUNC(G60,5) -> 0.1015
B65: ________________________________________________________
B66: SOSURB - SECRETÁRIA DE OBRAS E SERVIÇOS URBANOS
BU255: BANCO DE DADOS
BV256: TIPO DE OBRA | BW256: CÓDIGO | BX256: ENQUARAMENTO
BU257: 100 | BV257: Construção de edificios | BW257: =+BU257 -> 100 | BX257: A construção e reforma de: edifícios, unidades habitacionais, escolas, hospitais, hotéis, restaurantes, armazéns e depósitos, edifícios para uso agropecuário, estações para trens e metropolitanos, estádios esportivos e quadras cobertas, instalações para embarque e desembarque de passageiros (em aeroportos, rodoviárias, portos, etc.), penitenciárias e presídios, a construção de edifícios industriais (fábricas, oficinas, galpões industriais, etc.), conforme classificação 4120-4 do CNAE 2.0. Também enquadram-se pórticos, mirantes e outros edifícios de finalidade turística.
BU258: 200 | BV258: Construção de rodovias e ferrovias | BW258: =+BU258 -> 200 | BX258: A construção e recuperação de: auto-estradas, rodovias e outras vias não-urbanas para passagem de veículos, vias férreas de superfície ou subterrâneas (inclusive para metropolitanos), pistas de aeroportos. Esta classe compreende também: a pavimentação de auto-estradas, rodovias e outras vias não-urbanas; construção de pontes, viadutos e túneis; a instalação de barreiras acústicas; a construção de praças de pedágio; a sinalização com pintura em rodovias e aeroportos; a instalação de placas de sinalização de tráfego e semelhantes, conforme classificação 4211-1 do CNAE 2.0. Também enquadram-se a construção, pavimentação e sinalização de vias urbanas, ruas e locais para estacionamento de veículos; a construção de praças e calçadas para pedestres; elevados, passarelas e ciclovias; metrô e VLT.
BU259: 300 | BV259: Construção de Redes de Abastecimento de Água, Coleta de Esgoto e Construções Correlatas | BW259: =+BU259 -> 300 | BX259: A construção de sistemas para o abastecimento de água tratada: reservatórios de distribuição, estações elevatórias de bombeamento, linhas principais de adução de longa e média distância e redes de distribuição de água; a construção de redes de coleta de esgoto, inclusive de interceptores, estações de tratamento de esgoto (ETE), estações de bombeamento de esgoto (EBE); a construção de galerias pluviais (obras de micro e macro drenagem). Esta classe compreende também: as obras de irrigação (canais); a manutenção de redes de abastecimento de água tratada; a manutenção de redes de coleta e de sistemas de tratamento de esgoto, conforme classificação 4222-7 do CNAE 2.0. Enquadra-se ainda a construção de estações de tratamento de água (ETA).
BU260: 400 | BV260: Construção e Manutenção de Estações e Redes de Distribuição de Energia Elétrica | BW260: =+BU260 -> 400 | BX260: A construção de usinas, estações e subestações hidrelétricas, eólicas, nucleares, termoelétricas; a construção de redes de transmissão e distribuição de energia elétrica, inclusive o serviço de eletrificação rural. Esta subclasse compreende também: a construção de redes de eletrificação para ferrovias e metropolitano, conforme classificação 4221-9/02 do CNAE 2.0. Compreende ainda: a manutenção de redes de distribuição de energia elétrica, quando executada por empresa não-produtora ou distribuidora de energia elétrica, conforme classificação 4221-9/03 do CNAE 2.0. Enquadram-se também obras de iluminação pública e a construção de barragens e represas para geração de energia elétrica.
BU261: 500 | BV261: Portuárias, Marítimas e Fluviais | BW261: =+BU261 -> 500 | BX261: As obras marítimas e fluviais, tais como, construção de instalações portuárias; construção de portos e marinas; construção de eclusas e canais de navegação (vias navegáveis); enrocamentos; obras de dragagem; aterro hidráulico; barragens, represas e diques, exceto para energia elétrica; a construção de emissários submarinos; a instalação de cabos submarinos, conforme classificação 4291-0 do CNAE 2.0. Enquadram-se também a construção de piers e outras obras com influência direta de cursos d’água.
BU262: 600 | BV262: Fornecimento de Materiais e Equipamentos | BW262: =+BU262 -> 600 | BX262: O fornecimento de materiais e equipamentos relevantes de natureza específica, como é o caso de: materiais betuminosos para obras rodoviárias,tubos de ferro fundido ou PVC para obras de abastecimento de água,elevadores e escadas rolantes para obras aeroportuárias. Os materiais e equipamentos devem compor itens próprios na planilha orçamentária, apartados de sua instalação, assentamento ou produção, p. ex., conjunto motor-bomba, tubulação de ferro fundido e material betuminoso, respectivamente. A adoção de taxa de BDI reduzida somente se justifica no caso de ficarem satisfeitas cumulativamente as seguintes condições: fornecimento de materiais e equipamentos que possam ser contratados diretamente do fabricante ou de fornecedor com especialidade própria e diversa da contratada principal;que se constitua mera intermediação entre a construtora e o fabricante; que a intermediação para fornecimento de equipamentos seja atividade residual da construtora.
CG265: PIS | CH265: CONFINS | CI265: BASE DE CÁLCULO
CF266: LUCRO PRESUMIDO | CG266: 0.0065 | CH266: 0.03 | CI266: RECEITA BRUTA (VALOR DA NOTA) | CJ266: =(D20+D21)+D26 -> 0.0565
CF267: LUCRO REAL | CG267: 0.0165 | CH267: 0.076 | CI267: LUCRO | CJ267: =(D20+D21)*(G41/(1+G41))+D26 -> 0.022918254
CE271: =BU257 -> 100 | CF271: =BV257 -> Construção de edificios
CE272: =+CE271+1 -> 101 | CF272: Administração Central | CG272: 0.03 | CH272: 0.04 | CI272: 0.055
CE273: =+CE272+1 -> 102 | CF273: Seguro e Garantia | CG273: 0.008 | CH273: 0.008 | CI273: 0.01
CE274: =+CE273+1 -> 103 | CF274: Risco | CG274: 0.0097 | CH274: 0.0127 | CI274: 0.0127
CE275: =+CE274+1 -> 104 | CF275: Despesas Financeiras | CG275: 0.0059 | CH275: 0.0123 | CI275: 0.0139
CE276: =+CE275+1 -> 105 | CF276: Lucro | CG276: 0.0616 | CH276: 0.074 | CI276: 0.0896
CE279: =BU258 -> 200 | CF279: =BV258 -> Construção de rodovias e ferrovias
CE280: =+CE279+1 -> 201 | CF280: Administração Central | CG280: 0.038 | CH280: 0.0401 | CI280: 0.0467
CE281: =+CE280+1 -> 202 | CF281: Seguro e Garantia | CG281: 0.0032 | CH281: 0.004 | CI281: 0.0074
CE282: =+CE281+1 -> 203 | CF282: Risco | CG282: 0.005 | CH282: 0.0056 | CI282: 0.0097
CE283: =+CE282+1 -> 204 | CF283: Despesas Financeiras | CG283: 0.0102 | CH283: 0.0111 | CI283: 0.0121
CE284: =+CE283+1 -> 205 | CF284: Lucro | CG284: 0.0664 | CH284: 0.073 | CI284: 0.0869
CE287: =BU259 -> 300 | CF287: =BV259 -> Construção de Redes de Abastecimento de Água, Coleta de Esgoto e Construções Correlatas
CE288: =+CE287+1 -> 301 | CF288: Administração Central | CG288: 0.0343 | CH288: 0.0493 | CI288: 0.0671
CE289: =+CE288+1 -> 302 | CF289: Seguro e Garantia | CG289: 0.0028 | CH289: 0.0049 | CI289: 0.0075
CE290: =+CE289+1 -> 303 | CF290: Risco | CG290: 0.01 | CH290: 0.0139 | CI290: 0.0174
CE291: =+CE290+1 -> 304 | CF291: Despesas Financeiras | CG291: 0.0094 | CH291: 0.0099 | CI291: 0.0117
CE292: =+CE291+1 -> 305 | CF292: Lucro | CG292: 0.0674 | CH292: 0.0804 | CI292: 0.094
BV294: Código da pesquisa | BW294: 1º Quartil | BX294: Médio | BY294: 3º Quartil | CE294: =BU260 -> 400 | CF294: =BV260 -> Construção e Manutenção de Estações e Redes de Distribuição de Energia Elétrica
BU295: BDI | BV295: =VLOOKUP(D7,BV257:BW262,2,0) -> 200 | BW295: =VLOOKUP($BV295,$BU$306:$BY$311,3,0) -> 0.196 | BX295: =VLOOKUP($BV295,$BU$306:$BY$311,4,0) -> 0.2097 | BY295: =VLOOKUP($BV295,$BU$306:$BY$311,5,0) -> 0.2423 | CE295: =+CE294+1 -> 401 | CF295: Administração Central | CG295: 0.0529 | CH295: 0.0592 | CI295: 0.0793
BU296: Administração Central | BV296: =+BV295+1 -> 201 | BW296: =VLOOKUP($BV296,$CE$271:$CI$312,3,0) -> 0.038 | BX296: =VLOOKUP($BV296,$CE$271:$CI$312,4,0) -> 0.0401 | BY296: =VLOOKUP($BV296,$CE$271:$CI$312,5,0) -> 0.0467 | CE296: =+CE295+1 -> 402 | CF296: Seguro e Garantia | CG296: 0.0025 | CH296: 0.0051 | CI296: 0.0056
BU297: Seguro e Garantia | BV297: =+BV296+1 -> 202 | BW297: =VLOOKUP($BV297,$CE$271:$CI$312,3,0) -> 0.0032 | BX297: =VLOOKUP($BV297,$CE$271:$CI$312,4,0) -> 0.004 | BY297: =VLOOKUP($BV297,$CE$271:$CI$312,5,0) -> 0.0074 | CE297: =+CE296+1 -> 403 | CF297: Risco | CG297: 0.01 | CH297: 0.0148 | CI297: 0.0197
BU298: Risco | BV298: =+BV297+1 -> 203 | BW298: =VLOOKUP($BV298,$CE$271:$CI$312,3,0) -> 0.005 | BX298: =VLOOKUP($BV298,$CE$271:$CI$312,4,0) -> 0.0056 | BY298: =VLOOKUP($BV298,$CE$271:$CI$312,5,0) -> 0.0097 | CE298: =+CE297+1 -> 404 | CF298: Despesas Financeiras | CG298: 0.0101 | CH298: 0.0107 | CI298: 0.0111
BU299: Despesas Financeiras | BV299: =+BV298+1 -> 204 | BW299: =VLOOKUP($BV299,$CE$271:$CI$312,3,0) -> 0.0102 | BX299: =VLOOKUP($BV299,$CE$271:$CI$312,4,0) -> 0.0111 | BY299: =VLOOKUP($BV299,$CE$271:$CI$312,5,0) -> 0.0121 | CE299: =+CE298+1 -> 405 | CF299: Lucro | CG299: 0.08 | CH299: 0.0831 | CI299: 0.0951
BU300: Lucro | BV300: =+BV299+1 -> 205 | BW300: =VLOOKUP($BV300,$CE$271:$CI$312,3,0) -> 0.0664 | BX300: =VLOOKUP($BV300,$CE$271:$CI$312,4,0) -> 0.073 | BY300: =VLOOKUP($BV300,$CE$271:$CI$312,5,0) -> 0.0869 | CE300: =BU261 -> 500 | CF300: =BV261 -> Portuárias, Marítimas e Fluviais
CE301: =+CE300+1 -> 501 | CF301: Administração Central | CG301: 0.04 | CH301: 0.0552 | CI301: 0.0785
CE302: =+CE301+1 -> 502 | CF302: Seguro e Garantia | CG302: 0.0081 | CH302: 0.0122 | CI302: 0.0199
CE303: =+CE302+1 -> 503 | CF303: Risco | CG303: 0.0146 | CH303: 0.0232 | CI303: 0.0316
CE304: =+CE303+1 -> 504 | CF304: Despesas Financeiras | CG304: 0.0094 | CH304: 0.0102 | CI304: 0.0133
BW305: 1 Quartil | BX305: Médio | BY305: 3 Quartil | CE305: =+CE304+1 -> 505 | CF305: Lucro | CG305: 0.0714 | CH305: 0.084 | CI305: 0.1043
BU306: =BU257 -> 100 | BV306: =VLOOKUP(BU306,BU257:BV262,2,0) -> Construção de edificios | BW306: 0.2034 | BX306: 0.2212 | BY306: 0.25
BU307: 200 | BV307: =VLOOKUP(BU307,BU258:BV263,2,0) -> Construção de rodovias e ferrovias | BW307: 0.196 | BX307: 0.2097 | BY307: 0.2423 | CE307: =BU262 -> 600 | CF307: =BV262 -> Fornecimento de Materiais e Equipamentos
BU308: =BU259 -> 300 | BV308: =VLOOKUP(BU308,BU259:BV264,2,0) -> Construção de Redes de Abastecimento de Água, Coleta de Esgoto e Construções Correlatas | BW308: 0.2076 | BX308: 0.2418 | BY308: 0.2644 | CE308: =+CE307+1 -> 601 | CF308: Administração Central | CG308: 0.015 | CH308: 0.0345 | CI308: 0.0449
BU309: 400 | BV309: =VLOOKUP(BU309,BU260:BV265,2,0) -> Construção e Manutenção de Estações e Redes de Distribuição de Energia Elétrica | BW309: 0.24 | BX309: 0.2584 | BY309: 0.2786 | CE309: =+CE308+1 -> 602 | CF309: Seguro e Garantia | CG309: 0.003 | CH309: 0.0048 | CI309: 0.0082
BU310: 500 | BV310: =VLOOKUP(BU310,BU261:BV266,2,0) -> Portuárias, Marítimas e Fluviais | BW310: 0.228 | BX310: 0.2748 | BY310: 0.3095 | CE310: =+CE309+1 -> 603 | CF310: Risco | CG310: 0.0056 | CH310: 0.0085 | CI310: 0.0089
BU311: 600 | BV311: =VLOOKUP(BU311,BU262:BV267,2,0) -> Fornecimento de Materiais e Equipamentos | BW311: 0.111 | BX311: 0.1402 | BY311: 0.168 | CE311: =+CE310+1 -> 604 | CF311: Despesas Financeiras | CG311: 0.0085 | CH311: 0.0085 | CI311: 0.0111
CE312: =+CE311+1 -> 605 | CF312: Lucro | CG312: 0.035 | CH312: 0.0511 | CI312: 0.0622

Sheet Tabela Resumo
B2: =DADOS!$B$3 -> CLIENTE: | C2: =DADOS!$C$3 -> PREFEITURA MUNICIPAL DE APARECIDA DO TABOADO / MS
B3: =DADOS!$B$4 -> ENDEREÇO: | C3: =DADOS!$C$4 -> RUA ELIAS TOLENTINO DE ALMEIDA, Nº 4.098 - JD. SÃO BENTO
B5: =DADOS!$B$7 -> OBRA: | C5: =DADOS!$C$7 -> PAVIMENTAÇÃO ASFÁLTICA E DRENAGEM DE ÁGUAS PLUVIAIS
B6: =DADOS!$B$8 -> LOCAL: | C6: =DADOS!$C$8 -> DIVERSAS RUAS NO BAIRRO PRIMAVERA, APARECIDA DO TABOADO / MS
B8: ITEM | D8: SERVIÇO | E8: VALOR | F8: %
B10: TABELA RESUMO | C10: =Orçamento!C182 -> 1 | D10: =Orçamento!D182 -> SERVIÇOS PRELIMINARES | E10: =Orçamento!K182 -> 11783.48 | F10: =Orçamento!L182 -> 0.0061068438 | H10: 0
C11: =Orçamento!C183 -> 2 | D11: =Orçamento!D183 -> DRENAGEM DE ÁGUAS PLUVIAIS - TERRAPLENAGEM | E11: =Orçamento!K183 -> 165403.1 | F11: =Orçamento!L183 -> 0.085720933 | H11: 0
C12: =Orçamento!C184 -> 3 | D12: =Orçamento!D184 -> DRENAGEM DE ÁGUAS PLUVIAIS - DISPOSITIVOS ESTRUTURAIS 01 | E12: =Orçamento!K184 -> 443857.12 | F12: =Orçamento!L184 -> 0.23003104 | H12: -0.01
C13: =Orçamento!C185 -> 4 | D13: =Orçamento!D185 -> DRENAGEM DE ÁGUAS PLUVIAIS - DISPOSITIVOS ESTRUTURAIS 02 | E13: =Orçamento!K185 -> 90090.29 | F13: =Orçamento!L185 -> 0.046689716 | H13: -0.02
C14: =Orçamento!C186 -> 5 | D14: =Orçamento!D186 -> IMPLANTAÇÃO ASFÁLTICA - TERRAPLENAGEM - VIÁRIO | E14: =Orçamento!K186 -> 107195.45 | F14: =Orçamento!L186 -> 0.055554545 | H14: 0.01
C15: =Orçamento!C187 -> 6 | D15: =Orçamento!D187 -> IMPLANTAÇÃO ASFÁLTICA - PAVIMENTAÇÃO | E15: =Orçamento!K187 -> 760731.1 | F15: =Orçamento!L187 -> 0.39425246 | H15: 0
C16: =Orçamento!C188 -> 7 | D16: =Orçamento!D188 -> SERVIÇOS COMPLEMENTARES | E16: =Orçamento!K188 -> 112155.04 | F16: =Orçamento!L188 -> 0.058124876 | H16: -0.1
C17: =Orçamento!C189 -> 8 | D17: =Orçamento!D189 -> PASSEIO COM ACESSIBILIDADE | E17: =Orçamento!K189 -> 129036.32 | F17: =Orçamento!L189 -> 0.066873678 | H17: -0.01
C18: =Orçamento!C190 -> 9 | D18: =Orçamento!D190 -> SINALIZAÇÃO VIÁRIA | E18: =Orçamento!K190 -> 21681.361 | F18: =Orçamento!L190 -> 0.011236467 | H18: 0.01
C19: =Orçamento!C191 -> 10 | D19: =Orçamento!D191 -> ADMINISTRAÇÃO LOCAL | E19: =Orçamento!K191 -> 87619.94 | F19: =Orçamento!L191 -> 0.045409445 | H19: -0.01
B21: VALOR GERAL | E21: =SUM(E9:E20) -> 1929553.2 | F21: =SUM(F9:F20) -> 1

Sheet Cronograma
B2: =DADOS!$B$3 -> CLIENTE: | C2: =DADOS!$C$3 -> PREFEITURA MUNICIPAL DE APARECIDA DO TABOADO / MS
B3: =DADOS!$B$4 -> ENDEREÇO: | C3: =DADOS!$C$4 -> RUA ELIAS TOLENTINO DE ALMEIDA, Nº 4.098 - JD. SÃO BENTO
B5: =DADOS!$B$7 -> OBRA: | C5: =DADOS!$C$7 -> PAVIMENTAÇÃO ASFÁLTICA E DRENAGEM DE ÁGUAS PLUVIAIS
B6: =DADOS!$B$8 -> LOCAL: | C6: =DADOS!$C$8 -> DIVERSAS RUAS NO BAIRRO PRIMAVERA, APARECIDA DO TABOADO / MS
B8: ITEM | D8: SERVIÇO | E8: PESO (%) | F8: PREÇO TOTAL | G8: MÊS 01 | J8: MÊS 02 | M8: MÊS 03
G9: CONCEDENTE | H9: PROPONENTE | I9: % | J9: CONCEDENTE | K9: PROPONENTE | L9: % | M9: CONCEDENTE | N9: PROPONENTE | O9: %
B11: CRONOGRAMA FÍSICO FINANCEIRO | C11: ='Tabela Resumo'!C10 -> 1 | D11: ='Tabela Resumo'!D10 -> SERVIÇOS PRELIMINARES | E11: ='Tabela Resumo'!F10 -> 0.0061068438 | F11: ='Tabela Resumo'!E10 -> 11783.48 | G11: =I11*$E$67*$F$11 -> 11666.781 | H11: =I11*$F$67*$F$11 -> 116.6991 | I11: 1 | J11: =L11*$E$67*$F$11 -> 0 | K11: =L11*$F$67*$F$11 -> 0 | M11: =O11*$E$67*$F$11 -> 0 | N11: =O11*$F$67*$F$11 -> 0 | R11: =I11+L11+I28+L28+I45+L45+O11+O28+O45 -> 1
C12: ='Tabela Resumo'!C11 -> 2 | D12: ='Tabela Resumo'!D11 -> DRENAGEM DE ÁGUAS PLUVIAIS - TERRAPLENAGEM | E12: ='Tabela Resumo'!F11 -> 0.085720933 | F12: ='Tabela Resumo'!E11 -> 165403.1 | G12: =I12*$E$67*$F$12 -> 163765.01 | H12: =I12*$F$67*$F$12 -> 1638.0894 | I12: 1 | J12: =L12*$E$67*$F$12 -> 0 | K12: =L12*$F$67*$F$12 -> 0 | M12: =O12*$E$67*$F$12 -> 0 | N12: =O12*$F$67*$F$12 -> 0 | R12: =I12+L12+I29+L29+I46+L46+O12+O29+O46 -> 1
C13: ='Tabela Resumo'!C12 -> 3 | D13: ='Tabela Resumo'!D12 -> DRENAGEM DE ÁGUAS PLUVIAIS - DISPOSITIVOS ESTRUTURAIS 01 | E13: ='Tabela Resumo'!F12 -> 0.23003104 | F13: ='Tabela Resumo'!E12 -> 443857.12 | G13: =I13*$E$67*$F$13 -> 0 | H13: =I13*$F$67*$F$13 -> 0 | J13: =L13*$E$67*$F$13 -> 198636.52 | K13: =L13*$F$67*$F$13 -> 1986.898 | L13: 0.452 | M13: =O13*$E$67*$F$13 -> 240824.81 | N13: =O13*$F$67*$F$13 -> 2408.894 | O13: 0.548 | R13: =I13+L13+I30+L30+I47+L47+O13+O30+O47 -> 1
C14: ='Tabela Resumo'!C13 -> 4 | D14: ='Tabela Resumo'!D13 -> DRENAGEM DE ÁGUAS PLUVIAIS - DISPOSITIVOS ESTRUTURAIS 02 | E14: ='Tabela Resumo'!F13 -> 0.046689716 | F14: ='Tabela Resumo'!E13 -> 90090.29 | G14: =I14*$E$67*$F$14 -> 0 | H14: =I14*$F$67*$F$14 -> 0 | J14: =L14*$E$67*$F$14 -> 0 | K14: =L14*$F$67*$F$14 -> 0 | M14: =O14*$E$67*$F$14 -> 0 | N14: =O14*$F$67*$F$14 -> 0 | R14: =I14+L14+I31+L31+I48+L48+O14+O31+O48 -> 1
C15: ='Tabela Resumo'!C14 -> 5 | D15: ='Tabela Resumo'!D14 -> IMPLANTAÇÃO ASFÁLTICA - TERRAPLENAGEM - VIÁRIO | E15: ='Tabela Resumo'!F14 -> 0.055554545 | F15: ='Tabela Resumo'!E14 -> 107195.45 | G15: =I15*$E$67*$F$15 -> 0 | H15: =I15*$F$67*$F$15 -> 0 | J15: =L15*$E$67*$F$15 -> 0 | K15: =L15*$F$67*$F$15 -> 0 | M15: =O15*$E$67*$F$15 -> 0 | N15: =O15*$F$67*$F$15 -> 0 | R15: =I15+L15+I32+L32+I49+L49+O15+O32+O49 -> 1
C16: ='Tabela Resumo'!C15 -> 6 | D16: ='Tabela Resumo'!D15 -> IMPLANTAÇÃO ASFÁLTICA - PAVIMENTAÇÃO | E16: ='Tabela Resumo'!F15 -> 0.39425246 | F16: ='Tabela Resumo'!E15 -> 760731.1 | G16: =I16*$E$67*$F$16 -> 0 | H16: =I16*$F$67*$F$16 -> 0 | J16: =L16*$E$67*$F$16 -> 0 | K16: =L16*$F$67*$F$16 -> 0 | M16: =O16*$E$67*$F$16 -> 0 | N16: =O16*$F$67*$F$16 -> 0 | R16: =I16+L16+I33+L33+I50+L50+O16+O33+O50 -> 1
C17: ='Tabela Resumo'!C16 -> 7 | D17: ='Tabela Resumo'!D16 -> SERVIÇOS COMPLEMENTARES | E17: ='Tabela Resumo'!F16 -> 0.058124876 | F17: ='Tabela Resumo'!E16 -> 112155.04 | G17: =I17*$E$67*$F$17 -> 0 | H17: =I17*$F$67*$F$17 -> 0 | J17: =L17*$E$67*$F$17 -> 0 | K17: =L17*$F$67*$F$17 -> 0 | M17: =O17*$E$67*$F$17 -> 0 | N17: =O17*$F$67*$F$17 -> 0 | R17: =I17+L17+I34+L34+I51+L51+O17+O34+O51 -> 1
C18: ='Tabela Resumo'!C17 -> 8 | D18: ='Tabela Resumo'!D17 -> PASSEIO COM ACESSIBILIDADE | E18: ='Tabela Resumo'!F17 -> 0.066873678 | F18: ='Tabela Resumo'!E17 -> 129036.32 | G18: =I18*$E$67*$F$18 -> 0 | H18: =I18*$F$67*$F$18 -> 0 | J18: =L18*$E$67*$F$18 -> 0 | K18: =L18*$F$67*$F$18 -> 0 | M18: =O18*$E$67*$F$18 -> 0 | N18: =O18*$F$67*$F$18 -> 0 | R18: =I18+L18+I35+L35+I52+L52+O18+O35+O52 -> 1
C19: ='Tabela Resumo'!C18 -> 9 | D19: ='Tabela Resumo'!D18 -> SINALIZAÇÃO VIÁRIA | E19: ='Tabela Resumo'!F18 -> 0.011236467 | F19: ='Tabela Resumo'!E18 -> 21681.361 | G19: =I19*$E$67*$F$19 -> 0 | H19: =I19*$F$67*$F$19 -> 0 | J19: =L19*$E$67*$F$19 -> 0 | K19: =L19*$F$67*$F$19 -> 0 | M19: =O19*$E$67*$F$19 -> 0 | N19: =O19*$F$67*$F$19 -> 0 | R19: =I19+L19+I36+L36+I53+L53+O19+O36+O53 -> 1
C20: ='Tabela Resumo'!C19 -> 10 | D20: ='Tabela Resumo'!D19 -> ADMINISTRAÇÃO LOCAL | E20: ='Tabela Resumo'!F19 -> 0.045409445 | F20: ='Tabela Resumo'!E19 -> 87619.94 | G20: =I20*$E$67*$F$20 -> 9638.1678 | H20: =I20*$F$67*$F$20 -> 96.40753 | I20: 0.1111 | J20: =L20*$E$67*$F$20 -> 9638.1678 | K20: =L20*$F$67*$F$20 -> 96.40753 | L20: 0.1111 | M20: =O20*$E$67*$F$20 -> 9638.1678 | N20: =O20*$F$67*$F$20 -> 96.40753 | O20: 0.1111 | R20: =I20+L20+I37+L37+I54+L54+O20+O37+O54 -> 1
B22: TOTAL MENSAL | E22: =SUM(E10:E21) -> 1 | F22: =SUM(F10:F21) -> 1929553.2 | G22: =SUM(G10:G21) -> 185069.96 | H22: =SUM(H10:H21) -> 1851.196 | I22: =(G22+H22)/$F$22 -> 0.096872766 | J22: =SUM(J10:J21) -> 208274.69 | K22: =SUM(K10:K21) -> 2083.3055 | L22: =(J22+K22)/$F$22 -> 0.10901902 | M22: =SUM(M10:M21) -> 250462.98 | N22: =SUM(N10:N21) -> 2505.3015 | O22: =(M22+N22)/$F$22 -> 0.131102
B23: TOTAL MENSAL ACUMULADO | G23: =G22 -> 185069.96 | H23: =H22 -> 1851.196 | I23: =I22 -> 0.096872766 | J23: =J22+G23 -> 393344.65 | K23: =K22+H23 -> 3934.5015 | L23: =L22+I23 -> 0.20589178 | M23: =M22+J23 -> 643807.62 | N23: =N22+K23 -> 6439.8031 | O23: =O22+L23 -> 0.33699378
B25: ITEM | D25: SERVIÇO | E25: PESO (%) | F25: PREÇO TOTAL | G25: MÊS 04 | J25: MÊS 05 | M25: MÊS 06
G26: CONCEDENTE | H26: PROPONENTE | I26: % | J26: CONCEDENTE | K26: PROPONENTE | L26: % | M26: CONCEDENTE | N26: PROPONENTE | O26: %
B28: CRONOGRAMA FÍSICO FINANCEIRO | C28: ='Tabela Resumo'!C10 -> 1 | D28: ='Tabela Resumo'!D10 -> SERVIÇOS PRELIMINARES | E28: ='Tabela Resumo'!F10 -> 0.0061068438 | F28: ='Tabela Resumo'!E10 -> 11783.48 | G28: =I28*$E$67*$F$28 -> 0 | H28: =I28*$F$67*$F$28 -> 0 | J28: =L28*$E$67*$F$28 -> 0 | K28: =L28*$F$67*$F$28 -> 0 | M28: =O28*$E$67*$F$28 -> 0 | N28: =O28*$F$67*$F$28 -> 0 | R28: =R11 -> 1
C29: ='Tabela Resumo'!C11 -> 2 | D29: ='Tabela Resumo'!D11 -> DRENAGEM DE ÁGUAS PLUVIAIS - TERRAPLENAGEM | E29: ='Tabela Resumo'!F11 -> 0.085720933 | F29: ='Tabela Resumo'!E11 -> 165403.1 | G29: =I29*$E$67*$F$29 -> 0 | H29: =I29*$F$67*$F$29 -> 0 | J29: =L29*$E$67*$F$29 -> 0 | K29: =L29*$F$67*$F$29 -> 0 | M29: =O29*$E$67*$F$29 -> 0 | N29: =O29*$F$67*$F$29 -> 0 | R29: =R12 -> 1
C30: ='Tabela Resumo'!C12 -> 3 | D30: ='Tabela Resumo'!D12 -> DRENAGEM DE ÁGUAS PLUVIAIS - DISPOSITIVOS ESTRUTURAIS 01 | E30: ='Tabela Resumo'!F12 -> 0.23003104 | F30: ='Tabela Resumo'!E12 -> 443857.12 | G30: =I30*$E$67*$F$30 -> 0 | H30: =I30*$F$67*$F$30 -> 0 | J30: =L30*$E$67*$F$30 -> 0 | K30: =L30*$F$67*$F$30 -> 0 | M30: =O30*$E$67*$F$30 -> 0 | N30: =O30*$F$67*$F$30 -> 0 | R30: =R13 -> 1
C31: ='Tabela Resumo'!C13 -> 4 | D31: ='Tabela Resumo'!D13 -> DRENAGEM DE ÁGUAS PLUVIAIS - DISPOSITIVOS ESTRUTURAIS 02 | E31: ='Tabela Resumo'!F13 -> 0.046689716 | F31: ='Tabela Resumo'!E13 -> 90090.29 | G31: =I31*$E$67*$F$31 -> 0 | H31: =I31*$F$67*$F$30 -> 0 | J31: =L31*$E$67*$F$31 -> 0 | K31: =L31*$F$67*$F$30 -> 0 | M31: =O31*$E$67*$F$31 -> 0 | N31: =O31*$F$67*$F$30 -> 0 | R31: =R14 -> 1
C32: ='Tabela Resumo'!C14 -> 5 | D32: ='Tabela Resumo'!D14 -> IMPLANTAÇÃO ASFÁLTICA - TERRAPLENAGEM - VIÁRIO | E32: ='Tabela Resumo'!F14 -> 0.055554545 | F32: ='Tabela Resumo'!E14 -> 107195.45 | G32: =I32*$E$67*$F$32 -> 84418.846 | H32: =I32*$F$67*$F$32 -> 844.41489 | I32: 0.7954 | J32: =L32*$E$67*$F$32 -> 21714.981 | K32: =L32*$F$67*$F$32 -> 217.20805 | L32: 0.2046 | M32: =O32*$E$67*$F$32 -> 0 | N32: =O32*$F$67*$F$32 -> 0 | R32: =R15 -> 1
C33: ='Tabela Resumo'!C15 -> 6 | D33: ='Tabela Resumo'!D15 -> IMPLANTAÇÃO ASFÁLTICA - PAVIMENTAÇÃO | E33: ='Tabela Resumo'!F15 -> 0.39425246 | F33: ='Tabela Resumo'!E15 -> 760731.1 | G33: =I33*$E$67*$F$33 -> 142052.97 | H33: =I33*$F$67*$F$33 -> 1420.9108 | I33: 0.1886 | J33: =L33*$E$67*$F$33 -> 194701.45 | K33: =L33*$F$67*$F$33 -> 1947.5368 | L33: 0.2585 | M33: =O33*$E$67*$F$33 -> 208936.88 | N33: =O33*$F$67*$F$33 -> 2089.9292 | O33: 0.2774 | R33: =R16 -> 1
C34: ='Tabela Resumo'!C16 -> 7 | D34: ='Tabela Resumo'!D16 -> SERVIÇOS COMPLEMENTARES | E34: ='Tabela Resumo'!F16 -> 0.058124876 | F34: ='Tabela Resumo'!E16 -> 112155.04 | G34: =I34*$E$67*$F$34 -> 0 | H34: =I34*$F$67*$F$34 -> 0 | J34: =L34*$E$67*$F$34 -> 0 | K34: =L34*$F$67*$F$34 -> 0 | M34: =O34*$E$67*$F$34 -> 0 | N34: =O34*$F$67*$F$34 -> 0 | R34: =R17 -> 1
C35: ='Tabela Resumo'!C17 -> 8 | D35: ='Tabela Resumo'!D17 -> PASSEIO COM ACESSIBILIDADE | E35: ='Tabela Resumo'!F17 -> 0.066873678 | F35: ='Tabela Resumo'!E17 -> 129036.32 | G35: =I35*$E$67*$F$35 -> 0 | H35: =I35*$F$67*$F$35 -> 0 | J35: =L35*$E$67*$F$35 -> 0 | K35: =L35*$F$67*$F$35 -> 0 | M35: =O35*$E$67*$F$35 -> 0 | N35: =O35*$F$67*$F$35 -> 0 | R35: =R18 -> 1
C36: ='Tabela Resumo'!C18 -> 9 | D36: ='Tabela Resumo'!D18 -> SINALIZAÇÃO VIÁRIA | E36: ='Tabela Resumo'!F18 -> 0.011236467 | F36: ='Tabela Resumo'!E18 -> 21681.361 | G36: =I36*$E$67*$F$36 -> 0 | H36: =I36*$F$67*$F$36 -> 0 | J36: =L36*$E$67*$F$36 -> 0 | K36: =L36*$F$67*$F$36 -> 0 | M36: =O36*$E$67*$F$36 -> 0 | N36: =O36*$F$67*$F$36 -> 0 | R36: =R19 -> 1
C37: ='Tabela Resumo'!C19 -> 10 | D37: ='Tabela Resumo'!D19 -> ADMINISTRAÇÃO LOCAL | E37: ='Tabela Resumo'!F19 -> 0.045409445 | F37: ='Tabela Resumo'!E19 -> 87619.94 | G37: =I37*$E$67*$F$37 -> 9638.1678 | H37: =I37*$F$67*$F$37 -> 96.40753 | I37: 0.1111 | J37: =L37*$E$67*$F$37 -> 9638.1678 | K37: =L37*$F$67*$F$37 -> 96.40753 | L37: 0.1111 | M37: =O37*$E$67*$F$37 -> 9638.1678 | N37: =O37*$F$67*$F$37 -> 96.40753 | O37: 0.1111 | R37: =R20 -> 1
B39: TOTAL MENSAL | E39: =SUM(E27:E38) -> 1 | F39: =SUM(F27:F38) -> 1929553.2 | G39: =SUM(G27:G38) -> 236109.99 | H39: =SUM(H27:H38) -> 2361.7332 | I39: =(G39+H39)/$F$39 -> 0.12358909 | J39: =SUM(J27:J38) -> 226054.6 | K39: =SUM(K27:K38) -> 2261.1523 | L39: =(J39+K39)/$F$39 -> 0.11832571 | M39: =SUM(M27:M38) -> 218575.05 | N39: =SUM(N27:N38) -> 2186.3367 | O39: =(M39+N39)/$F$39 -> 0.11441062
B40: TOTAL MENSAL ACUMULADO | G40: =G39+M23 -> 879917.61 | H40: =H39+N23 -> 8801.5362 | I40: =I39+O23 -> 0.46058287 | J40: =J39+G40 -> 1105972.2 | K40: =K39+H40 -> 11062.689 | L40: =L39+I40 -> 0.57890858 | M40: =M39+J40 -> 1324547.3 | N40: =N39+K40 -> 13249.025 | O40: =O39+L40 -> 0.6933192
B42: ITEM | D42: SERVIÇO | E42: PESO (%) | F42: PREÇO TOTAL | G42: MÊS 07 | J42: MÊS 08 | M42: MÊS 09
G43: CONCEDENTE | H43: PROPONENTE | I43: % | J43: CONCEDENTE | K43: PROPONENTE | L43: % | M43: CONCEDENTE | N43: PROPONENTE | O43: %
B45: CRONOGRAMA FÍSICO FINANCEIRO | C45: ='Tabela Resumo'!C10 -> 1 | D45: ='Tabela Resumo'!D10 -> SERVIÇOS PRELIMINARES | E45: ='Tabela Resumo'!F10 -> 0.0061068438 | F45: ='Tabela Resumo'!E10 -> 11783.48 | G45: =I45*$E$67*$F$45 -> 0 | H45: =I45*$F$67*$F$45 -> 0 | J45: =L45*$E$67*$F$45 -> 0 | K45: =L45*$F$67*$F$45 -> 0 | M45: =O45*$E$67*$F$45 -> 0 | N45: =O45*$F$67*$F$45 -> 0 | R45: =R28 -> 1
C46: ='Tabela Resumo'!C11 -> 2 | D46: ='Tabela Resumo'!D11 -> DRENAGEM DE ÁGUAS PLUVIAIS - TERRAPLENAGEM | E46: ='Tabela Resumo'!F11 -> 0.085720933 | F46: ='Tabela Resumo'!E11 -> 165403.1 | G46: =I46*$E$67*$F$46 -> 0 | H46: =I46*$F$67*$F$46 -> 0 | J46: =L46*$E$67*$F$46 -> 0 | K46: =L46*$F$67*$F$46 -> 0 | M46: =O46*$E$67*$F$46 -> 0 | N46: =O46*$F$67*$F$46 -> 0 | R46: =R29 -> 1
C47: ='Tabela Resumo'!C12 -> 3 | D47: ='Tabela Resumo'!D12 -> DRENAGEM DE ÁGUAS PLUVIAIS - DISPOSITIVOS ESTRUTURAIS 01 | E47: ='Tabela Resumo'!F12 -> 0.23003104 | F47: ='Tabela Resumo'!E12 -> 443857.12 | G47: =I47*$E$67*$F$47 -> 0 | H47: =I47*$F$67*$F$47 -> 0 | J47: =L47*$E$67*$F$47 -> 0 | K47: =L47*$F$67*$F$47 -> 0 | M47: =O47*$E$67*$F$47 -> 0 | N47: =O47*$F$67*$F$47 -> 0 | R47: =R30 -> 1
C48: ='Tabela Resumo'!C13 -> 4 | D48: ='Tabela Resumo'!D13 -> DRENAGEM DE ÁGUAS PLUVIAIS - DISPOSITIVOS ESTRUTURAIS 02 | E48: ='Tabela Resumo'!F13 -> 0.046689716 | F48: ='Tabela Resumo'!E13 -> 90090.29 | G48: =I48*$E$67*$F$48 -> 0 | H48: =I48*$F$67*$F$48 -> 0 | J48: =L48*$E$67*$F$48 -> 0 | K48: =L48*$F$67*$F$48 -> 0 | M48: =O48*$E$67*$F$48 -> 89198.07 | N48: =O48*$F$67*$F$48 -> 892.21995 | O48: 1 | R48: =R31 -> 1
C49: ='Tabela Resumo'!C14 -> 5 | D49: ='Tabela Resumo'!D14 -> IMPLANTAÇÃO ASFÁLTICA - TERRAPLENAGEM - VIÁRIO | E49: ='Tabela Resumo'!F14 -> 0.055554545 | F49: ='Tabela Resumo'!E14 -> 107195.45 | G49: =I49*$E$67*$F$49 -> 0 | H49: =I49*$F$67*$F$49 -> 0 | J49: =L49*$E$67*$F$49 -> 0 | K49: =L49*$F$67*$F$49 -> 0 | M49: =O49*$E$67*$F$49 -> 0 | N49: =O49*$F$67*$F$49 -> 0 | R49: =R32 -> 1
C50: ='Tabela Resumo'!C15 -> 6 | D50: ='Tabela Resumo'!D15 -> IMPLANTAÇÃO ASFÁLTICA - PAVIMENTAÇÃO | E50: ='Tabela Resumo'!F15 -> 0.39425246 | F50: ='Tabela Resumo'!E15 -> 760731.1 | G50: =I50*$E$67*$F$50 -> 207505.8 | H50: =I50*$F$67*$F$50 -> 2075.6146 | I50: 0.2755 | J50: =L50*$E$67*$F$50 -> 0 | K50: =L50*$F$67*$F$50 -> 0 | M50: =O50*$E$67*$F$50 -> 0 | N50: =O50*$F$67*$F$50 -> 0 | R50: =R33 -> 1
C51: ='Tabela Resumo'!C16 -> 7 | D51: ='Tabela Resumo'!D16 -> SERVIÇOS COMPLEMENTARES | E51: ='Tabela Resumo'!F16 -> 0.058124876 | F51: ='Tabela Resumo'!E16 -> 112155.04 | G51: =I51*$E$67*$F$51 -> 0 | H51: =I51*$F$67*$F$51 -> 0 | J51: =L51*$E$67*$F$51 -> 111044.3 | K51: =L51*$F$67*$F$51 -> 1110.7408 | L51: 1 | M51: =O51*$E$67*$F$51 -> 0 | N51: =O51*$F$67*$F$51 -> 0 | R51: =R34 -> 1
C52: ='Tabela Resumo'!C17 -> 8 | D52: ='Tabela Resumo'!D17 -> PASSEIO COM ACESSIBILIDADE | E52: ='Tabela Resumo'!F17 -> 0.066873678 | F52: ='Tabela Resumo'!E17 -> 129036.32 | G52: =I52*$E$67*$F$52 -> 0 | H52: =I52*$F$67*$F$52 -> 0 | J52: =L52*$E$67*$F$52 -> 65999.986 | K52: =L52*$F$67*$F$52 -> 660.17689 | L52: 0.5166 | M52: =O52*$E$67*$F$52 -> 61758.407 | N52: =O52*$F$67*$F$52 -> 617.74972 | O52: 0.4834 | R52: =R35 -> 1
C53: ='Tabela Resumo'!C18 -> 9 | D53: ='Tabela Resumo'!D18 -> SINALIZAÇÃO VIÁRIA | E53: ='Tabela Resumo'!F18 -> 0.011236467 | F53: ='Tabela Resumo'!E18 -> 21681.361 | G53: =I53*$E$67*$F$53 -> 0 | H53: =I53*$F$67*$F$53 -> 0 | J53: =L53*$E$67*$F$53 -> 0 | K53: =L53*$F$67*$F$53 -> 0 | M53: =O53*$E$67*$F$53 -> 21466.637 | N53: =O53*$F$67*$F$53 -> 214.72394 | O53: 1 | R53: =R36 -> 1
C54: ='Tabela Resumo'!C19 -> 10 | D54: ='Tabela Resumo'!D19 -> ADMINISTRAÇÃO LOCAL | E54: ='Tabela Resumo'!F19 -> 0.045409445 | F54: ='Tabela Resumo'!E19 -> 87619.94 | G54: =I54*$E$67*$F$54 -> 9638.1678 | H54: =I54*$F$67*$F$54 -> 96.40753 | I54: 0.1111 | J54: =L54*$E$67*$F$54 -> 9638.1678 | K54: =L54*$F$67*$F$54 -> 96.40753 | L54: 0.1111 | M54: =O54*$E$67*$F$54 -> 9646.843 | N54: =O54*$F$67*$F$54 -> 96.494305 | O54: 0.1112 | R54: =R37 -> 1
B56: TOTAL MENSAL | E56: =SUM(E44:E55) -> 1 | F56: =SUM(F44:F55) -> 1929553.2 | G56: =SUM(G44:G55) -> 217143.97 | H56: =SUM(H44:H55) -> 2172.0221 | I56: =(G56+H56)/$F$56 -> 0.11366154 | J56: =SUM(J44:J55) -> 186682.45 | K56: =SUM(K44:K55) -> 1867.3253 | L56: =(J56+K56)/$F$56 -> 0.097716807 | M56: =SUM(M44:M55) -> 182069.96 | N56: =SUM(N44:N55) -> 1821.1879 | O56: =(M56+N56)/$F$56 -> 0.095302449
B57: TOTAL MENSAL ACUMULADO | G57: =G56+M40 -> 1541691.2 | H57: =H56+N40 -> 15421.047 | I57: =I56+O40 -> 0.80698074 | J57: =J56+G57 -> 1728373.7 | K57: =K56+H57 -> 17288.373 | L57: =L56+I57 -> 0.90469755 | M57: =M56+J57 -> 1910443.6 | N57: =N56+K57 -> 19109.561 | O57: =O56+L57 -> 1
E65: CONC | F65: PROP
E66: 1910443.6 | F66: =F22-E66 -> 19109.561 | H66: 1912356
E67: =E66/$F$22 -> 0.99009638 | F67: =1-E67 -> 0.0099036194

Sheet Serv. Preliminares
B2: =DADOS!$B$3 -> CLIENTE: | C2: =DADOS!$C$3 -> PREFEITURA MUNICIPAL DE APARECIDA DO TABOADO / MS
B3: =DADOS!$B$4 -> ENDEREÇO: | C3: =DADOS!$C$4 -> RUA ELIAS TOLENTINO DE ALMEIDA, Nº 4.098 - JD. SÃO BENTO
B5: =DADOS!$B$7 -> OBRA: | C5: =DADOS!$C$7 -> PAVIMENTAÇÃO ASFÁLTICA E DRENAGEM DE ÁGUAS PLUVIAIS
B6: =DADOS!$B$8 -> LOCAL: | C6: =DADOS!$C$8 -> DIVERSAS RUAS NO BAIRRO PRIMAVERA, APARECIDA DO TABOADO / MS
B8: ITEM | G8: DRENAGEM DE ÁGUAS PLUVIAIS | H8: PAVIMENTAÇÃO ASFÁLTICA | J8: TOTAL
B10: MEMÓRIA DE CÁLCULO DE SERVIÇOS PRELIMINARES | C10: EXTENSÃO (m) | G10: ='Dre-Terraplenagem'!Q10 -> 1010.8 | H10: ='Pav-Terrapl'!P10 -> 816.96 | J10: =SUM(F10:I10) -> 1827.76
C11: PLACA DE OBRA (m²) | D11: QUANTIDADE (un) | E11: 1 | G11: =TRUNC((E11*E12*E13),2) -> 8 | J11: =SUM(F11:I13) -> 8
D12: COMPRIMENTO (m) | E12: 4
D13: LARGURA (m) | E13: 2
C14: LOCAÇÃO DE CONTAINER (mês) | G14: =Orçamento!$P$170 -> 9 | J14: =SUM(F14:I14) -> 9

Sheet Dre-Dim
B1: CLIENTE: | C1: PREFEITURA MUNICIPAL DE APARECIDA DO TABOADO / MS | AA1: EQUAÇÃO DE CHUVA
B2: ENDEREÇO: | C2: RUA ELIAS TOLENTINO DE ALMEIDA, Nº 4.098 - JD. SÃO BENTO | AA2: I = a.TR ^ b / (tc + c) ^ d
K3: DIMENSIONAMENTO - DRENAGEM DE ÁGUAS PLUVIAIS | AA3: a = | AB3: 1060.53 | AC3: c = | AD3: 13
B4: OBRA: | C4: PAVIMENTAÇÃO ASFÁLTICA E DRENAGEM DE ÁGUAS PLUVIAIS | AA4: b = | AB4: 0.153 | AC4: d = | AD4: 0.778
B5: LOCAL: | C5: DIVERSAS RUAS NO BAIRRO PRIMAVERA, APARECIDA DO TABOADO / MS | AA5: TR = | AB5: 5 | AC5: Isozona | AD5: 24
B7: TRECHO | C7: POÇO DE VISITA - COTAS (m) | J7: EXTENSÃO (m) | K7: BACIA LOCAL | M7: ÁREA TOTAL (ha) | N7: COEF. DIST. (n) | O7: TEMPO CONC. (min) | P7: INTENS. PLUVIOM. (mm/h) | Q7: COEF. DEFLÚVIO (f) | R7: DEFLÚVIO LOCAL (l/s) | S7: VAZÃO À ESCOAR (l/s) | T7: DECLIVIDADE (%) | W7: SEÇÃO DA GALERIA | AA7: ALTURA D'ÁGUA (m) | AC7: VELOC. (m/s) | AD7: TEMPO DE PERCURSO (min) | AG7: TRECHO À | AK7: COTA DE FUNDO DE MONTANTE | AN7: TEMPO DE CONCENTRAÇÃO | AQ7: ALTURA D´AGUA - NORMAL | AT7: ÁREA Ø | AU7: ALTURA D´AGUA - CRÍTICA
C8: MONTANTE | G8: JUSANTE | K8: ÁREA (ha) | L8: RUN OFF | T8: TERRENO NATURAL | U8: GALERIA | W8: MATERIAL | X8: COEF. DE MANNING | Y8: Nº DE LINHAS | Z8: CIRCULAR Ø (m) | AG8: JUSANTE | AH8: MONTANTE | AQ8: F1 | AR8: F2 | AS8: F3 | AU8: G1 | AV8: G2 | AW8: G3
C9: TAMPA | D9: DEGRAU | E9: FUNDO | F9: PROF. | G9: TAMPA | H9: FUNDO | I9: PROF. | U9: PROJETO | V9: MÍNIMA | AA9: NORMAL | AB9: CRÍTICA | AH9: A | AI9: B | AJ9: C | AK9: A | AL9: B | AM9: C | AN9: A | AO9: B | AP9: C | AQ9: hc < 30 | AR9: 30 > hc > 85 | AS9: hc > 85 | AT9: C1 | AU9: hc < 30 | AV9: 30 > hc > 85 | AW9: hc > 85
B11: 1 | C11: 405.177 | E11: 403.677 | F11: 1.5 | G11: 405.077 | H11: 403.46283 | I11: 1.61417 | J11: 71.39 | K11: 2.4026 | L11: 0.6 | M11: 2.4026 | N11: 0.85553681 | O11: 15 | P11: 101.5258 | Q11: 0.47581284 | R11: 275.84492 | S11: 275.84492 | T11: 0.14007564 | U11: 0.3 | V11: 0.23218744 | W11: C | X11: 0.015 | Y11: 1 | Z11: 0.6 | AA11: 0.46325151 | AB11: 0.34092237 | AC11: 1.1775818 | AD11: 16.010404 | AF11: 1 | AG11: 2 | AH11: 0 | AI11: 0 | AJ11: 0 | AK11: 10000 | AL11: 10000 | AM11: 10000 | AN11: 15 | AO11: 15 | AP11: 15 | AQ11: 0.37968377 | AR11: 0.46325151 | AS11: 0.39997735 | AT11: 650.68592 | AU11: 0.33754334 | AV11: 0.34092237 | AW11: 0.48006319
B12: 2 | C12: 405.077 | E12: 403.46283 | F12: 1.61417 | G12: 405.054 | H12: 403.10533 | I12: 1.94867 | J12: 71.5 | K12: 1.1729 | L12: 0.6 | M12: 3.5755 | N12: 0.7970876 | O12: 16.010404 | P12: 98.763968 | Q12: 0.48181524 | R12: 123.58858 | S12: 399.4335 | T12: 0.032167832 | U12: 0.5 | V12: 0.48685284 | W12: C | X12: 0.015 | Y12: 1 | Z12: 0.6 | AA12: 0.5374324 | AB12: 0.41266881 | AC12: 1.4954724 | AD12: 16.807254 | AF12: 2 | AG12: 3 | AH12: 1 | AI12: 0 | AJ12: 0 | AK12: 403.46283 | AL12: 10000 | AM12: 10000 | AN12: 16.010404 | AO12: 15 | AP12: 15 | AQ12: 0.40128433 | AR12: 0.50568776 | AS12: 0.5374324 | AT12: 741.93111 | AU12: 0.40779288 | AV12: 0.41266881 | AW12: 0.53878237
B13: 3 | C13: 405.054 | E13: 403.10533 | F13: 1.94867 | G13: 405.07 | H13: 402.8896 | I13: 2.1804 | J13: 71.91 | K13: 1.1687 | L13: 0.6 | M13: 4.7442 | N13: 0.75795424 | O13: 16.807254 | P13: 96.703653 | Q13: 0.48625059 | R13: 115.71277 | S13: 515.14627 | T13: -0.022250035 | U13: 0.3 | V13: 0.17459425 | W13: C | X13: 0.015 | Y13: 1 | Z13: 0.8 | AA13: 0.55587602 | AB13: 0.43291901 | AC13: 1.381845 | AD13: 17.674572 | AF13: 3 | AG13: 4 | AH13: 2 | AI13: 0 | AJ13: 0 | AK13: 403.10533 | AL13: 10000 | AM13: 10000 | AN13: 16.807254 | AO13: 15 | AP13: 15 | AQ13: 0.47267703 | AR13: 0.55587602 | AS13: 0.36967319 | AT13: 582.49371 | AU13: 0.42882672 | AV13: 0.43291901 | AW13: 0.54731888
B14: 4 | C14: 405.07 | E14: 402.8896 | F14: 2.1804 | G14: 404.927 | H14: 402.67108 | I14: 2.25592 | J14: 72.84 | K14: 1.1854 | L14: 0.6 | M14: 5.9296 | N14: 0.7284529 | O14: 17.674572 | P14: 94.569629 | Q14: 0.49081044 | R14: 111.34331 | S14: 626.48958 | T14: 0.1963207 | U14: 0.3 | V14: 0.25822395 | W14: C | X14: 0.015 | Y14: 1 | Z14: 0.8 | AA14: 0.64305534 | AB14: 0.47890518 | AC14: 1.446738 | AD14: 18.513701 | AF14: 4 | AG14: 5 | AH14: 3 | AI14: 0 | AJ14: 0 | AK14: 402.8896 | AL14: 10000 | AM14: 10000 | AN14: 17.674572 | AO14: 15 | AP14: 15 | AQ14: 0.5194293 | AR14: 0.64305534 | AS14: 0.61137826 | AT14: 676.61869 | AU14: 0.47389574 | AV14: 0.47890518 | AW14: 0.58174106
B15: 5 | C15: 404.927 | E15: 402.67108 | F15: 2.25592 | G15: 404.644 | H15: 402.37183 | I15: 2.27217 | J15: 85.5 | K15: 1.2025 | L15: 0.6 | M15: 7.1321 | N15: 0.70489966 | O15: 18.513701 | P15: 92.604656 | Q15: 0.49498148 | R15: 107.93602 | S15: 734.4256 | T15: 0.33099415 | U15: 0.35 | V15: 0.35486603 | W15: C | X15: 0.015 | Y15: 1 | Z15: 0.8 | AA15: 0.75469186 | AB15: 0.51983337 | AC15: 1.4947068 | AD15: 19.467066 | AF15: 5 | AG15: 8 | AH15: 4 | AI15: 0 | AJ15: 0 | AK15: 402.67108 | AL15: 10000 | AM15: 10000 | AN15: 18.513701 | AO15: 15 | AP15: 15 | AQ15: 0.5403394 | AR15: 0.68491051 | AS15: 0.75469186 | AT15: 767.73583 | AU15: 0.5139708 | AV15: 0.51983337 | AW15: 0.61129044
B16: 6 | C16: 404.92 | E16: 403.32 | F16: 1.6 | G16: 404.942 | H16: 403.07238 | I16: 1.86962 | J16: 82.54 | K16: 4.1776 | L16: 0.6 | M16: 4.1776 | N16: 0.77530935 | O16: 15 | P16: 101.5258 | Q16: 0.47581284 | R16: 434.65701 | S16: 434.65701 | T16: -0.026653744 | U16: 0.3 | V16: 0.12429744 | W16: C | X16: 0.015 | Y16: 1 | Z16: 0.8 | AA16: 0.49285473 | AB16: 0.39658982 | AC16: 1.3376592 | AD16: 16.028413 | AF16: 6 | AG16: 7 | AH16: 0 | AI16: 0 | AJ16: 0 | AK16: 10000 | AL16: 10000 | AM16: 10000 | AN16: 15 | AO16: 15 | AP16: 15 | AQ16: 0.43551255 | AR16: 0.49285473 | AS16: 0.23884691 | AT16: 507.71646 | AU16: 0.39318814 | AV16: 0.39658982 | AW16: 0.5190892
B17: 7 | C17: 404.942 | E17: 403.07238 | F17: 1.86962 | G17: 404.644 | H17: 402.82476 | I17: 1.81924 | J17: 82.54 | K17: 0.8581 | L17: 0.6 | M17: 5.0357 | N17: 0.74995179 | O17: 16.028413 | P17: 98.716294 | Q17: 0.48191827 | R17: 85.048316 | S17: 519.70533 | T17: 0.36103707 | U17: 0.3 | V17: 0.17769825 | W17: C | X17: 0.015 | Y17: 1 | Z17: 0.8 | AA17: 0.55944566 | AB17: 0.43489138 | AC17: 1.3843286 | AD17: 17.022156 | AF17: 7 | AG17: 8 | AH17: 6 | AI17: 0 | AJ17: 0 | AK17: 403.07238 | AL17: 10000 | AM17: 10000 | AN17: 16.028413 | AO17: 15 | AP17: 15 | AQ17: 0.47468873 | AR17: 0.55944566 | AS17: 0.37814309 | AT17: 586.59452 | AU17: 0.43076071 | AV17: 0.43489138 | AW17: 0.54882411
B18: 8 | C18: 404.644 | E18: 402.37183 | F18: 2.27217 | G18: 404.23 | H18: 402.07241 | I18: 2.157595 | J18: 85.55 | K18: 1.0761 | L18: 0.6 | M18: 13.2439 | N18: 0.63136597 | O18: 19.467066 | P18: 90.482103 | Q18: 0.4994607 | R18: 85.296272 | S18: 1339.4272 | T18: 0.48392753 | U18: 0.35 | V18: 0.35904893 | W18: C | X18: 0.015 | Y18: 1 | Z18: 1 | AA18: 0.95768318 | AB18: 0.66439204 | AC18: 1.7306604 | AD18: 20.290932 | AF18: 8 | AG18: 9 | AH18: 5 | AI18: 7 | AJ18: 0 | AK18: 402.37183 | AL18: 402.82476 | AM18: 10000 | AN18: 19.467066 | AO18: 17.022156 | AP18: 15 | AQ18: 0.67738481 | AR18: 0.86004873 | AS18: 0.95768318 | AT18: 773.93996 | AU18: 0.65673747 | AV18: 0.66439204 | AW18: 0.70173841
B19: 9 | C19: 404.23 | E19: 402.07241 | F19: 2.157595 | G19: 403.622 | H19: 401.68743 | I19: 1.93457 | J19: 85.55 | K19: 0.5122 | L19: 0.6 | M19: 13.7561 | N19: 0.62711593 | O19: 20.290932 | P19: 88.735168 | Q19: 0.5031292 | R19: 39.837763 | S19: 1379.265 | T19: 0.7106955 | U19: 0.45 | V19: 0.38072449 | W19: C | X19: 0.015 | Y19: 1 | Z19: 1 | AA19: 0.79856365 | AB19: 0.6745142 | AC19: 2.0511842 | AD19: 20.986059 | AF19: 9 | AG19: 12 | AH19: 8 | AI19: 0 | AJ19: 0 | AK19: 402.07241 | AL19: 10000 | AM19: 10000 | AN19: 20.290932 | AO19: 15 | AP19: 15 | AQ19: 0.64664633 | AR19: 0.79856365 | AS19: 0.7476467 | AT19: 672.42374 | AU19: 0.66664141 | AV19: 0.6745142 | AW19: 0.70817852
B20: 10 | C20: 404.198 | E20: 402.698 | F20: 1.5 | G20: 403.741 | H20: 402.22715 | I20: 1.51385 | J20: 62.78 | K20: 4.867 | L20: 0.6 | M20: 4.867 | N20: 0.75451431 | O20: 15 | P20: 101.5258 | Q20: 0.47581284 | R20: 492.80334 | S20: 492.80334 | T20: 0.72793883 | U20: 0.75 | V20: 0.74106453 | W20: C | X20: 0.015 | Y20: 1 | Z20: 0.6 | AA20: 0.54776811 | AB20: 0.45990355 | AC20: 1.8201969 | AD20: 15.574846 | AF20: 10 | AG20: 11 | AH20: 0 | AI20: 0 | AJ20: 0 | AK20: 10000 | AL20: 10000 | AM20: 10000 | AN20: 15 | AO20: 15 | AP20: 15 | AQ20: 0.40270467 | AR20: 0.50856661 | AS20: 0.54776811 | AT20: 752.0605 | AU20: 0.45397336 | AV20: 0.45990355 | AW20: 0.57524057
B21: 11 | C21: 403.741 | D21: 0.1 | E21: 402.12715 | F21: 1.61385 | G21: 403.622 | H21: 402.00595 | I21: 1.61605 | J21: 20.2 | K21: 0.5683 | L21: 0.6 | M21: 5.4353 | N21: 0.73982706 | O21: 15.574846 | P21: 99.933223 | Q21: 0.4792824 | R21: 55.94245 | S21: 548.74579 | T21: 0.58910891 | U21: 0.6 | V21: 0.1981122 | W21: C | X21: 0.015 | Y21: 1 | Z21: 0.8 | AA21: 0.45634045 | AB21: 0.44726332 | AC21: 1.8523046 | AD21: 15.756602 | AF21: 11 | AG21: 12 | AH21: 10 | AI21: 0 | AJ21: 0 | AK21: 402.22715 | AL21: 10000 | AM21: 10000 | AN21: 15.574846 | AO21: 15 | AP21: 15 | AQ21: 0.41232784 | AR21: 0.45634045 | AS21: 0.1784614 | AT21: 462.89109 | AU21: 0.44288989 | AV21: 0.44726332 | AW21: 0.55820494
B22: 12 | C22: 403.622 | E22: 401.68743 | F22: 1.93457 | G22: 403.098 | H22: 401.05038 | I22: 2.04762 | J22: 84.94 | K22: 0.2714 | L22: 0.6 | M22: 19.4628 | N22: 0.5895511 | O22: 20.986059 | P22: 87.319922 | Q22: 0.50609068 | R22: 19.642882 | S22: 1947.6536 | T22: 0.61690605 | U22: 0.75 | V22: 0.75916969 | W22: C | X22: 0.015 | Y22: 1 | Z22: 1 | AA22: 0.94171867 | AB22: 0.80594601 | AC22: 2.5394142 | AD22: 21.543537 | AF22: 12 | AG22: 13 | AH22: 9 | AI22: 11 | AJ22: 0 | AK22: 401.68743 | AL22: 402.00595 | AM22: 10000 | AN22: 20.986059 | AO22: 15.756602 | AP22: 15 | AQ22: 0.67520512 | AR22: 0.85558766 | AS22: 0.94171867 | AT22: 766.96966 | AU22: 0.79511115 | AV22: 0.80594601 | AW22: 0.78859744
B23: 13 | C23: 403.098 | D23: 0.1 | E23: 400.95038 | F23: 2.14762 | G23: 402.746 | H23: 400.61062 | I23: 2.13538 | J23: 84.94 | K23: 0.6263 | L23: 0.6 | M23: 20.0891 | N23: 0.58623674 | O23: 21.543537 | P23: 86.221584 | Q23: 0.50838328 | R23: 44.708999 | S23: 1992.3626 | T23: 0.41441017 | U23: 0.4 | V23: 0.30043616 | W23: C | X23: 0.015 | Y23: 1 | Z23: 1.2 | AA23: 0.91611829 | AB23: 0.77348553 | AC23: 2.1505024 | AD23: 22.201833 | AF23: 13 | AG23: 18 | AH23: 12 | AI23: 0 | AJ23: 0 | AK23: 401.05038 | AL23: 10000 | AM23: 10000 | AN23: 21.543537 | AO23: 15 | AP23: 15 | AQ23: 0.75407282 | AR23: 0.91611829 | AS23: 0.76981065 | AT23: 643.37764 | AU23: 0.76479365 | AV23: 0.77348553 | AW23: 0.76283152
B24: 14 | C24: 402.503 | E24: 401.003 | F24: 1.5 | G24: 402.663 | H24: 400.78661 | I24: 1.87639 | J24: 72.13 | K24: 2.8811 | L24: 0.6 | M24: 2.8811 | N24: 0.82832089 | O24: 15 | P24: 101.5258 | Q24: 0.47581284 | R24: 320.25931 | S24: 320.25931 | T24: -0.22182171 | U24: 0.3 | V24: 0.31297689 | W24: C | X24: 0.015 | Y24: 1 | Z24: 0.6 | AA24: 0.58712525 | AB24: 0.36821781 | AC24: 1.1387228 | AD24: 16.055715 | AF24: 14 | AG24: 15 | AH24: 0 | AI24: 0 | AJ24: 0 | AK24: 10000 | AL24: 10000 | AM24: 10000 | AN24: 15 | AO24: 15 | AP24: 15 | AQ24: 0.4080124 | AR24: 0.51942149 | AS24: 0.58712525 | AT24: 781.23423 | AU24: 0.36428534 | AV24: 0.36821781 | AW24: 0.50293057
B25: 15 | C25: 402.663 | E25: 400.78661 | F25: 1.87639 | G25: 402.802 | H25: 400.46216 | I25: 2.33984 | J25: 108.15 | K25: 2.4996 | L25: 0.6 | M25: 5.3807 | N25: 0.74115782 | O25: 16.055715 | P25: 98.644122 | Q25: 0.48207419 | R25: 244.73639 | S25: 564.9957 | T25: -0.1285252 | U25: 0.3 | V25: 0.21001925 | W25: C | X25: 0.015 | Y25: 1 | Z25: 0.8 | AA25: 0.59490701 | AB25: 0.454048 | AC25: 1.4095225 | AD25: 17.334517 | AF25: 15 | AG25: 16 | AH25: 14 | AI25: 0 | AJ25: 0 | AK25: 400.78661 | AL25: 10000 | AM25: 10000 | AN25: 16.055715 | AO25: 15 | AP25: 15 | AQ25: 0.49419657 | AR25: 0.59490701 | AS25: 0.46876215 | AT25: 626.31549 | AU25: 0.44954001 | AV25: 0.454048 | AW25: 0.5633057
B26: 16 | C26: 402.802 | E26: 400.46216 | F26: 2.33984 | G26: 402.846 | H26: 400.08349 | I26: 2.762505 | J26: 108.19 | K26: 1.6492 | L26: 0.6 | M26: 7.0299 | N26: 0.70671295 | O26: 17.334517 | P26: 95.393398 | Q26: 0.48905415 | R26: 151.0511 | S26: 716.0468 | T26: -0.040669193 | U26: 0.35 | V26: 0.33732741 | W26: C | X26: 0.015 | Y26: 1 | Z26: 0.8 | AA26: 0.70708596 | AB26: 0.51308102 | AC26: 1.5232399 | AD26: 18.518287 | AF26: 16 | AG26: 17 | AH26: 15 | AI26: 0 | AJ26: 0 | AK26: 400.46216 | AL26: 10000 | AM26: 10000 | AN26: 17.334517 | AO26: 15 | AP26: 15 | AQ26: 0.53377908 | AR26: 0.67158778 | AS26: 0.70708596 | AT26: 734.50225 | AU26: 0.50736146 | AV26: 0.51308102 | AW26: 0.60648059
B27: 17 | C27: 402.846 | E27: 400.08349 | F27: 2.762505 | G27: 402.746 | H27: 399.93285 | I27: 2.813145 | J27: 43.04 | K27: 0.2592 | L27: 0.6 | M27: 7.2891 | N27: 0.70217287 | O27: 18.518287 | P27: 92.594173 | Q27: 0.49500367 | R27: 23.174126 | S27: 739.22092 | T27: 0.23234201 | U27: 0.35 | V27: 0.35951525 | W27: C | X27: 0.015 | Y27: 1 | Z27: 0.8 | AA27: 0.7674259 | AB27: 0.52158166 | AC27: 1.4911768 | AD27: 18.999339 | AF27: 17 | AG27: 18 | AH27: 16 | AI27: 0 | AJ27: 0 | AK27: 400.08349 | AL27: 10000 | AM27: 10000 | AN27: 18.518287 | AO27: 15 | AP27: 15 | AQ27: 0.54203706 | AR27: 0.68838662 | AS27: 0.7674259 | AT27: 774.57797 | AU27: 0.51568192 | AV27: 0.52158166 | AW27: 0.61253175
B28: 18 | C28: 402.746 | E28: 399.93285 | F28: 2.813145 | G28: 402.592 | H28: 399.60148 | I28: 2.99052 | J28: 60.25 | K28: 0.5854 | L28: 0.6 | M28: 27.9636 | N28: 0.55272159 | O28: 22.201833 | P28: 84.964516 | Q28: 0.51100176 | R28: 39.02576 | S28: 2770.6093 | T28: 0.25560166 | U28: 0.55 | V28: 0.58098646 | W28: C | X28: 0.015 | Y28: 1 | Z28: 1.2 | AA28: 1.1935755 | AB28: 0.91692251 | AC28: 2.4513841 | AD28: 22.611465 | AF28: 18 | AG28: 19 | AH28: 13 | AI28: 17 | AJ28: 0 | AK28: 400.61062 | AL28: 399.93285 | AM28: 10000 | AN28: 22.201833 | AO28: 18.999339 | AP28: 15 | AQ28: 0.81866847 | AR28: 1.0439063 | AS28: 1.1935755 | AT28: 784.8767 | AU28: 0.90506556 | AV28: 0.91692251 | AW28: 0.84540774
B29: 19 | C29: 402.592 | E29: 399.60148 | F29: 2.99052 | G29: 402.334 | H29: 399.25165 | I29: 3.082345 | J29: 99.95 | K29: 1.2095 | L29: 0.6 | M29: 29.1731 | N29: 0.54857132 | O29: 22.611465 | P29: 84.203176 | Q29: 0.51258511 | R29: 79.554669 | S29: 2850.164 | T29: 0.25812906 | U29: 0.35 | V29: 0.18702589 | W29: C | X29: 0.015 | Y29: 1 | Z29: 1.5 | AA29: 1.0106657 | AB29: 0.87216884 | AC29: 2.2503356 | AD29: 23.351725 | AF29: 19 | AG29: 20 | AH29: 18 | AI29: 0 | AJ29: 0 | AK29: 399.60148 | AL29: 10000 | AM29: 10000 | AN29: 22.611465 | AO29: 15 | AP29: 15 | AQ29: 0.86840376 | AR29: 1.0106657 | AS29: 0.6211447 | AT29: 562.91138 | AU29: 0.86324521 | AV29: 0.87216884 | AW29: 0.81186033
B30: 20 | C30: 402.334 | E30: 399.25165 | F30: 3.082345 | G30: 402.207 | H30: 398.9895 | I30: 3.217495 | J30: 74.9 | K30: 1.4792 | L30: 0.6 | M30: 30.6523 | N30: 0.5437629 | O30: 23.351725 | P30: 82.8661 | Q30: 0.51536179 | R30: 95.424047 | S30: 2945.588 | T30: 0.16955941 | U30: 0.35 | V30: 0.19975886 | W30: C | X30: 0.015 | Y30: 1 | Z30: 1.5 | AA30: 1.034928 | AB30: 0.88711322 | AC30: 2.2650541 | AD30: 23.902852 | AF30: 20 | AG30: 24 | AH30: 19 | AI30: 0 | AJ30: 0 | AK30: 399.25165 | AL30: 10000 | AM30: 10000 | AN30: 23.351725 | AO30: 15 | AP30: 15 | AQ30: 0.88229809 | AR30: 1.034928 | AS30: 0.67602637 | AT30: 577.97746 | AU30: 0.87788634 | AV30: 0.88711322 | AW30: 0.8202369
B31: 21 | C31: 403.301 | E31: 401.801 | F31: 1.5 | G31: 403.495 | H31: 401.61068 | I31: 1.88432 | J31: 47.58 | K31: 0.79 | L31: 0.6 | M31: 0.79 | N31: 1 | O31: 15 | P31: 101.5258 | Q31: 0.47581284 | R31: 106.01612 | S31: 106.01612 | T31: -0.40773434 | U31: 0.4 | V31: 0.034296718 | W31: C | X31: 0.015 | Y31: 1 | Z31: 0.6 | AA31: 0.23050961 | AB31: 0.20816408 | AC31: 1.059596 | AD31: 15.748398 | AF31: 21 | AG31: 22 | AH31: 0 | AI31: 0 | AJ31: 0 | AK31: 10000 | AL31: 10000 | AM31: 10000 | AN31: 15 | AO31: 15 | AP31: 15 | AQ31: 0.22342951 | AR31: 0.23050961 | AS31: 0.023646704 | AT31: 277.92596 | AU31: 0.20712827 | AV31: 0.20816408 | AW31: 0.35632932
B32: 22 | C32: 403.495 | E32: 401.61068 | F32: 1.88432 | G32: 402.863 | H32: 401.26624 | I32: 1.59676 | J32: 86.11 | K32: 3.6144 | L32: 0.6 | M32: 4.4044 | N32: 0.76804764 | O32: 15.748398 | P32: 99.463547 | Q32: 0.48030124 | R32: 368.41242 | S32: 474.42854 | T32: 0.73394495 | U32: 0.4 | V32: 0.14808478 | W32: C | X32: 0.015 | Y32: 1 | Z32: 0.8 | AA32: 0.47422781 | AB32: 0.41491411 | AC32: 1.5286047 | AD32: 16.687272 | AF32: 22 | AG32: 23 | AH32: 21 | AI32: 0 | AJ32: 0 | AK32: 401.61068 | AL32: 10000 | AM32: 10000 | AN32: 15.748398 | AO32: 15 | AP32: 15 | AQ32: 0.42385574 | AR32: 0.47422781 | AS32: 0.20669661 | AT32: 484.94854 | AU32: 0.41116802 | AV32: 0.41491411 | AW32: 0.53345048
B33: 23 | C33: 402.863 | E33: 401.26624 | F33: 1.59676 | G33: 402.207 | H33: 400.57728 | I33: 1.62972 | J33: 86.12 | K33: 0.5587 | L33: 0.6 | M33: 4.9631 | N33: 0.75189286 | O33: 16.687272 | P33: 97.007582 | Q33: 0.48559843 | R33: 54.973049 | S33: 529.40159 | T33: 0.76172782 | U33: 0.8 | V33: 0.18439082 | W33: C | X33: 0.015 | Y33: 1 | Z33: 0.8 | AA33: 0.40636226 | AB33: 0.4390586 | AC33: 2.0646118 | AD33: 17.382479 | AF33: 23 | AG33: 24 | AH33: 22 | AI33: 0 | AJ33: 0 | AK33: 401.26624 | AL33: 10000 | AM33: 10000 | AN33: 16.687272 | AO33: 15 | AP33: 15 | AQ33: 0.37811159 | AR33: 0.40636226 | AS33: 0.11244147 | AT33: 400.65158 | AU33: 0.43484654 | AV33: 0.4390586 | AW33: 0.55199549
B34: 24 | C34: 402.207 | E34: 398.9895 | F34: 3.217495 | G34: 401.976 | H34: 398.71871 | I34: 3.25729 | J34: 77.37 | K34: 0.7392 | L34: 0.6 | M34: 36.3546 | N34: 0.52749753 | O34: 23.902852 | P34: 81.901666 | Q34: 0.51736187 | R34: 45.898848 | S34: 3520.8885 | T34: 0.29856534 | U34: 0.35 | V34: 0.28540828 | W34: C | X34: 0.015 | Y34: 1 | Z34: 1.5 | AA34: 1.1812025 | AB34: 0.97263774 | AC34: 2.3586972 | AD34: 24.449553 | AF34: 24 | AG34: 25 | AH34: 20 | AI34: 23 | AJ34: 0 | AK34: 398.9895 | AL34: 400.57728 | AM34: 10000 | AN34: 23.902852 | AO34: 17.382479 | AP34: 15 | AQ34: 0.96152554 | AR34: 1.1812025 | AS34: 1.0694621 | AT34: 663.43374 | AU34: 0.96162879 | AV34: 0.97263774 | AW34: 0.86714136
B35: 25 | C35: 401.976 | E35: 398.71871 | F35: 3.25729 | G35: 401.68 | H35: 398.40707 | I35: 3.27293 | J35: 89.04 | K35: 1.4025 | L35: 0.6 | M35: 37.7571 | N35: 0.52395531 | O35: 24.449553 | P35: 80.969953 | Q35: 0.51929228 | R35: 85.835137 | S35: 3606.7236 | T35: 0.33243486 | U35: 0.35 | V35: 0.29949374 | W35: C | X35: 0.015 | Y35: 1 | Z35: 1.5 | AA35: 1.2030267 | AB35: 0.98479931 | AC35: 2.3741449 | AD35: 25.07462 | AF35: 25 | AG35: 26 | AH35: 24 | AI35: 0 | AJ35: 0 | AK35: 398.71871 | AL35: 10000 | AM35: 10000 | AN35: 24.449553 | AO35: 15 | AP35: 15 | AQ35: 0.97275356 | AR35: 1.2030267 | AS35: 1.1377834 | AT35: 675.18553 | AU35: 0.97353077 | AV35: 0.98479931 | AW35: 0.87367613
... B40: 30 | C40: 404.516 | E40: 403.016 | F40: 1.5 | G40: 404.204 | H40: 402.67652 | I40: 1.52748 | J40: 75.44 | K40: 1.2309 | L40: 0.6 | M40: 1.2309 | N40: 0.96369664 | O40: 15 | P40: 101.5258 | Q40: 0.47581284 | R40: 159.18712 | S40: 159.18712 | T40: 0.4135737 | U40: 0.45 | V40: 0.077325834 | W40: C | X40: 0.015 | Y40: 1 | Z40: 0.6 | AA40: 0.2787737 | AB40: 0.25673243 | AC40: 1.2373993 | AD40: 16.01611 | AF40: 30 | AG40: 31 | AH40: 0 | AI40: 0 | AJ40: 0 | AK40: 10000 | AL40: 10000 | AM40: 10000 | AN40: 15 | AO40: 15 | AP40: 15 | AQ40: 0.26418195 | AR40: 0.2787737 | AS40: 0.057798126 | AT40: 357.35146 | AU40: 0.25491555 | AV40: 0.25673243 | AW40: 0.4044621
B41: 31 | C41: 404.204 | D41: 0.1 | E41: 402.5742 | F41: 1.6298 | G41: 404.045 | H41: 402.30305 | I41: 1.741945 | J41: 77.47 | K41: 0.7505 | L41: 0.6 | M41: 3.6716 | N41: 0.79333341 | O41: 17.074202 | P41: 96.035179 | Q41: 0.48768251 | R41: 77.465123 | S41: 451.6995 | T41: 0.20524074 | U41: 0.35 | V41: 0.1342357 | W41: C | X41: 0.015 | Y41: 1 | Z41: 0.8 | AA41: 0.47996336 | AB41: 0.40453732 | AC41: 1.4345613 | AD41: 17.974245 | AF41: 31 | AG41: 32 | AH41: 29 | AI41: 30 | AJ41: 0 | AK41: 402.6742 | AL41: 402.67652 | AM41: 10000 | AN41: 17.074202 | AO41: 16.01611 | AP41: 15 | AQ41: 0.42748148 | AR41: 0.47996336 | AS41: 0.21628988 | AT41: 491.98349 | AU41: 0.40098728 | AV41: 0.40453732 | AW41: 0.52534947
B42: 32 | C42: 404.045 | E42: 402.30305 | F42: 1.741945 | G42: 404.084 | H42: 402.15038 | I42: 1.933615 | J42: 50.89 | K42: 1.5268 | L42: 0.6 | M42: 5.1984 | N42: 0.74571898 | O42: 17.974245 | P42: 93.857029 | Q42: 0.49232597 | R42: 146.15347 | S42: 597.85297 | T42: -0.076635881 | U42: 0.3 | V42: 0.23515683 | W42: C | X42: 0.015 | Y42: 1 | Z42: 0.8 | AA42: 0.62063352 | AB42: 0.46748397 | AC42: 1.4288237 | AD42: 18.567857 | AF42: 32 | AG42: 33 | AH42: 31 | AI42: 0 | AJ42: 0 | AK42: 402.30305 | AL42: 10000 | AM42: 10000 | AN42: 17.974245 | AO42: 15 | AP42: 15 | AQ42: 0.5078465 | AR42: 0.62063352 | AS42: 0.54208659 | AT42: 653.78623 | AU42: 0.46270656 | AV42: 0.46748397 | AW42: 0.57331875
B43: 33 | C43: 404.084 | E43: 402.15038 | F43: 1.933615 | G43: 403.83 | H43: 401.92385 | I43: 1.906145 | J43: 75.51 | K43: 0.2811 | L43: 0.6 | M43: 5.4795 | N43: 0.73876126 | O43: 18.567857 | P43: 92.481035 | Q43: 0.49524308 | R43: 26.422159 | S43: 624.27513 | T43: 0.33637929 | U43: 0.3 | V43: 0.25640169 | W43: C | X43: 0.015 | Y43: 1 | Z43: 0.8 | AA43: 0.64132148 | AB43: 0.47803113 | AC43: 1.4453087 | AD43: 19.438605 | AF43: 33 | AG43: 36 | AH43: 32 | AI43: 0 | AJ43: 0 | AK43: 402.15038 | AL43: 10000 | AM43: 10000 | AN43: 18.567857 | AO43: 15 | AP43: 15 | AQ43: 0.51854353 | AR43: 0.64132148 | AS43: 0.60583765 | AT43: 674.89378 | AU43: 0.47303953 | AV43: 0.47803113 | AW43: 0.58109934
B44: 34 | C44: 404.544 | E44: 403.044 | F44: 1.5 | G44: 404.208 | H44: 402.66187 | I44: 1.54613 | J44: 109.18 | K44: 1.5478 | L44: 0.6 | M44: 1.5478 | N44: 0.92518963 | O44: 15 | P44: 101.5258 | Q44: 0.47581284 | R44: 192.17214 | S44: 192.17214 | T44: 0.30774867 | U44: 0.35 | V44: 0.11269109 | W44: C | X44: 0.015 | Y44: 1 | Z44: 0.6 | AA44: 0.33940382 | AB44: 0.28292565 | AC44: 1.1650623 | AD44: 16.561862 | AF44: 34 | AG44: 35 | AH44: 0 | AI44: 0 | AJ44: 0 | AK44: 10000 | AL44: 10000 | AM44: 10000 | AN44: 15 | AO44: 15 | AP44: 15 | AQ44: 0.30734497 | AR44: 0.33940382 | AS44: 0.12954694 | AT44: 458.1828 | AU44: 0.28064844 | AV44: 0.28292565 | AW44: 0.42891322
B45: 35 | C45: 404.208 | E45: 402.66187 | F45: 1.54613 | G45: 403.83 | H45: 402.30439 | I45: 1.52561 | J45: 59.58 | K45: 0.7801 | L45: 0.6 | M45: 2.3279 | N45: 0.86036028 | O45: 16.561862 | P45: 97.327605 | Q45: 0.48491095 | R45: 87.995589 | S45: 280.16772 | T45: 0.63444109 | U45: 0.6 | V45: 0.23952175 | W45: C | X45: 0.015 | Y45: 1 | Z45: 0.6 | AA45: 0.36493982 | AB45: 0.34366827 | AC45: 1.5562358 | AD45: 17.19994 | AF45: 35 | AG45: 36 | AH45: 34 | AI45: 0 | AJ45: 0 | AK45: 402.66187 | AL45: 10000 | AM45: 10000 | AN45: 16.561862 | AO45: 15 | AP45: 15 | AQ45: 0.32368965 | AR45: 0.36493982 | AS45: 0.17083393 | AT45: 500.08082 | AU45: 0.34023451 | AV45: 0.34366827 | AW45: 0.48239562
B46: 36 | C46: 403.83 | E46: 401.92385 | F46: 1.906145 | G46: 403.409 | H46: 401.58929 | I46: 1.819705 | J46: 55.76 | K46: 0.5885 | L46: 0.6 | M46: 8.3959 | N46: 0.68472475 | O46: 19.438605 | P46: 90.543859 | Q46: 0.49933073 | R46: 50.610663 | S46: 955.05352 | T46: 0.75502152 | U46: 0.6 | V46: 0.60010083 | W46: C | X46: 0.015 | Y46: 1 | Z46: 0.8 | AA46: 0.74177497 | AB46: 0.59527545 | AC46: 1.9640379 | AD46: 19.91178 | AF46: 36 | AG46: 37 | AH46: 33 | AI46: 35 | AJ46: 0 | AK46: 401.92385 | AL46: 402.30439 | AM46: 10000 | AN46: 19.438605 | AO46: 17.19994 | AP46: 15 | AQ46: 0.5385662 | AR46: 0.68129224 | AS46: 0.74177497 | AT46: 759.79751 | AU46: 0.58775868 | AV46: 0.59527545 | AW46: 0.66344711
B47: 37 | C47: 403.409 | D47: 0.1 | E47: 401.48929 | F47: 1.919705 | G47: 403.265 | H47: 401.33123 | I47: 1.933765 | J47: 45.16 | K47: 0.3563 | L47: 0.6 | M47: 8.7522 | N47: 0.67967787 | O47: 19.91178 | P47: 89.529468 | Q47: 0.50146307 | R47: 30.203422 | S47: 985.25694 | T47: 0.31886625 | U47: 0.35 | V47: 0.19427388 | W47: C | X47: 0.015 | Y47: 1 | Z47: 1 | AA47: 0.6830495 | AB47: 0.56704697 | AC47: 1.7237634 | AD47: 20.348421 | AF47: 37 | AG47: 39 | AH47: 36 | AI47: 0 | AJ47: 0 | AK47: 401.58929 | AL47: 10000 | AM47: 10000 | AN47: 19.91178 | AO47: 15 | AP47: 15 | AQ47: 0.58418621 | AR47: 0.6830495 | AS47: 0.4348391 | AT47: 571.57319 | AU47: 0.56140973 | AV47: 0.56704697 | AW47: 0.63768168
B48: 38 | C48: 403.614 | E48: 402.114 | F48: 1.5 | G48: 403.265 | H48: 401.74794 | I48: 1.51706 | J48: 61.01 | K48: 0.9601 | L48: 0.6 | M48: 0.9601 | N48: 1 | O48: 15 | P48: 101.5258 | Q48: 0.47581284 | R48: 128.84314 | S48: 128.84314 | T48: 0.57203737 | U48: 0.6 | V48: 0.050656049 | W48: C | X48: 0.015 | Y48: 1 | Z48: 0.6 | AA48: 0.22961574 | AB48: 0.23019562 | AC48: 1.2944922 | AD48: 15.785508 | AF48: 38 | AG48: 39 | AH48: 0 | AI48: 0 | AJ48: 0 | AK48: 10000 | AL48: 10000 | AM48: 10000 | AN48: 15 | AO48: 15 | AP48: 15 | AQ48: 0.2225988 | AR48: 0.22961574 | AS48: 0.023186209 | AT48: 276.47722 | AU48: 0.22881803 | AV48: 0.23019562 | AW48: 0.37865983
B49: 39 | C49: 403.265 | E49: 401.33123 | F49: 1.933765 | G49: 402.96 | H49: 401.02113 | I49: 1.938865 | J49: 88.6 | K49: 0.2856 | L49: 0.6 | M49: 9.9979 | N49: 0.66376788 | O49: 20.348421 | P49: 88.616134 | Q49: 0.50337862 | R49: 23.491689 | S49: 1137.5918 | T49: 0.34424379 | U49: 0.35 | V49: 0.25899316 | W49: C | X49: 0.015 | Y49: 1 | Z49: 1 | AA49: 0.75917997 | AB49: 0.61070328 | AC49: 1.7781746 | AD49: 21.178861 | AF49: 39 | AG49: 40 | AH49: 37 | AI49: 38 | AJ49: 0 | AK49: 401.33123 | AL49: 401.74794 | AM49: 10000 | AN49: 20.348421 | AO49: 15.785508 | AP49: 15 | AQ49: 0.62610317 | AR49: 0.75917997 | AS49: 0.62929453 | AT49: 639.75258 | AU49: 0.60418019 | AV49: 0.61070328 | AW49: 0.66690739
B50: 40 | C50: 402.96 | E50: 401.02113 | F50: 1.938865 | G50: 402.111 | H50: 400.17943 | I50: 1.931565 | J50: 88.6 | K50: 0.533 | L50: 0.6 | M50: 10.5309 | N50: 0.65765957 | O50: 21.178861 | P50: 86.936463 | Q50: 0.50689163 | R50: 42.911893 | S50: 1180.5037 | T50: 0.95823928 | U50: 0.95 | V50: 0.27890101 | W50: C | X50: 0.015 | Y50: 1 | Z50: 1 | AA50: 0.54875548 | AB50: 0.62248141 | AC50: 2.6745915 | AD50: 21.73097 | AF50: 40 | AG50: 44 | AH50: 39 | AI50: 0 | AJ50: 0 | AK50: 401.02113 | AL50: 10000 | AM50: 10000 | AN50: 21.178861 | AO50: 15 | AP50: 15 | AQ50: 0.50105558 | AR50: 0.54875548 | AS50: 0.19184503 | AT50: 441.37719 | AU50: 0.61571395 | AV50: 0.62248141 | AW50: 0.6746491
B51: 41 | C51: 403.103 | E51: 401.603 | F51: 1.5 | G51: 402.806 | H51: 401.27477 | I51: 1.53123 | J51: 72.94 | K51: 1.5229 | L51: 0.6 | M51: 1.5229 | N51: 0.92786436 | O51: 15 | P51: 101.5258 | Q51: 0.47581284 | R51: 189.62723 | S51: 189.62723 | T51: 0.40718399 | U51: 0.45 | V51: 0.10972615 | W51: C | X51: 0.015 | Y51: 1 | Z51: 0.6 | AA51: 0.31020636 | AB51: 0.28098646 | AC51: 1.285658 | AD51: 15.94556 | AF51: 41 | AG51: 42 | AH51: 0 | AI51: 0 | AJ51: 0 | AK51: 10000 | AL51: 10000 | AM51: 10000 | AN51: 15 | AO51: 15 | AP51: 15 | AQ51: 0.28742971 | AR51: 0.31020636 | AS51: 0.090633999 | AT51: 409.7064 | AU51: 0.27874419 | AV51: 0.28098646 | AW51: 0.42713463
B52: 42 | C52: 402.806 | E52: 401.27477 | F52: 1.53123 | G52: 402.283 | H52: 400.74794 | I52: 1.53506 | J52: 61.98 | K52: 1.1845 | L52: 0.6 | M52: 2.7074 | N52: 0.83754021 | O52: 15.94556 | P52: 98.936059 | Q52: 0.4814432 | R52: 131.27216 | S52: 320.89939 | T52: 0.84382059 | U52: 0.85 | V52: 0.31422919 | W52: C | X52: 0.015 | Y52: 1 | Z52: 0.6 | AA52: 0.35549791 | AB52: 0.36859729 | AC52: 1.839181 | AD52: 16.507223 | AF52: 42 | AG52: 43 | AH52: 41 | AI52: 0 | AJ52: 0 | AK52: 401.27477 | AL52: 10000 | AM52: 10000 | AN52: 15.94556 | AO52: 15 | AP52: 15 | AQ52: 0.31775148 | AR52: 0.35549791 | AS52: 0.15479525 | AT52: 484.66528 | AU52: 0.36465698 | AV52: 0.36859729 | AW52: 0.50324366
B53: 43 | C53: 402.283 | E53: 400.74794 | F53: 1.53506 | G53: 402.111 | H53: 400.53162 | I53: 1.579375 | J53: 39.33 | K53: 1.0064 | L53: 0.6 | M53: 3.7138 | N53: 0.79172126 | O53: 16.507223 | P53: 97.467791 | Q53: 0.48460956 | R53: 104.55102 | S53: 425.45041 | T53: 0.4373252 | U53: 0.55 | V53: 0.55234017 | W53: C | X53: 0.015 | Y53: 1 | Z53: 0.6 | AA53: 0.55923084 | AB53: 0.42632382 | AC53: 1.5503793 | AD53: 16.930023 | AF53: 43 | AG53: 44 | AH53: 42 | AI53: 0 | AJ53: 0 | AK53: 400.74794 | AL53: 10000 | AM53: 10000 | AN53: 16.507223 | AO53: 15 | AP53: 15 | AQ53: 0.40428303 | AR53: 0.51177858 | AS53: 0.55923084 | AT53: 762.2694 | AU53: 0.42114834 | AV53: 0.42632382 | AW53: 0.54948438
B54: 44 | C54: 402.111 | E54: 400.17943 | F54: 1.931565 | G54: 401.391 | H54: 399.45831 | I54: 1.932685 | J54: 90.14 | K54: 0.6028 | L54: 0.6 | M54: 14.8475 | N54: 0.61865098 | O54: 21.73097 | P54: 85.859352 | Q54: 0.50913838 | R54: 45.287113 | S54: 1651.2412 | T54: 0.79875749 | U54: 0.8 | V54: 0.54567799 | W54: C | X54: 0.015 | Y54: 1 | Z54: 1 | AA54: 0.73649179 | AB54: 0.74014241 | AC54: 2.6630747 | AD54: 22.295105 | AF54: 44 | AG54: 45 | AH54: 40 | AI54: 43 | AJ54: 0 | AK54: 400.17943 | AL54: 400.53162 | AM54: 10000 | AN54: 21.73097 | AO54: 16.930023 | AP54: 15 | AQ54: 0.61393277 | AR54: 0.73649179 | AS54: 0.56697048 | AT54: 620.05064 | AU54: 0.73081934 | AV54: 0.74014241 | AW54: 0.74904187
B55: 45 | C55: 401.391 | E55: 399.45831 | F55: 1.932685 | G55: 400.738 | H55: 398.83062 | I55: 1.907375 | J55: 89.67 | K55: 0.9137 | L55: 0.6 | M55: 15.7612 | N55: 0.61210948 | O55: 22.295105 | P55: 84.789779 | Q55: 0.51136532 | R55: 67.365843 | S55: 1718.607 | T55: 0.72822572 | U55: 0.7 | V55: 0.59111037 | W55: C | X55: 0.015 | Y55: 1 | Z55: 1 | AA55: 0.79798459 | AB55: 0.75556955 | AC55: 2.557607 | AD55: 22.87944 | AF55: 45 | AG55: 46 | AH55: 44 | AI55: 0 | AJ55: 0 | AK55: 399.45831 | AL55: 10000 | AM55: 10000 | AN55: 22.295105 | AO55: 15 | AP55: 15 | AQ55: 0.64634936 | AR55: 0.79798459 | AS55: 0.74598186 | AT55: 671.959 | AU55: 0.74589705 | AV55: 0.75556955 | AW55: 0.75843628
B56: 46 | C56: 400.738 | E56: 397.65754 | F56: 3.080462 | G56: 400.074 | H56: 397.15644 | I56: 2.917555 | J56: 74.79 | K56: 1.1187 | L56: 0.6 | M56: 56.9739 | N56: 0.48695595 | O56: 26.106752 | P56: 78.287695 | Q56: 0.52484256 | R56: 62.181059 | S56: 5527.8339 | T56: 0.88781923 | U56: 0.67 | V56: 0.70351279 | W56: C | X56: 0.015 | Y56: 1 | Z56: 1.5 | AA56: 1.4806506 | AB56: 1.2274882 | AC56: 3.1358835 | AD56: 26.504248 | AF56: 46 | AG56: 47 | AH56: 27 | AI56: 45 | AJ56: 0 | AK56: 397.65754 | AL56: 398.83062 | AM56: 10000 | AN56: 26.106752 | AO56: 22.87944 | AP56: 15 | AQ56: 1.0219327 | AR56: 1.3018303 | AS56: 1.4806506 | AT56: 783.45229 | AU56: 1.2107514 | AV56: 1.2274882 | AW56: 0.9980511
B57: 47 | C57: 400.074 | E57: 397.15644 | F57: 2.917555 | G57: 399.272 | H57: 396.64672 | I57: 2.625283 | J57: 74.96 | K57: 0.7561 | L57: 0.6 | M57: 57.73 | N57: 0.48581456 | O57: 26.504248 | P57: 77.674147 | Q57: 0.52611125 | R57: 41.700003 | S57: 5569.5339 | T57: 1.0699039 | U57: 0.68 | V57: 0.71416692 | W57: C | X57: 0.015 | Y57: 1 | Z57: 1.5 | AA57: 1.4810719 | AB57: 1.2322566 | AC57: 3.1592852 | AD57: 26.899696 | AF57: 47 | AG57: 48 | AH57: 46 | AI57: 0 | AJ57: 0 | AK57: 397.15644 | AL57: 10000 | AM57: 10000 | AN57: 26.504248 | AO57: 15 | AP57: 15 | AQ57: 1.0219858 | AR57: 1.3019398 | AS57: 1.4810719 | AT57: 783.51534 | AU57: 1.2154073 | AV57: 1.2322566 | AW57: 1.0003918
B58: 48 | C58: 399.272 | E58: 396.64672 | F58: 2.625283 | G58: 398.568 | H58: 396.13405 | I58: 2.433953 | J58: 74.3 | K58: 0.7575 | L58: 0.6 | M58: 58.4875 | N58: 0.48468857 | O58: 26.899696 | P58: 77.074555 | Q58: 0.52735095 | R58: 41.456097 | S58: 5610.99 | T58: 0.94751009 | U58: 0.69 | V58: 0.72483811 | W58: C | X58: 0.015 | Y58: 1 | Z58: 1.5 | AA58: 1.4815261 | AB58: 1.23698 | AC58: 3.182528 | AD58: 27.2888 | AF58: 48 | AG58: 55 | AH58: 47 | AI58: 0 | AJ58: 0 | AK58: 396.64672 | AL58: 10000 | AM58: 10000 | AN58: 26.899696 | AO58: 15 | AP58: 15 | AQ58: 1.0220432 | AR58: 1.3020581 | AS58: 1.4815261 | AT58: 783.58253 | AU58: 1.2200191 | AV58: 1.23698 | AW58: 1.0027069
B59: 49 | C59: 402.551 | E59: 401.051 | F59: 1.5 | G59: 401.941 | H59: 400.42322 | I59: 1.51778 | J59: 104.63 | K59: 2.7288 | L59: 0.6 | M59: 2.7288 | N59: 0.83636728 | O59: 15 | P59: 101.5258 | Q59: 0.47581284 | R59: 306.27642 | S59: 306.27642 | T59: 0.58300679 | U59: 0.6 | V59: 0.28624365 | W59: C | X59: 0.015 | Y59: 1 | Z59: 0.6 | AA59: 0.38828788 | AB59: 0.35983418 | AC59: 1.5822556 | AD59: 16.102119 | AF59: 49 | AG59: 50 | AH59: 0 | AI59: 0 | AJ59: 0 | AK59: 10000 | AL59: 10000 | AM59: 10000 | AN59: 15 | AO59: 15 | AP59: 15 | AQ59: 0.33789364 | AR59: 0.38828788 | AS59: 0.21481279 | AT59: 537.69304 | AU59: 0.35607389 | AV59: 0.35983418 | AW59: 0.49598064
B60: 50 | C60: 401.941 | D60: 0.1 | E60: 400.32322 | F60: 1.61778 | G60: 401.613 | H60: 400.00277 | I60: 1.61023 | J60: 64.09 | K60: 2.0739 | L60: 0.6 | M60: 4.8027 | N60: 0.75630259 | O60: 16.102119 | P60: 98.521729 | Q60: 0.48233852 | R60: 207.06162 | S60: 513.33804 | T60: 0.51178031 | U60: 0.5 | V60: 0.1733707 | W60: C | X60: 0.015 | Y60: 1 | Z60: 0.8 | AA60: 0.46386335 | AB60: 0.43213438 | AC60: 1.6986688 | AD60: 16.730944 | AF60: 50 | AG60: 51 | AH60: 49 | AI60: 0 | AJ60: 0 | AK60: 400.42322 | AL60: 10000 | AM60: 10000 | AN60: 16.102119 | AO60: 15 | AP60: 15 | AQ60: 0.41721785 | AR60: 0.46386335 | AS60: 0.19002734 | AT60: 472.18781 | AU60: 0.42805733 | AV60: 0.43213438 | AW60: 0.54671933
B61: 51 | C61: 401.613 | E61: 400.00277 | F61: 1.61023 | G61: 400.834 | H61: 399.21729 | I61: 1.616715 | J61: 92.41 | K61: 1.5726 | L61: 0.6 | M61: 6.3753 | N61: 0.7191159 | O61: 16.730944 | P61: 96.896702 | Q61: 0.48583643 | R61: 147.89329 | S61: 661.23133 | T61: 0.84298236 | U61: 0.85 | V61: 0.28765747 | W61: C | X61: 0.015 | Y61: 1 | Z61: 0.8 | AA61: 0.46010507 | AB61: 0.49242717 | AC61: 2.2097769 | AD61: 17.427923 | AF61: 51 | AG61: 52 | AH61: 50 | AI61: 0 | AJ61: 0 | AK61: 400.00277 | AL61: 10000 | AM61: 10000 | AN61: 16.730944 | AO61: 15 | AP61: 15 | AQ61: 0.41478265 | AR61: 0.46010507 | AS61: 0.18423436 | AT61: 467.54672 | AU61: 0.48713955 | AV61: 0.49242717 | AW61: 0.59161045
B62: 52 | C62: 400.834 | E62: 399.21729 | F62: 1.616715 | G62: 400.229 | H62: 398.61343 | I62: 1.615565 | J62: 92.9 | K62: 1.8163 | L62: 0.6 | M62: 8.1916 | N62: 0.68773379 | O62: 17.427923 | P62: 95.165496 | Q62: 0.48954052 | R62: 161.66215 | S62: 822.89348 | T62: 0.65123789 | U62: 0.65 | V62: 0.44550856 | W62: C | X62: 0.015 | Y62: 1 | Z62: 0.8 | AA62: 0.59024855 | AB62: 0.55124854 | AC62: 2.069779 | AD62: 18.17599 | AF62: 52 | AG62: 53 | AH62: 51 | AI62: 0 | AJ62: 0 | AK62: 399.21729 | AL62: 10000 | AM62: 10000 | AN62: 17.427923 | AO62: 15 | AP62: 15 | AQ62: 0.49168131 | AR62: 0.59024855 | AS62: 0.45635213 | AT62: 621.21175 | AU62: 0.54470942 | AV62: 0.55124854 | AW62: 0.63335073
B63: 53 | C63: 400.229 | E63: 398.61343 | F63: 1.615565 | G63: 399.375 | H63: 397.74565 | I63: 1.629345 | J63: 96.42 | K63: 1.7601 | L63: 0.6 | M63: 9.9517 | N63: 0.66431535 | O63: 18.17599 | P63: 93.38416 | Q63: 0.49332981 | R63: 149.64232 | S63: 972.5358 | T63: 0.88570836 | U63: 0.9 | V63: 0.62227164 | W63: C | X63: 0.015 | Y63: 1 | Z63: 0.8 | AA63: 0.5921651 | AB63: 0.60087229 | AC63: 2.4379082 | AD63: 18.835161 | AF63: 53 | AG63: 54 | AH63: 52 | AI63: 0 | AJ63: 0 | AK63: 398.61343 | AL63: 10000 | AM63: 10000 | AN63: 18.17599 | AO63: 15 | AP63: 15 | AQ63: 0.49271779 | AR63: 0.5921651 | AS63: 0.4615821 | AT63: 623.31601 | AU63: 0.59322888 | AV63: 0.60087229 | AW63: 0.66720892
B64: 54 | C64: 399.375 | E64: 397.74565 | F64: 1.629345 | G64: 398.568 | H64: 396.85456 | I64: 1.713445 | J64: 93.8 | K64: 2.1124 | L64: 0.6 | M64: 12.0641 | N64: 0.64193921 | O64: 18.835161 | P64: 91.876339 | Q64: 0.49652136 | R64: 171.84778 | S64: 1144.3836 | T64: 0.86034115 | U64: 0.95 | V64: 0.86161261 | W64: C | X64: 0.015 | Y64: 1 | Z64: 0.8 | AA64: 0.65605158 | AB64: 0.65348975 | AC64: 2.5940304 | AD64: 19.437827 | AF64: 54 | AG64: 55 | AH64: 53 | AI64: 0 | AJ64: 0 | AK64: 397.74565 | AL64: 10000 | AM64: 10000 | AN64: 18.835161 | AO64: 15 | AP64: 15 | AQ64: 0.52601766 | AR64: 0.65605158 | AS64: 0.65427163 | AT64: 689.31317 | AU64: 0.64463135 | AV64: 0.65348975 | AW64: 0.70192134
B65: 55 | C65: 398.568 | E65: 396.13405 | F65: 2.433953 | G65: 397.543 | H65: 395.12343 | I65: 2.419565 | J65: 69.22 | K65: 0.7449 | L65: 0.6 | M65: 71.2965 | N65: 0.46790088 | O65: 27.2888 | P65: 76.494808 | Q65: 0.52854957 | R65: 39.147295 | S65: 6794.5209 | T65: 1.4807859 | U65: 1.46 | V65: 1.0628689 | W65: C | X65: 0.015 | Y65: 1 | Z65: 1.5 | AA65: 1.131834 | AB65: 1.0643447 | AC65: 4.7496948 | AD65: 27.531693 | AF65: 55 | AG65: 56 | AH65: 48 | AI65: 54 | AJ65: 0 | AK65: 396.13405 | AL65: 396.85456 | AM65: 10000 | AN65: 27.2888 | AO65: 19.437827 | AP65: 15 | AQ65: 0.93559168 | AR65: 1.131834 | AS65: 0.92498948 | AT65: 635.78549 | AU65: 1.3452892 | AV65: 1.3653499 | AW65: 1.0643447
B66: 56 | C66: 397.543 | E66: 395.12343 | F66: 2.419565 | G66: 396.856 | H66: 394.42718 | I66: 2.428817 | J66: 68.26 | K66: 0.6881 | L66: 0.6 | M66: 71.9846 | N66: 0.4671016 | O66: 27.531693 | P66: 76.137929 | Q66: 0.52928744 | R66: 35.982207 | S66: 6830.5031 | T66: 1.0064459 | U66: 1.02 | V66: 1.0741561 | W66: C | X66: 0.015 | Y66: 1 | Z66: 1.5 | AA66: 1.4865396 | AB66: 1.0660984 | AC66: 3.870845 | AD66: 27.825599 | AF66: 56 | AG66: 57 | AH66: 55 | AI66: 0 | AJ66: 0 | AK66: 395.12343 | AL66: 10000 | AM66: 10000 | AN66: 27.531693 | AO66: 15 | AP66: 15 | AQ66: 1.0226532 | AR66: 1.3033168 | AS66: 1.4865396 | AT66: 784.26781 | AU66: 1.3489229 | AV66: 1.3690754 | AW66: 1.0660984
B67: 57 | C67: 396.856 | E67: 394.42718 | F67: 2.428817 | G67: 395.775 | H67: 393.37424 | I67: 2.400763 | J67: 68.82 | K67: 0.5384 | L67: 0.6 | M67: 72.523 | N67: 0.46648246 | O67: 27.825599 | P67: 75.711148 | Q67: 0.53016987 | R67: 28.005768 | S67: 6858.5088 | T67: 1.5707643 | U67: 1.53 | V67: 1.0829825 | W67: C | X67: 0.015 | Y67: 1 | Z67: 1.5 | AA67: 1.1200396 | AB67: 1.067459 | AC67: 4.846287 | AD67: 28.062275 | AF67: 57 | AG67: 58 | AH67: 56 | AI67: 0 | AJ67: 0 | AK67: 394.42718 | AL67: 10000 | AM67: 10000 | AN67: 27.825599 | AO67: 15 | AP67: 15 | AQ67: 0.92928069 | AR67: 1.1200396 | AS67: 0.89221171 | AT67: 628.98177 | AU67: 1.3517446 | AV67: 1.3719684 | AW67: 1.067459
B68: 58 | C68: 395.775 | E68: 393.37424 | F68: 2.400763 | G68: 394.724 | H68: 392.29451 | I68: 2.429493 | J68: 69.66 | K68: 0.491 | L68: 0.6 | M68: 73.014 | N68: 0.46592252 | O68: 28.062275 | P68: 75.371422 | Q68: 0.53087237 | R68: 25.428707 | S68: 6883.9375 | T68: 1.5087568 | U68: 1.55 | V68: 1.0910279 | W68: C | X68: 0.015 | Y68: 1 | Z68: 1.5 | AA68: 1.1177135 | AB68: 1.068691 | AC68: 4.8747195 | AD68: 28.300443 | AF68: 58 | AG68: 59 | AH68: 57 | AI68: 0 | AJ68: 0 | AK68: 393.37424 | AL68: 10000 | AM68: 10000 | AN68: 28.062275 | AO68: 15 | AP68: 15 | AQ68: 0.92803058 | AR68: 1.1177135 | AS68: 0.88583398 | AT68: 627.63155 | AU68: 1.3543018 | AV68: 1.3745903 | AW68: 1.068691
B69: 59 | C69: 394.724 | E69: 392.29451 | F69: 2.429493 | G69: 393.4 | H69: 390.99073 | I69: 2.409273 | J69: 68.62 | K69: 0.7579 | L69: 0.6 | M69: 73.7719 | N69: 0.46506688 | O69: 28.300443 | P69: 75.033051 | Q69: 0.53157213 | R69: 39.054796 | S69: 6922.9923 | T69: 1.9294666 | U69: 1.9 | V69: 1.1034426 | W69: C | X69: 0.015 | Y69: 1 | Z69: 1.5 | AA69: 1.0414734 | AB69: 1.0705772 | AC69: 5.2866901 | AD69: 28.516772 | AF69: 59 | AG69: 60 | AH69: 58 | AI69: 0 | AJ69: 0 | AK69: 392.29451 | AL69: 10000 | AM69: 10000 | AN69: 28.300443 | AO69: 15 | AP69: 15 | AQ69: 0.88600638 | AR69: 1.0414734 | AS69: 0.69190578 | AT69: 582.00602 | AU69: 1.3582203 | AV69: 1.378608 | AW69: 1.0705772
B70: 60 | C70: 393.4 | E70: 390.99073 | F70: 2.409273 | G70: 391.62 | H70: 389.18022 | I70: 2.439783 | J70: 95.29 | K70: 0.7521 | L70: 0.6 | M70: 74.524 | N70: 0.46422795 | O70: 28.516772 | P70: 74.728699 | Q70: 0.53220162 | R70: 38.574715 | S70: 6961.5671 | T70: 1.8679819 | U70: 1.9 | V70: 1.1157735 | W70: C | X70: 0.015 | Y70: 1 | Z70: 1.5 | AA70: 1.0456829 | AB70: 1.072433 | AC70: 5.2926633 | AD70: 28.816842 | AF70: 60 | AG70: 61 | AH70: 59 | AI70: 0 | AJ70: 0 | AK70: 390.99073 | AL70: 10000 | AM70: 10000 | AN70: 28.516772 | AO70: 15 | AP70: 15 | AQ70: 0.88838249 | AR70: 1.0456829 | AS70: 0.70186113 | AT70: 584.58844 | AU70: 1.36208 | AV70: 1.3825656 | AW70: 1.072433
B71: 61 | C71: 391.62 | E71: 389.18022 | F71: 2.439783 | G71: 389.738 | H71: 387.294 | I71: 2.444003 | J71: 104.79 | K71: 0.9429 | L71: 0.6 | M71: 75.4669 | N71: 0.46319018 | O71: 28.816842 | P71: 74.311172 | Q71: 0.53306532 | R71: 48.060884 | S71: 7009.6279 | T71: 1.7959729 | U71: 1.8 | V71: 1.1312327 | W71: C | X71: 0.015 | Y71: 1 | Z71: 1.5 | AA71: 1.0718887 | AB71: 1.0747353 | AC71: 5.1879212 | AD71: 29.153489 | AF71: 61 | AG71: 84 | AH71: 60 | AI71: 0 | AJ71: 0 | AK71: 389.18022 | AL71: 10000 | AM71: 10000 | AN71: 28.816842 | AO71: 15 | AP71: 15 | AQ71: 0.90302366 | AR71: 1.0718887 | AS71: 0.76578426 | AT71: 600.50839 | AU71: 1.3668743 | AV71: 1.3874816 | AW71: 1.0747353
B72: 62 | C72: 402.148 | E72: 400.648 | F72: 1.5 | G72: 401.248 | H72: 399.7227 | I72: 1.5253 | J72: 92.53 | K72: 2.9167 | L72: 0.6 | M72: 2.9167 | N72: 0.8265122 | O72: 15 | P72: 101.5258 | Q72: 0.47581284 | R72: 323.50861 | S72: 323.50861 | T72: 0.97265752 | U72: 1 | V72: 0.31935993 | W72: C | X72: 0.015 | Y72: 1 | Z72: 0.6 | AA72: 0.33848837 | AB72: 0.37014044 | AC72: 1.9677998 | AD72: 15.783701 | AF72: 62 | AG72: 63 | AH72: 0 | AI72: 0 | AJ72: 0 | AK72: 10000 | AL72: 10000 | AM72: 10000 | AN72: 15 | AO72: 15 | AP72: 15 | AQ72: 0.30674162 | AR72: 0.33848837 | AS72: 0.12826349 | AT72: 456.66995 | AU72: 0.36616821 | AV72: 0.37014044 | AW72: 0.50451554
... B74: 64 | C74: 400.28 | E74: 398.75114 | F74: 1.528865 | G74: 399.228 | H74: 397.68704 | I74: 1.54096 | J74: 92.53 | K74: 0.6834 | L74: 0.6 | M74: 4.2009 | N74: 0.77454216 | O74: 16.526748 | P74: 97.417642 | Q74: 0.48471739 | R74: 69.435009 | S74: 456.64978 | T74: 1.1369286 | U74: 1.15 | V74: 0.63631952 | W74: C | X74: 0.015 | Y74: 1 | Z74: 0.6 | AA74: 0.40936444 | AB74: 0.44217627 | AC74: 2.2220699 | AD74: 17.220771 | AF74: 64 | AG74: 65 | AH74: 63 | AI74: 0 | AJ74: 0 | AK74: 398.75114 | AL74: 10000 | AM74: 10000 | AN74: 16.526748 | AO74: 15 | AP74: 15 | AQ74: 0.35018592 | AR74: 0.40936444 | AS74: 0.26000299 | AT74: 570.85136 | AU74: 0.43664763 | AV74: 0.44217627 | AW74: 0.56173985
B75: 65 | C75: 399.228 | D75: 0.1 | E75: 397.58704 | F75: 1.64096 | G75: 398.759 | H75: 397.16096 | I75: 1.598045 | J75: 77.47 | K75: 0.9056 | L75: 0.6 | M75: 5.1065 | N75: 0.74809034 | O75: 17.220771 | P75: 95.672618 | Q75: 0.48845776 | R75: 87.950309 | S75: 544.60009 | T75: 0.60539564 | U75: 0.55 | V75: 0.19513008 | W75: C | X75: 0.015 | Y75: 1 | Z75: 0.8 | AA75: 0.46745243 | AB75: 0.44551689 | AC75: 1.7853838 | AD75: 17.943958 | AF75: 65 | AG75: 66 | AH75: 64 | AI75: 0 | AJ75: 0 | AK75: 397.68704 | AL75: 10000 | AM75: 10000 | AN75: 17.220771 | AO75: 15 | AP75: 15 | AQ75: 0.41952924 | AR75: 0.46745243 | AS75: 0.19571992 | AT75: 476.6133 | AU75: 0.44117793 | AV75: 0.44551689 | AW75: 0.55688702
B76: 66 | C76: 398.759 | E76: 397.16096 | F76: 1.598045 | G76: 397.406 | H76: 395.80812 | I76: 1.59788 | J76: 100.21 | K76: 0.775 | L76: 0.6 | M76: 5.8815 | N76: 0.72950978 | O76: 17.943958 | P76: 93.928491 | Q76: 0.49217414 | R76: 72.607453 | S76: 617.20754 | T76: 1.3501647 | U76: 1.35 | V76: 0.25062896 | W76: C | X76: 0.015 | Y76: 1 | Z76: 0.8 | AA76: 0.38033881 | AB76: 0.47523142 | AC76: 2.619673 | AD76: 18.581506 | AF76: 66 | AG76: 67 | AH76: 65 | AI76: 0 | AJ76: 0 | AK76: 397.16096 | AL76: 10000 | AM76: 10000 | AN76: 17.943958 | AO76: 15 | AP76: 15 | AQ76: 0.35890343 | AR76: 0.38033881 | AS76: 0.08516577 | AT76: 368.1325 | AU76: 0.47029691 | AV76: 0.47523142 | AW76: 0.57904069
B77: 67 | C77: 397.406 | E77: 395.80812 | F77: 1.59788 | G77: 396.22 | H77: 394.58849 | I77: 1.631505 | J77: 97.57 | K77: 1.0011 | L77: 0.6 | M77: 6.8826 | N77: 0.70938181 | O77: 18.581506 | P77: 92.449938 | Q77: 0.49530887 | R77: 90.338418 | S77: 707.54596 | T77: 1.2155376 | U77: 1.25 | V77: 0.32936551 | W77: C | X77: 0.015 | Y77: 1 | Z77: 0.8 | AA77: 0.42392788 | AB77: 0.50992946 | AC77: 2.6161001 | AD77: 19.203105 | AF77: 67 | AG77: 70 | AH77: 66 | AI77: 0 | AJ77: 0 | AK77: 395.80812 | AL77: 10000 | AM77: 10000 | AN77: 18.581506 | AO77: 15 | AP77: 15 | AQ77: 0.39050502 | AR77: 0.42392788 | AS77: 0.13357806 | AT77: 422.59108 | AU77: 0.50427635 | AV77: 0.50992946 | AW77: 0.6042271
B78: 68 | C78: 397.135 | E78: 395.535 | F78: 1.6 | G78: 396.942 | H78: 395.23356 | I78: 1.70844 | J78: 100.48 | K78: 2.0782 | L78: 0.6 | M78: 2.0782 | N78: 0.87791335 | O78: 15 | P78: 101.5258 | Q78: 0.47581284 | R78: 244.84081 | S78: 244.84081 | T78: 0.19207803 | U78: 0.3 | V78: 0.039439957 | W78: C | X78: 0.015 | Y78: 1 | Z78: 0.8 | AA78: 0.34423288 | AB78: 0.29494894 | AC78: 1.183614 | AD78: 16.414876 | AF78: 68 | AG78: 69 | AH78: 0 | AI78: 0 | AJ78: 0 | AK78: 10000 | AL78: 10000 | AM78: 10000 | AN78: 15 | AO78: 15 | AP78: 15 | AQ78: 0.33025999 | AR78: 0.34423288 | AS78: 0.054609067 | AT78: 323.21668 | AU78: 0.29329311 | AV78: 0.29494894 | AW78: 0.43405699
B79: 69 | C79: 396.942 | D79: 0.1 | E79: 395.13356 | F79: 1.80844 | G79: 396.22 | H79: 394.53446 | I79: 1.68554 | J79: 99.85 | K79: 1.2768 | L79: 0.6 | M79: 3.355 | N79: 0.80617018 | O79: 16.414876 | P79: 97.705774 | Q79: 0.48409753 | R79: 135.24927 | S79: 380.09009 | T79: 0.72308463 | U79: 0.6 | V79: 0.095047763 | W79: C | X79: 0.015 | Y79: 1 | Z79: 0.8 | AA79: 0.36296442 | AB79: 0.37007108 | AC79: 1.7141147 | AD79: 17.385736 | AF79: 69 | AG79: 70 | AH79: 68 | AI79: 0 | AJ79: 0 | AK79: 395.23356 | AL79: 10000 | AM79: 10000 | AN79: 16.414876 | AO79: 15 | AP79: 15 | AQ79: 0.34543875 | AR79: 0.36296442 | AS79: 0.069423937 | AT79: 346.47084 | AU79: 0.36715289 | AV79: 0.37007108 | AW79: 0.49783142
B80: 70 | C80: 396.22 | D80: 0.3 | E80: 394.23446 | F80: 1.98554 | G80: 395.334 | H80: 393.37995 | I80: 1.954045 | J80: 100.53 | K80: 0.9175 | L80: 0.6 | M80: 11.1551 | N80: 0.65095313 | O80: 19.203105 | P80: 91.058589 | Q80: 0.49824665 | R80: 75.275447 | S80: 1162.9115 | T80: 0.88132896 | U80: 0.85 | V80: 0.889738 | W80: C | X80: 0.015 | Y80: 1 | Z80: 0.8 | AA80: 0.7866154 | AB80: 0.65892685 | AC80: 2.3220267 | AD80: 19.924673 | AF80: 70 | AG80: 71 | AH80: 67 | AI80: 69 | AJ80: 0 | AK80: 394.58849 | AL80: 394.53446 | AM80: 10000 | AN80: 19.203105 | AO80: 17.385736 | AP80: 15 | AQ80: 0.54450732 | AR80: 0.69346563 | AS80: 0.7866154 | AT80: 782.52725 | AU80: 0.64994047 | AV80: 0.65892685 | AW80: 0.70544404
B81: 71 | C81: 395.334 | E81: 393.37995 | F81: 1.954045 | G81: 394.457 | H81: 392.48976 | I81: 1.967235 | J81: 98.91 | K81: 3.0018 | L81: 0.6 | M81: 14.1569 | N81: 0.62391822 | O81: 19.924673 | P81: 89.50219 | Q81: 0.50152034 | R81: 233.5414 | S81: 1396.4529 | T81: 0.88666464 | U81: 0.9 | V81: 0.39027253 | W81: C | X81: 0.015 | Y81: 1 | Z81: 1 | AA81: 0.62586947 | AB81: 0.67883763 | AC81: 2.6998883 | AD81: 20.535254 | AF81: 71 | AG81: 78 | AH81: 70 | AI81: 0 | AJ81: 0 | AK81: 393.37995 | AL81: 10000 | AM81: 10000 | AN81: 19.924673 | AO81: 15 | AP81: 15 | AQ81: 0.55044137 | AR81: 0.62586947 | AS81: 0.31673877 | AT81: 517.22618 | AU81: 0.67087117 | AV81: 0.67883763 | AW81: 0.71091758
B82: 72 | C82: 401.991 | D82: 0.1 | E82: 400.391 | F82: 1.6 | G82: 401.363 | H82: 399.73887 | I82: 1.624125 | J82: 86.95 | K82: 1.7489 | L82: 0.6 | M82: 1.7489 | N82: 0.90529023 | O82: 15 | P82: 101.5258 | Q82: 0.47581284 | R82: 212.47 | S82: 212.47 | T82: 0.72225417 | U82: 0.75 | V82: 0.13775393 | W82: C | X82: 0.015 | Y82: 1 | Z82: 0.6 | AA82: 0.28434093 | AB82: 0.29796776 | AC82: 1.6098591 | AD82: 15.900182 | AF82: 72 | AG82: 73 | AH82: 0 | AI82: 0 | AJ82: 0 | AK82: 10000 | AL82: 10000 | AM82: 10000 | AN82: 15 | AO82: 15 | AP82: 15 | AQ82: 0.26845743 | AR82: 0.28434093 | AS82: 0.062981792 | AT82: 366.61249 | AU82: 0.2954152 | AV82: 0.29796776 | AW82: 0.44254945
B83: 73 | C83: 401.363 | E83: 399.73887 | F83: 1.624125 | G83: 400.071 | H83: 398.45239 | I83: 1.618605 | J83: 98.96 | K83: 0.983 | L83: 0.6 | M83: 2.7319 | N83: 0.83619827 | O83: 15.900182 | P83: 99.056896 | Q83: 0.48118181 | R83: 108.8401 | S83: 321.31011 | T83: 1.305578 | U83: 1.3 | V83: 0.31503406 | W83: C | X83: 0.015 | Y83: 1 | Z83: 0.6 | AA83: 0.30960235 | AB83: 0.3688406 | AC83: 2.1838207 | AD83: 16.655434 | AF83: 73 | AG83: 74 | AH83: 72 | AI83: 0 | AJ83: 0 | AK83: 399.73887 | AL83: 10000 | AM83: 10000 | AN83: 15.900182 | AO83: 15 | AP83: 15 | AQ83: 0.28700201 | AR83: 0.30960235 | AS83: 0.089964657 | AT83: 408.70026 | AU83: 0.36489526 | AV83: 0.3688406 | AW83: 0.50344434
B84: 74 | C84: 400.071 | E84: 398.45239 | F84: 1.618605 | G84: 398.868 | H84: 397.26487 | I84: 1.603125 | J84: 98.96 | K84: 0.8368 | L84: 0.6 | M84: 3.5687 | N84: 0.79735774 | O84: 16.655434 | P84: 97.0886 | Q84: 0.48542446 | R84: 87.356861 | S84: 408.66697 | T84: 1.2156427 | U84: 1.2 | V84: 0.50962159 | W84: C | X84: 0.015 | Y84: 1 | Z84: 0.6 | AA84: 0.37281244 | AB84: 0.41756297 | AC84: 2.2134814 | AD84: 17.400564 | AF84: 74 | AG84: 75 | AH84: 73 | AI84: 0 | AJ84: 0 | AK84: 398.45239 | AL84: 10000 | AM84: 10000 | AN84: 16.655434 | AO84: 15 | AP84: 15 | AQ84: 0.3285528 | AR84: 0.37281244 | AS84: 0.18504174 | AT84: 512.85095 | AU84: 0.41258018 | AV84: 0.41756297 | AW84: 0.54263402
B85: 75 | C85: 398.868 | E85: 397.26487 | F85: 1.603125 | G85: 397.569 | H85: 395.97248 | I85: 1.596515 | J85: 83.38 | K85: 2.3997 | L85: 0.6 | M85: 5.9684 | N85: 0.72760771 | O85: 17.400564 | P85: 95.232119 | Q85: 0.48939837 | R85: 226.06454 | S85: 634.73151 | T85: 1.5579276 | U85: 1.55 | V85: 1.2293877 | W85: C | X85: 0.015 | Y85: 1 | Z85: 0.6 | AA85: 0.46755106 | AB85: 0.62245857 | AC85: 2.6849995 | AD85: 17.918131 | AF85: 75 | AG85: 76 | AH85: 74 | AI85: 0 | AJ85: 0 | AK85: 397.26487 | AL85: 10000 | AM85: 10000 | AN85: 17.400564 | AO85: 15 | AP85: 15 | AQ85: 0.38193214 | AR85: 0.46755106 | AS85: 0.41311346 | AT85: 656.66421 | AU85: 0.51661223 | AV85: 0.5240499 | AW85: 0.62245857
B86: 76 | C86: 397.569 | D86: 0.1 | E86: 395.87248 | F86: 1.696515 | G86: 395.568 | H86: 393.82635 | I86: 1.74165 | J86: 104.93 | K86: 0.981 | L86: 0.6 | M86: 6.9494 | N86: 0.70816324 | O86: 17.918131 | P86: 93.989528 | Q86: 0.49204443 | R86: 89.252095 | S86: 723.98361 | T86: 1.9069856 | U86: 1.95 | V86: 0.34484686 | W86: C | X86: 0.015 | Y86: 1 | Z86: 0.8 | AA86: 0.37486996 | AB86: 0.51600717 | AC86: 3.1309212 | AD86: 18.4767 | AF86: 76 | AG86: 77 | AH86: 75 | AI86: 0 | AJ86: 0 | AK86: 395.97248 | AL86: 10000 | AM86: 10000 | AN86: 17.918131 | AO86: 15 | AP86: 15 | AQ86: 0.35472443 | AR86: 0.37486996 | AS86: 0.080022735 | AT86: 361.3072 | AU86: 0.51022574 | AV86: 0.51600717 | AW86: 0.60856801
B87: 77 | C87: 395.568 | E87: 393.82635 | F87: 1.74165 | G87: 394.457 | H87: 392.761 | I87: 1.696 | J87: 81.95 | K87: 1.2094 | L87: 0.6 | M87: 8.1588 | N87: 0.68822512 | O87: 18.4767 | P87: 92.689338 | Q87: 0.49480224 | R87: 106.04597 | S87: 830.02958 | T87: 1.3557047 | U87: 1.3 | V87: 0.45326893 | W87: C | X87: 0.015 | Y87: 1 | Z87: 0.8 | AA87: 0.46472727 | AB87: 0.5537096 | AC87: 2.7404356 | AD87: 18.9751 | AF87: 77 | AG87: 78 | AH87: 76 | AI87: 0 | AJ87: 0 | AK87: 393.82635 | AL87: 10000 | AM87: 10000 | AN87: 18.4767 | AO87: 15 | AP87: 15 | AQ87: 0.41777548 | AR87: 0.46472727 | AS87: 0.19147746 | AT87: 473.25367 | AU87: 0.54711671 | AV87: 0.5537096 | AW87: 0.63505763
B88: 78 | C88: 394.457 | D88: 0.2 | E88: 392.28976 | F88: 2.167235 | G88: 393.393 | H88: 391.24218 | I88: 2.15082 | J88: 99.77 | K88: 0.8609 | L88: 0.6 | M88: 23.1766 | N88: 0.57150647 | O88: 20.535254 | P88: 88.231797 | Q88: 0.50418354 | R88: 60.802283 | S88: 2287.2847 | T88: 1.0664528 | U88: 1.05 | V88: 1.0470222 | W88: C | X88: 0.015 | Y88: 1 | Z88: 1 | AA88: 0.92389864 | AB88: 0.82911482 | AC88: 3.0173087 | AD88: 21.086352 | AF88: 78 | AG88: 79 | AH88: 71 | AI88: 77 | AJ88: 0 | AK88: 392.48976 | AL88: 392.761 | AM88: 10000 | AN88: 20.535254 | AO88: 18.9751 | AP88: 15 | AQ88: 0.67276993 | AR88: 0.85062194 | AS88: 0.92389864 | AT88: 758.0546 | AU88: 0.86313564 | AV88: 0.87562904 | AW88: 0.82911482
B89: 79 | C89: 393.393 | E89: 391.24218 | F89: 2.15082 | G89: 393.007 | H89: 390.7407 | I89: 2.2663 | J89: 71.64 | K89: 4.9189 | L89: 0.6 | M89: 28.0955 | N89: 0.55225881 | O89: 21.086352 | P89: 87.11997 | Q89: 0.5065084 | R89: 333.00232 | S89: 2620.2871 | T89: 0.53880514 | U89: 0.7 | V89: 0.51965269 | W89: C | X89: 0.015 | Y89: 1 | Z89: 1.2 | AA89: 0.91211245 | AB89: 0.8909108 | AC89: 2.8408255 | AD89: 21.506653 | AF89: 79 | AG89: 80 | AH89: 78 | AI89: 0 | AJ89: 0 | AK89: 391.24218 | AL89: 10000 | AM89: 10000 | AN89: 21.086352 | AO89: 15 | AP89: 15 | AQ89: 0.7519513 | AR89: 0.91211245 | AS89: 0.75854064 | AT89: 640.53347 | AU89: 0.87964534 | AV89: 0.8909108 | AW89: 0.83083512
B90: 80 | C90: 393.007 | E90: 390.7407 | F90: 2.2663 | G90: 391.978 | H90: 389.7868 | I90: 2.191195 | J90: 100.41 | K90: 3.623 | L90: 0.6 | M90: 31.7185 | N90: 0.54046348 | O90: 21.506653 | P90: 86.293278 | Q90: 0.50823378 | R90: 238.56538 | S90: 2858.8524 | T90: 1.0247983 | U90: 0.95 | V90: 0.61858433 | W90: C | X90: 0.015 | Y90: 1 | Z90: 1.2 | AA90: 0.86875446 | AB90: 0.93187436 | AC90: 3.2603395 | AD90: 22.019943 | AF90: 80 | AG90: 81 | AH90: 79 | AI90: 0 | AJ90: 0 | AK90: 390.7407 | AL90: 10000 | AM90: 10000 | AN90: 21.506653 | AO90: 15 | AP90: 15 | AQ90: 0.72856317 | AR90: 0.86875446 | AS90: 0.64098669 | AT90: 608.92867 | AU90: 0.91967411 | AV90: 0.93187436 | AW90: 0.8537102
B91: 81 | C91: 391.978 | E91: 389.7868 | F91: 2.191195 | G91: 391.171 | H91: 388.87771 | I91: 2.293285 | J91: 101.01 | K91: 3.0462 | L91: 0.6 | M91: 34.7647 | N91: 0.53171309 | O91: 22.019943 | P91: 85.307647 | Q91: 0.51028756 | R91: 195.87136 | S91: 3054.7238 | T91: 0.7989308 | U91: 0.9 | V91: 0.70625142 | W91: C | X91: 0.015 | Y91: 1 | Z91: 1.2 | AA91: 0.9313388 | AB91: 0.96428424 | AC91: 3.2433542 | AD91: 22.539004 | AF91: 81 | AG91: 82 | AH91: 80 | AI91: 0 | AJ91: 0 | AK91: 389.7868 | AL91: 10000 | AM91: 10000 | AN91: 22.019943 | AO91: 15 | AP91: 15 | AQ91: 0.76207588 | AR91: 0.9313388 | AS91: 0.81473456 | AT91: 654.05622 | AU91: 0.9513318 | AV91: 0.96428424 | AW91: 0.87152783
B92: 82 | C92: 391.171 | D92: 0.2 | E92: 388.67771 | F92: 2.493285 | G92: 390.331 | H92: 387.86923 | I92: 2.461765 | J92: 101.06 | K92: 7.3697 | L92: 0.6 | M92: 42.1344 | N92: 0.51382431 | O92: 22.539004 | P92: 84.336715 | Q92: 0.51230752 | R92: 454.5107 | S92: 3509.2345 | T92: 0.83118939 | U92: 0.8 | V92: 0.28352203 | W92: C | X92: 0.015 | Y92: 1 | Z92: 1.5 | AA92: 0.87615748 | AB92: 0.97097553 | AC92: 3.2738056 | AD92: 23.053492 | AF92: 82 | AG92: 83 | AH92: 81 | AI92: 0 | AJ92: 0 | AK92: 388.87771 | AL92: 10000 | AM92: 10000 | AN92: 22.539004 | AO92: 15 | AP92: 15 | AQ92: 0.7865793 | AR92: 0.87615748 | AS92: 0.36653906 | AT92: 476.40575 | AU92: 0.96000195 | AV92: 0.97097553 | AW92: 0.8662457
B93: 83 | C93: 390.331 | E93: 387.86923 | F93: 2.461765 | G93: 389.738 | H93: 387.26779 | I93: 2.470205 | J93: 100.24 | K93: 6.0128 | L93: 0.6 | M93: 48.1472 | N93: 0.5017673 | O93: 23.053492 | P93: 83.398903 | Q93: 0.5142559 | R93: 359.46034 | S93: 3868.6948 | T93: 0.59158021 | U93: 0.6 | V93: 0.34458072 | W93: C | X93: 0.015 | Y93: 1 | Z93: 1.5 | AA93: 1.0372612 | AB93: 1.0210752 | AC93: 2.9675087 | AD93: 23.616478 | AF93: 83 | AG93: 84 | AH93: 82 | AI93: 0 | AJ93: 0 | AK93: 387.86923 | AL93: 10000 | AM93: 10000 | AN93: 23.053492 | AO93: 15 | AP93: 15 | AQ93: 0.88362187 | AR93: 1.0372612 | AS93: 0.68163793 | AT93: 579.4153 | AU93: 1.0090236 | AV93: 1.0210752 | AW93: 0.89298104
B94: 84 | C94: 389.738 | E94: 387.26779 | F94: 2.470205 | G94: 389.223 | H94: 386.55547 | I94: 2.667525 | J94: 101.76 | K94: 1.1442 | L94: 0.6 | M94: 124.7583 | N94: 0.42354508 | O94: 29.153489 | P94: 73.849045 | Q94: 0.53402149 | R94: 53.093022 | S94: 10931.416 | T94: 0.50609277 | U94: 0.7 | V94: 0.68778843 | W94: C | X94: 0.015 | Y94: 2 | Z94: 1.5 | AA94: 1.3595269 | AB94: 1.2203517 | AC94: 3.2463872 | AD94: 29.675916 | AF94: 84 | AG94: 85 | AH94: 61 | AI94: 83 | AJ94: 0 | AK94: 387.294 | AL94: 387.26779 | AM94: 10000 | AN94: 29.153489 | AO94: 23.616478 | AP94: 15 | AQ94: 1.0057077 | AR94: 1.2686545 | AS94: 1.3595269 | AT94: 748.27905 | AU94: 1.2037829 | AV94: 1.2203517 | AW94: 0.9945412
B95: 85 | C95: 389.223 | E95: 386.55547 | F95: 2.667525 | G95: 387.07 | H95: 384.61182 | I95: 2.4581794 | J95: 97.28 | K95: 1.8631 | L95: 0.6 | M95: 126.6214 | N95: 0.42242901 | O95: 29.675916 | P95: 73.144742 | Q95: 0.53547929 | R95: 85.634335 | S95: 11017.05 | T95: 2.213199 | U95: 1.998 | V95: 0.69860661 | W95: C | X95: 0.015 | Y95: 2 | Z95: 1.5 | AA95: 0.87218953 | AB95: 1.2252743 | AC95: 5.1672627 | AD95: 29.989686 | AF95: 85 | AG95: 86 | AH95: 84 | AI95: 0 | AJ95: 0 | AK95: 386.55547 | AL95: 10000 | AM95: 10000 | AN95: 29.675916 | AO95: 15 | AP95: 15 | AQ95: 0.78402579 | AR95: 0.87218953 | AS95: 0.36040141 | AT95: 473.79696 | AU95: 1.2085897 | AV95: 1.2252743 | AW95: 0.99696314
B96: 86 | C96: 387.07 | E96: 384.61182 | F96: 2.4581794 | G96: 384.663 | H96: 382.22516 | I96: 2.4378394 | J96: 101.56 | K96: 1.0073 | L96: 0.6 | M96: 127.6287 | N96: 0.42183362 | O96: 29.989686 | P96: 72.729058 | Q96: 0.53634004 | R96: 46.044786 | S96: 11063.095 | T96: 2.3700276 | U96: 2.35 | V96: 0.70445834 | W96: C | X96: 0.015 | Y96: 2 | Z96: 1.5 | AA96: 0.82876594 | AB96: 1.2279136 | AC96: 5.5232389 | AD96: 30.296149 | AF96: 86 | AG96: 87 | AH96: 85 | AI96: 0 | AJ96: 0 | AK96: 384.61182 | AL96: 10000 | AM96: 10000 | AN96: 29.989686 | AO96: 15 | AP96: 15 | AQ96: 0.75547406 | AR96: 0.82876594 | AS96: 0.29572386 | AT96: 445.11302 | AU96: 1.2111667 | AV96: 1.2279136 | AW96: 0.99826005
B97: 87 | C97: 384.663 | E97: 382.22516 | F97: 2.4378394 | G97: 385.194 | H97: 381.50955 | I97: 3.6844494 | J97: 102.23 | K97: 1.0386 | L97: 0.6 | M97: 128.6673 | N97: 0.42122551 | O97: 30.296149 | P97: 72.32823 | Q97: 0.53717033 | R97: 47.218814 | S97: 11110.314 | T97: -0.519417 | U97: 0.7 | V97: 0.71048462 | W97: C | X97: 0.015 | Y97: 2 | Z97: 1.5 | AA97: 1.4174675 | AB97: 1.2306146 | AC97: 3.2127956 | AD97: 30.826476 | AF97: 87 | AG97: 91 | AH97: 86 | AI97: 0 | AJ97: 0 | AK97: 382.22516 | AL97: 10000 | AM97: 10000 | AN97: 30.296149 | AO97: 15 | AP97: 15 | AQ97: 1.0136075 | AR97: 1.2847363 | AS97: 1.4174675 | AT97: 768.47672 | AU97: 1.213804 | AV97: 1.2306146 | AW97: 0.99958616
B98: 88 | C98: 387.289 | E98: 385.789 | F98: 1.5 | G98: 386.853 | H98: 385.33841 | I98: 1.514585 | J98: 100.13 | K98: 1.5946 | L98: 0.6 | M98: 1.5946 | N98: 0.92029696 | O98: 15 | P98: 101.5258 | Q98: 0.47581284 | R98: 196.93575 | S98: 196.93575 | T98: 0.43543394 | U98: 0.45 | V98: 0.11834717 | W98: C | X98: 0.015 | Y98: 1 | Z98: 0.6 | AA98: 0.31775319 | AB98: 0.28652233 | AC98: 1.295482 | AD98: 16.288195 | AF98: 88 | AG98: 89 | AH98: 0 | AI98: 0 | AJ98: 0 | AK98: 10000 | AL98: 10000 | AM98: 10000 | AN98: 15 | AO98: 15 | AP98: 15 | AQ98: 0.29271701 | AR98: 0.31775319 | AS98: 0.099888825 | AT98: 422.27045 | AU98: 0.28417999 | AV98: 0.28652233 | AW98: 0.43219934
B99: 89 | C99: 386.853 | E99: 385.33841 | F99: 1.514585 | G99: 385.803 | H99: 384.28033 | I99: 1.52267 | J99: 100.77 | K99: 1.9687 | L99: 0.6 | M99: 3.5633 | N99: 0.79757269 | O99: 16.288195 | P99: 98.034406 | Q99: 0.48338973 | R99: 206.70834 | S99: 403.64409 | T99: 1.0419768 | U99: 1.05 | V99: 0.49717117 | W99: C | X99: 0.015 | Y99: 1 | Z99: 0.6 | AA99: 0.38725933 | AB99: 0.41490733 | AC99: 2.0916437 | AD99: 17.091152 | AF99: 89 | AG99: 90 | AH99: 88 | AI99: 0 | AJ99: 0 | AK99: 385.33841 | AL99: 10000 | AM99: 10000 | AN99: 16.288195 | AO99: 15 | AP99: 15 | AQ99: 0.33728143 | AR99: 0.38725933 | AS99: 0.21280444 | AT99: 536.05381 | AU99: 0.4099826 | AV99: 0.41490733 | AW99: 0.5405463
B100: 90 | C100: 385.803 | D100: 0.1 | E100: 384.18033 | F100: 1.62267 | G100: 385.194 | H100: 382.54561 | I100: 2.64839 | J100: 102.17 | K100: 2.0702 | L100: 0.6 | M100: 5.6335 | N100: 0.73512546 | O100: 17.091152 | P100: 95.99309 | Q100: 0.48777256 | R100: 197.95357 | S100: 601.59766 | T100: 0.59606538 | U100: 1.6 | V100: 0.2381119 | W100: C | X100: 0.015 | Y100: 1 | Z100: 0.8 | AA100: 0.35649323 | AB100: 0.46899231 | AC100: 2.7775779 | AD100: 17.704216 | AF100: 90 | AG100: 91 | AH100: 89 | AI100: 0 | AJ100: 0 | AK100: 384.28033 | AL100: 10000 | AM100: 10000 | AN100: 17.091152 | AO100: 15 | AP100: 15 | AQ100: 0.34027719 | AR100: 0.35649323 | AS100: 0.064098402 | AT100: 338.42304 | AU100: 0.4641844 | AV100: 0.46899231 | AW100: 0.57443566
B101: 91 | C101: 385.194 | E101: 381.50955 | F101: 3.6844494 | G101: 382.736 | H101: 380.2952 | I101: 2.4407966 | J101: 101.28 | K101: 2.0672 | L101: 0.6 | M101: 136.368 | N101: 0.41688971 | O101: 30.826476 | P101: 71.646393 | Q101: 0.53858344 | R101: 92.381125 | S101: 11804.293 | T101: 2.4269352 | U101: 1.199 | V101: 0.80201403 | W101: C | X101: 0.015 | Y101: 2 | Z101: 1.5 | AA101: 1.0967798 | AB101: 1.2696887 | AC101: 4.2628224 | AD101: 31.222458 | AF101: 91 | AG101: 92 | AH101: 87 | AI101: 90 | AJ101: 0 | AK101: 381.50955 | AL101: 382.54561 | AM101: 10000 | AN101: 30.826476 | AO101: 17.704216 | AP101: 15 | AQ101: 0.91669785 | AR101: 1.0967798 | AS101: 0.82953329 | AT101: 615.36134 | AU101: 1.2519499 | AV101: 1.2696887 | AW101: 1.0186435
B102: 92 | C102: 382.736 | E102: 380.2952 | F102: 2.4407966 | G102: 380.003 | H102: 377.57306 | I102: 2.4299366 | J102: 100.82 | K102: 1.032 | L102: 0.6 | M102: 137.4 | N102: 0.41633063 | O102: 31.222458 | P102: 71.146773 | Q102: 0.53961957 | R102: 45.824022 | S102: 11850.117 | T102: 2.7107717 | U102: 2.7 | V102: 0.80825292 | W102: C | X102: 0.015 | Y102: 2 | Z102: 1.5 | AA102: 0.82838867 | AB102: 1.2722291 | AC102: 5.919485 | AD102: 31.506323 | AF102: 92 | AG102: 93 | AH102: 91 | AI102: 0 | AJ102: 0 | AK102: 380.2952 | AL102: 10000 | AM102: 10000 | AN102: 31.222458 | AO102: 15 | AP102: 15 | AQ102: 0.75522091 | AR102: 0.82838867 | AS102: 0.29521617 | AT102: 444.86289 | AU102: 1.2544295 | AV102: 1.2722291 | AW102: 1.0198744
B103: 93 | C103: 380.003 | E103: 377.57306 | F103: 2.4299366 | G103: 378.638 | H103: 376.19961 | I103: 2.4383916 | J103: 88.61 | K103: 0.9884 | L103: 0.6 | M103: 138.3884 | N103: 0.41579978 | O103: 31.506323 | P103: 70.793482 | Q103: 0.54035262 | R103: 43.673678 | S103: 11893.79 | T103: 1.5404582 | U103: 1.55 | V103: 0.81422154 | W103: C | X103: 0.015 | Y103: 2 | Z103: 1.5 | AA103: 1.0044992 | AB103: 1.2746459 | AC103: 4.7277748 | AD103: 31.818697 | AF103: 93 | AG103: 94 | AH103: 92 | AI103: 0 | AJ103: 0 | AK103: 377.57306 | AL103: 10000 | AM103: 10000 | AN103: 31.506323 | AO103: 15 | AP103: 15 | AQ103: 0.8648341 | AR103: 1.0044992 | AS103: 0.60809848 | AT103: 559.05042 | AU103: 1.2567885 | AV103: 1.2746459 | AW103: 1.0210445
B104: 94 | C104: 378.638 | E104: 376.19961 | F104: 2.4383916 | G104: 375.411 | H104: 372.95961 | I104: 2.4513916 | J104: 120 | K104: 0.9488 | L104: 0.6 | M104: 139.3372 | N104: 0.41529439 | O104: 31.818697 | P104: 70.409311 | Q104: 0.54115011 | R104: 41.70718 | S104: 11935.497 | T104: 2.6891667 | U104: 2.7 | V104: 0.81994191 | W104: C | X104: 0.015 | Y104: 2 | Z104: 1.5 | AA104: 0.83229669 | AB104: 1.0221592 | AC104: 5.9276199 | AD104: 32.1561 | AF104: 94 | AG104: 95 | AH104: 93 | AI104: 0 | AJ104: 0 | AK104: 376.19961 | AL104: 10000 | AM104: 10000 | AN104: 31.818697 | AO104: 15 | AP104: 15 | AQ104: 0.7578388 | AR104: 0.83229669 | AS104: 0.30071582 | AT104: 447.45324 | AU104: 1.2590373 | AV104: 1.2769499 | AW104: 1.0221592
B105: 95 | C105: 375.411 | E105: 372.95961 | F105: 2.4513916 | G105: 374.5 | H105: 372.63961 | I105: -1.8603916 | J105: 40 | K105: 0.1 | L105: 0.6 | M105: 139.4372 | N105: 0.41524136 | O105: 32.1561 | P105: 69.999669 | Q105: 0.54200095 | R105: 4.3765196 | S105: 11939.874 | T105: 2.2775 | U105: 0.8 | V105: 0.82054333 | W105: C | X105: 0.015 | Y105: 2 | Z105: 1.5 | AA105: 1.4368037 | AB105: 1.022276 | AC105: 3.4279778 | AD105: 32.350578 | AF105: 95 | AG105: 0 | AH105: 94 | AI105: 0 | AJ105: 0 | AK105: 372.95961 | AL105: 10000 | AM105: 10000 | AN105: 32.1561 | AO105: 15 | AP105: 15 | AQ105: 1.0161728 | AR105: 1.2899875 | AS105: 1.4368037 | AT105: 774.01474 | AU105: 1.259273 | AV105: 1.2771914 | AW105: 1.022276

Sheet Dre-Terraplenagem
B2: =DADOS!$B$3 -> CLIENTE: | C2: =DADOS!$C$3 -> PREFEITURA MUNICIPAL DE APARECIDA DO TABOADO / MS
B3: =DADOS!$B$4 -> ENDEREÇO: | C3: =DADOS!$C$4 -> RUA ELIAS TOLENTINO DE ALMEIDA, Nº 4.098 - JD. SÃO BENTO
B5: =DADOS!$B$7 -> OBRA: | C5: =DADOS!$C$7 -> PAVIMENTAÇÃO ASFÁLTICA E DRENAGEM DE ÁGUAS PLUVIAIS
B6: =DADOS!$B$8 -> LOCAL: | C6: =DADOS!$C$8 -> DIVERSAS RUAS NO BAIRRO PRIMAVERA, APARECIDA DO TABOADO / MS
B8: TRECHO Nº | G8: 5B | H8: 7B | I8: 8A | J8: 29B | K8: ='Dre-Dim'!B40 -> 30 | L8: ='Dre-Dim'!B41 -> 31 | M8: 32A | O8: BIGODE - Ø0,40m | Q8: TOTAL
B10: MEMÓRIA DE CÁLCULO DE DRENAGEM DE ÁGUAS PLUVIAIS - TERRAPLENAGEM | C10: EXTENSÃO (m) | G10: 40 | H10: 46 | I10: 10 | J10: 33 | K10: ='Dre-Dim'!J40 -> 75.44 | L10: ='Dre-Dim'!J41 -> 77.47 | M10: 38.89 | O10: ='Dre-Disp. Estruturais'!$O$23 -> 690 | Q10: =SUM(F10:P10) -> 1010.8
C11: DIÂMETRO (m) | G11: ='Dre-Dim'!Z15 -> 0.8 | H11: ='Dre-Dim'!Z17 -> 0.8 | I11: ='Dre-Dim'!Z18 -> 1 | J11: ='Dre-Dim'!Z39 -> 0.6 | K11: ='Dre-Dim'!Z40 -> 0.6 | L11: ='Dre-Dim'!Z41 -> 0.8 | M11: ='Dre-Dim'!Z42 -> 0.8 | O11: 0.4
C12: N° DE LINHAS (un) | G12: ='Dre-Dim'!Y15 -> 1 | H12: ='Dre-Dim'!Y17 -> 1 | I12: ='Dre-Dim'!Y18 -> 1 | J12: ='Dre-Dim'!Y39 -> 1 | K12: ='Dre-Dim'!Y40 -> 1 | L12: ='Dre-Dim'!Y41 -> 1 | M12: ='Dre-Dim'!Y42 -> 1 | O12: 1
C13: MATERIAL (P=PEAD C=CONCRETO MET=METÁLICO) | G13: ='Dre-Dim'!W15 -> C | H13: ='Dre-Dim'!W17 -> C | I13: ='Dre-Dim'!W18 -> C | J13: ='Dre-Dim'!W39 -> C | K13: ='Dre-Dim'!W40 -> C | L13: ='Dre-Dim'!W41 -> C | M13: ='Dre-Dim'!W42 -> C | O13: C
C14: PS-1 / PS-2 / PVC | G14: =IF(G11>0.7,"PA-1","PS-1") -> PA-1 | H14: =IF(H11>0.7,"PA-1","PS-1") -> PA-1 | I14: =IF(I11>0.7,"PA-1","PS-1") -> PA-1 | J14: =IF(J11>0.7,"PA-1","PS-1") -> PS-1 | K14: =IF(K11>0.7,"PA-1","PS-1") -> PS-1 | L14: =IF(L11>0.7,"PA-1","PS-1") -> PA-1 | M14: =IF(M11>0.7,"PA-1","PS-1") -> PA-1 | O14: =IF(O11>0.7,"PA-1","PS-1") -> PS-1
C15: PROFUNDIDADE | D15: MONTANTE (PV) | G15: =ABS('Dre-Dim'!F15) -> 2.25592 | H15: =ABS('Dre-Dim'!F17) -> 1.86962 | I15: =ABS('Dre-Dim'!F18) -> 2.27217 | J15: =ABS('Dre-Dim'!F39) -> 1.51981 | K15: =ABS('Dre-Dim'!F40) -> 1.5 | L15: =ABS('Dre-Dim'!F41) -> 1.6298 | M15: =ABS('Dre-Dim'!F42) -> 1.741945 | O15: 1.5
D16: JUSANTE (PV) | G16: =ABS('Dre-Dim'!I15) -> 2.27217 | H16: =ABS('Dre-Dim'!I17) -> 1.81924 | I16: =ABS('Dre-Dim'!I18) -> 2.157595 | J16: =ABS('Dre-Dim'!I39) -> 1.5298 | K16: =ABS('Dre-Dim'!I40) -> 1.52748 | L16: =ABS('Dre-Dim'!I41) -> 1.741945 | M16: =ABS('Dre-Dim'!I42) -> 1.933615 | O16: 1.5
D17: MÉDIA | G17: =ROUND(((G15+G16)/2),2) -> 2.26 | H17: =ROUND(((H15+H16)/2),2) -> 1.84 | I17: =ROUND(((I15+I16)/2),2) -> 2.21 | J17: =ROUND(((J15+J16)/2),2) -> 1.52 | K17: =ROUND(((K15+K16)/2),2) -> 1.51 | L17: =ROUND(((L15+L16)/2),2) -> 1.69 | M17: =ROUND(((M15+M16)/2),2) -> 1.84 | O17: =ROUND(((O15+O16)/2),2) -> 1.5
D18: BOLSA + ESPESSURA | G18: =IF(G11=0,0,IF(G14="PVC",0,G11*0.21)) -> 0.168 | H18: =IF(H11=0,0,IF(H14="PVC",0,H11*0.21)) -> 0.168 | I18: =IF(I11=0,0,IF(I14="PVC",0,I11*0.21)) -> 0.21 | J18: =IF(J11=0,0,IF(J14="PVC",0,J11*0.21)) -> 0.126 | K18: =IF(K11=0,0,IF(K14="PVC",0,K11*0.21)) -> 0.126 | L18: =IF(L11=0,0,IF(L14="PVC",0,L11*0.21)) -> 0.168 | M18: =IF(M11=0,0,IF(M14="PVC",0,M11*0.21)) -> 0.168 | O18: =IF(O11=0,0,IF(O14="PVC",0,O11*0.21)) -> 0.084
D19: LASTRO | G19: =G52+G54 -> 0 | H19: =H52+H54 -> 0 | I19: =I52+I54 -> 0 | J19: =J52+J54 -> 0 | K19: =K52+K54 -> 0 | L19: =L52+L54 -> 0 | M19: =M52+M54 -> 0 | O19: =O52+O54 -> 0
D20: MÉDIA + BOLSA (H) | G20: =G17+G18+G19 -> 2.428 | H20: =H17+H18+H19 -> 2.008 | I20: =I17+I18+I19 -> 2.42 | J20: =J17+J18+J19 -> 1.646 | K20: =K17+K18+K19 -> 1.636 | L20: =L17+L18+L19 -> 1.858 | M20: =M17+M18+M19 -> 2.008 | O20: =O17+O18 -> 1.584
C21: TALUDE (1:V) | G21: 3 | H21: 3 | I21: 3 | J21: 3 | K21: 3 | L21: 3 | M21: 3 | O21: 3
C23: BASE (m) | D23: INFERIOR H < 4,50m (L = 2Ø) | G23: =IF(G16<=4.5,IF(G14="PVC",0.4*2+G11*IF(G12=1,1,IF(G12=2,3,5)),G11*IF(G12=1,2,IF(G12=2,3.5,5))),0) -> 1.6 | H23: =IF(H16<=4.5,IF(H14="PVC",0.4*2+H11*IF(H12=1,1,IF(H12=2,3,5)),H11*IF(H12=1,2,IF(H12=2,3.5,5))),0) -> 1.6 | I23: =IF(I16<=4.5,IF(I14="PVC",0.4*2+I11*IF(I12=1,1,IF(I12=2,3,5)),I11*IF(I12=1,2,IF(I12=2,3.5,5))),0) -> 2 | J23: =IF(J16<=4.5,IF(J14="PVC",0.4*2+J11*IF(J12=1,1,IF(J12=2,3,5)),J11*IF(J12=1,2,IF(J12=2,3.5,5))),0) -> 1.2 | K23: =IF(K16<=4.5,IF(K14="PVC",0.4*2+K11*IF(K12=1,1,IF(K12=2,3,5)),K11*IF(K12=1,2,IF(K12=2,3.5,5))),0) -> 1.2 | L23: =IF(L16<=4.5,IF(L14="PVC",0.4*2+L11*IF(L12=1,1,IF(L12=2,3,5)),L11*IF(L12=1,2,IF(L12=2,3.5,5))),0) -> 1.6 | M23: =IF(M16<=4.5,IF(M14="PVC",0.4*2+M11*IF(M12=1,1,IF(M12=2,3,5)),M11*IF(M12=1,2,IF(M12=2,3.5,5))),0) -> 1.6 | O23: =IF(O16<=4.5,IF(O14="PVC",0.4*2+O11*IF(O12=1,1,IF(O12=2,3,5)),O11*IF(O12=1,2,IF(O12=2,3.5,5))),0) -> 0.8
D24: INFERIOR H > 4,50m (L = 3Ø) | G24: =IF(G23=0,IF(G14="PVC",0.8*2+G11*IF(G12=1,1,IF(G12=2,3,5)),G11*IF(G12=1,3,IF(G12=2,4.5,6))),0) -> 0 | H24: =IF(H23=0,IF(H14="PVC",0.8*2+H11*IF(H12=1,1,IF(H12=2,3,5)),H11*IF(H12=1,3,IF(H12=2,4.5,6))),0) -> 0 | I24: =IF(I23=0,IF(I14="PVC",0.8*2+I11*IF(I12=1,1,IF(I12=2,3,5)),I11*IF(I12=1,3,IF(I12=2,4.5,6))),0) -> 0 | J24: =IF(J23=0,IF(J14="PVC",0.8*2+J11*IF(J12=1,1,IF(J12=2,3,5)),J11*IF(J12=1,3,IF(J12=2,4.5,6))),0) -> 0 | K24: =IF(K23=0,IF(K14="PVC",0.8*2+K11*IF(K12=1,1,IF(K12=2,3,5)),K11*IF(K12=1,3,IF(K12=2,4.5,6))),0) -> 0 | L24: =IF(L23=0,IF(L14="PVC",0.8*2+L11*IF(L12=1,1,IF(L12=2,3,5)),L11*IF(L12=1,3,IF(L12=2,4.5,6))),0) -> 0 | M24: =IF(M23=0,IF(M14="PVC",0.8*2+M11*IF(M12=1,1,IF(M12=2,3,5)),M11*IF(M12=1,3,IF(M12=2,4.5,6))),0) -> 0 | O24: =IF(O23=0,IF(O14="PVC",0.8*2+O11*IF(O12=1,1,IF(O12=2,3,5)),O11*IF(O12=1,3,IF(O12=2,4.5,6))),0) -> 0
D25: REATERRO MECÂNICO | G25: =IF(G21="V",G23+G24,G23+G24+G29/G21*2) -> 3.2186667 | H25: =IF(H21="V",H23+H24,H23+H24+H29/H21*2) -> 2.9386667 | I25: =IF(I21="V",I23+I24,I23+I24+I29/I21*2) -> 3.6133333 | J25: =IF(J21="V",J23+J24,J23+J24+J29/J21*2) -> 2.2973333 | K25: =IF(K21="V",K23+K24,K23+K24+K29/K21*2) -> 2.2906667 | L25: =IF(L21="V",L23+L24,L23+L24+L29/L21*2) -> 2.8386667 | M25: =IF(M21="V",M23+M24,M23+M24+M29/M21*2) -> 2.9386667 | O25: =IF(O21="V",O23+O24,O23+O24+O29/O21*2) -> 1.856
D26: TOPO (BOCA DA VALA) | G26: =IF(G21="V",G23+G24,G20/G21*2+G23+G24) -> 3.2186667 | H26: =IF(H21="V",H23+H24,H20/H21*2+H23+H24) -> 2.9386667 | I26: =IF(I21="V",I23+I24,I20/I21*2+I23+I24) -> 3.6133333 | J26: =IF(J21="V",J23+J24,J20/J21*2+J23+J24) -> 2.2973333 | K26: =IF(K21="V",K23+K24,K20/K21*2+K23+K24) -> 2.2906667 | L26: =IF(L21="V",L23+L24,L20/L21*2+L23+L24) -> 2.8386667 | M26: =IF(M21="V",M23+M24,M20/M21*2+M23+M24) -> 2.9386667 | O26: =IF(O21="V",O23+O24,O20/O21*2+O23+O24) -> 1.856
C27: ÁREA DO TUBO (m²) | G27: =ROUND(((PI()*(G11*1.2)^2/4)*G12),2) -> 0.72 | H27: =ROUND(((PI()*(H11*1.2)^2/4)*H12),2) -> 0.72 | I27: =ROUND(((PI()*(I11*1.2)^2/4)*I12),2) -> 1.13 | J27: =ROUND(((PI()*(J11*1.2)^2/4)*J12),2) -> 0.41 | K27: =ROUND(((PI()*(K11*1.2)^2/4)*K12),2) -> 0.41 | L27: =ROUND(((PI()*(L11*1.2)^2/4)*L12),2) -> 0.72 | M27: =ROUND(((PI()*(M11*1.2)^2/4)*M12),2) -> 0.72 | O27: =ROUND(((PI()*(O11*1.2)^2/4)*O12),2) -> 0.18
C29: ALTURA (m) | D29: REATERRO MECÂNICO | G29: =G20 -> 2.428 | H29: =H20 -> 2.008 | I29: =I20 -> 2.42 | J29: =J20 -> 1.646 | K29: =K20 -> 1.636 | L29: =L20 -> 1.858 | M29: =M20 -> 2.008 | O29: =O20 -> 1.584
C30: ESCAVAÇÃO | D30: H1 < 1,50m | G30: =IF(G33+G32+G31>0,0,IF(G20>0,G20,0)) -> 0 | H30: =IF(H33+H32+H31>0,0,IF(H20>0,H20,0)) -> 0 | I30: =IF(I33+I32+I31>0,0,IF(I20>0,I20,0)) -> 0 | J30: =IF(J33+J32+J31>0,0,IF(J20>0,J20,0)) -> 0 | K30: =IF(K33+K32+K31>0,0,IF(K20>0,K20,0)) -> 0 | L30: =IF(L33+L32+L31>0,0,IF(L20>0,L20,0)) -> 0 | M30: =IF(M33+M32+M31>0,0,IF(M20>0,M20,0)) -> 0 | O30: =IF(O33+O32+O31>0,0,IF(O20>0,O20,0)) -> 0
D31: 1,51m < H2 < 3,00m | G31: =IF(G33+G32>0,0,IF(G20>1.5,G20,0)) -> 2.428 | H31: =IF(H33+H32>0,0,IF(H20>1.5,H20,0)) -> 2.008 | I31: =IF(I33+I32>0,0,IF(I20>1.5,I20,0)) -> 2.42 | J31: =IF(J33+J32>0,0,IF(J20>1.5,J20,0)) -> 1.646 | K31: =IF(K33+K32>0,0,IF(K20>1.5,K20,0)) -> 1.636 | L31: =IF(L33+L32>0,0,IF(L20>1.5,L20,0)) -> 1.858 | M31: =IF(M33+M32>0,0,IF(M20>1.5,M20,0)) -> 2.008 | O31: =IF(O33+O32>0,0,IF(O20>1.5,O20,0)) -> 1.584
D32: 3,01m < H3 < 4,50m | G32: =IF(G33>0,0,IF(G20>3,G20,0)) -> 0 | H32: =IF(H33>0,0,IF(H20>3,H20,0)) -> 0 | I32: =IF(I33>0,0,IF(I20>3,I20,0)) -> 0 | J32: =IF(J33>0,0,IF(J20>3,J20,0)) -> 0 | K32: =IF(K33>0,0,IF(K20>3,K20,0)) -> 0 | L32: =IF(L33>0,0,IF(L20>3,L20,0)) -> 0 | M32: =IF(M33>0,0,IF(M20>3,M20,0)) -> 0 | O32: =IF(O33>0,0,IF(O20>3,O20,0)) -> 0
D33: H4 > 4,51m | G33: =IF(G20>4.5,G20,0) -> 0 | H33: =IF(H20>4.5,H20,0) -> 0 | I33: =IF(I20>4.5,I20,0) -> 0 | J33: =IF(J20>4.5,J20,0) -> 0 | K33: =IF(K20>4.5,K20,0) -> 0 | L33: =IF(L20>4.5,L20,0) -> 0 | M33: =IF(M20>4.5,M20,0) -> 0 | O33: =IF(O20>4.5,O20,0) -> 0
C34: CÁLCULO DA ESCAVAÇÃO | D34: H4 > 4,51m | G34: =IF(G33=0,0,TRUNC(((G23+G24+G26)/2*G20*G10),2)) -> 0 | H34: =IF(H33=0,0,TRUNC(((H23+H24+H26)/2*H20*H10),2)) -> 0 | I34: =IF(I33=0,0,TRUNC(((I23+I24+I26)/2*I20*I10),2)) -> 0 | J34: =IF(J33=0,0,TRUNC(((J23+J24+J26)/2*J20*J10),2)) -> 0 | K34: =IF(K33=0,0,TRUNC(((K23+K24+K26)/2*K20*K10),2)) -> 0 | L34: =IF(L33=0,0,TRUNC(((L23+L24+L26)/2*L20*L10),2)) -> 0 | M34: =IF(M33=0,0,TRUNC(((M23+M24+M26)/2*M20*M10),2)) -> 0 | O34: =IF(O33=0,0,TRUNC(((O23+O24+O26)/2*O20*O10),2)) -> 0
D35: 3,01m < H3 < 4,50m | G35: =IF(G32=0,0,TRUNC(((G23+G24+G26)/2*G20*G10),2)) -> 0 | H35: =IF(H32=0,0,TRUNC(((H23+H24+H26)/2*H20*H10),2)) -> 0 | I35: =IF(I32=0,0,TRUNC(((I23+I24+I26)/2*I20*I10),2)) -> 0 | J35: =IF(J32=0,0,TRUNC(((J23+J24+J26)/2*J20*J10),2)) -> 0 | K35: =IF(K32=0,0,TRUNC(((K23+K24+K26)/2*K20*K10),2)) -> 0 | L35: =IF(L32=0,0,TRUNC(((L23+L24+L26)/2*L20*L10),2)) -> 0 | M35: =IF(M32=0,0,TRUNC(((M23+M24+M26)/2*M20*M10),2)) -> 0 | O35: =IF(O32=0,0,TRUNC(((O23+O24+O26)/2*O20*O10),2)) -> 0
D36: 1,51m < H2 < 3,00m | G36: =IF(G31=0,0,TRUNC(((G23+G24+G26)/2*G20*G10),2)) -> 233.99 | H36: =IF(H31=0,0,TRUNC(((H23+H24+H26)/2*H20*H10),2)) -> 209.61 | I36: =IF(I31=0,0,TRUNC(((I23+I24+I26)/2*I20*I10),2)) -> 67.92 | J36: =IF(J31=0,0,TRUNC(((J23+J24+J26)/2*J20*J10),2)) -> 94.98 | K36: =IF(K31=0,0,TRUNC(((K23+K24+K26)/2*K20*K10),2)) -> 215.4 | L36: =IF(L31=0,0,TRUNC(((L23+L24+L26)/2*L20*L10),2)) -> 319.44 | M36: =IF(M31=0,0,TRUNC(((M23+M24+M26)/2*M20*M10),2)) -> 177.21 | O36: =IF(O31=0,0,TRUNC(((O23+O24+O26)/2*O20*O10),2)) -> 1451.45
D37: H1 < 1,50m | G37: =IF(G30=0,0,TRUNC(((G23+G24+G26)/2*G20*G10),2)) -> 0 | H37: =IF(H30=0,0,TRUNC(((H23+H24+H26)/2*H20*H10),2)) -> 0 | I37: =IF(I30=0,0,TRUNC(((I23+I24+I26)/2*I20*I10),2)) -> 0 | J37: =IF(J30=0,0,TRUNC(((J23+J24+J26)/2*J20*J10),2)) -> 0 | K37: =IF(K30=0,0,TRUNC(((K23+K24+K26)/2*K20*K10),2)) -> 0 | L37: =IF(L30=0,0,TRUNC(((L23+L24+L26)/2*L20*L10),2)) -> 0 | M37: =IF(M30=0,0,TRUNC(((M23+M24+M26)/2*M20*M10),2)) -> 0 | O37: =IF(O30=0,0,TRUNC(((O23+O24+O26)/2*O20*O10),2)) -> 0
C39: VOLUME TOTAL DA ESCAVAÇÃO (m³) | G39: =SUM(G40:G50) -> 233.98 | H39: =SUM(H40:H50) -> 209.6 | I39: =SUM(I40:I50) -> 67.91 | J39: =SUM(J40:J50) -> 94.97 | K39: =SUM(K40:K50) -> 215.4 | L39: =SUM(L40:L50) -> 319.43 | M39: =SUM(M40:M50) -> 177.2 | O39: =SUM(O40:O50) -> 1451.44 | Q39: =SUM(F39:P39) -> 2769.93
C40: ESCAVAÇÃO MECÂNICA (m³) | D40: (H ≤ 1,50m) (L ≤ 0,80m) | G40: =IF(G30=0,0,IF(G26<=0.8,TRUNC((G37*95%),2),0)) -> 0 | H40: =IF(H30=0,0,IF(H26<=0.8,TRUNC((H37*95%),2),0)) -> 0 | I40: =IF(I30=0,0,IF(I26<=0.8,TRUNC((I37*95%),2),0)) -> 0 | J40: =IF(J30=0,0,IF(J26<=0.8,TRUNC((J37*95%),2),0)) -> 0 | K40: =IF(K30=0,0,IF(K26<=0.8,TRUNC((K37*95%),2),0)) -> 0 | L40: =IF(L30=0,0,IF(L26<=0.8,TRUNC((L37*95%),2),0)) -> 0 | M40: =IF(M30=0,0,IF(M26<=0.8,TRUNC((M37*95%),2),0)) -> 0 | O40: =IF(O30=0,0,IF(O26<=0.8,TRUNC((O37*95%),2),0)) -> 0 | Q40: =SUM(F40:P40) -> 0
D41: (H ≤ 1,50m) (0,80m < L ≤ 1,50m) | G41: =IF(G30=0,0,IF(G40+G42=0,TRUNC((G37*95%),2),0)) -> 0 | H41: =IF(H30=0,0,IF(H40+H42=0,TRUNC((H37*95%),2),0)) -> 0 | I41: =IF(I30=0,0,IF(I40+I42=0,TRUNC((I37*95%),2),0)) -> 0 | J41: =IF(J30=0,0,IF(J40+J42=0,TRUNC((J37*95%),2),0)) -> 0 | K41: =IF(K30=0,0,IF(K40+K42=0,TRUNC((K37*95%),2),0)) -> 0 | L41: =IF(L30=0,0,IF(L40+L42=0,TRUNC((L37*95%),2),0)) -> 0 | M41: =IF(M30=0,0,IF(M40+M42=0,TRUNC((M37*95%),2),0)) -> 0 | O41: =IF(O30=0,0,IF(O40+O42=0,TRUNC((O37*95%),2),0)) -> 0 | Q41: =SUM(F41:P41) -> 0
D42: (H ≤ 1,50m) (L > 1,50m) | G42: =IF(G30=0,0,IF(G26>1.5,TRUNC((G37*95%),2),0)) -> 0 | H42: =IF(H30=0,0,IF(H26>1.5,TRUNC((H37*95%),2),0)) -> 0 | I42: =IF(I30=0,0,IF(I26>1.5,TRUNC((I37*95%),2),0)) -> 0 | J42: =IF(J30=0,0,IF(J26>1.5,TRUNC((J37*95%),2),0)) -> 0 | K42: =IF(K30=0,0,IF(K26>1.5,TRUNC((K37*95%),2),0)) -> 0 | L42: =IF(L30=0,0,IF(L26>1.5,TRUNC((L37*95%),2),0)) -> 0 | M42: =IF(M30=0,0,IF(M26>1.5,TRUNC((M37*95%),2),0)) -> 0 | O42: =IF(O30=0,0,IF(O26>1.5,TRUNC((O37*95%),2),0)) -> 0 | Q42: =SUM(F42:P42) -> 0
D43: (1,50m < H ≤ 3,00m) (L ≤ 0,80m) | G43: =IF(G31=0,0,IF(G26<=0.8,TRUNC((G37*95%),2),0)) -> 0 | H43: =IF(H31=0,0,IF(H26<=0.8,TRUNC((H37*95%),2),0)) -> 0 | I43: =IF(I31=0,0,IF(I26<=0.8,TRUNC((I37*95%),2),0)) -> 0 | J43: =IF(J31=0,0,IF(J26<=0.8,TRUNC((J37*95%),2),0)) -> 0 | K43: =IF(K31=0,0,IF(K26<=0.8,TRUNC((K37*95%),2),0)) -> 0 | L43: =IF(L31=0,0,IF(L26<=0.8,TRUNC((L37*95%),2),0)) -> 0 | M43: =IF(M31=0,0,IF(M26<=0.8,TRUNC((M37*95%),2),0)) -> 0 | O43: =IF(O31=0,0,IF(O26<=0.8,TRUNC((O37*95%),2),0)) -> 0 | Q43: =SUM(F43:P43) -> 0
D44: (1,50m < H ≤ 3,00m) (0,80m < L ≤ 1,50m) | G44: =IF(G31=0,0,IF(G43+G45=0,TRUNC((G36*95%),2),0)) -> 0 | H44: =IF(H31=0,0,IF(H43+H45=0,TRUNC((H36*95%),2),0)) -> 0 | I44: =IF(I31=0,0,IF(I43+I45=0,TRUNC((I36*95%),2),0)) -> 0 | J44: =IF(J31=0,0,IF(J43+J45=0,TRUNC((J36*95%),2),0)) -> 0 | K44: =IF(K31=0,0,IF(K43+K45=0,TRUNC((K36*95%),2),0)) -> 0 | L44: =IF(L31=0,0,IF(L43+L45=0,TRUNC((L36*95%),2),0)) -> 0 | M44: =IF(M31=0,0,IF(M43+M45=0,TRUNC((M36*95%),2),0)) -> 0 | O44: =IF(O31=0,0,IF(O43+O45=0,TRUNC((O36*95%),2),0)) -> 0 | Q44: =SUM(F44:P44) -> 0
D45: (1,50m < H ≤ 3,00m) (L > 1,50m) | G45: =IF(G31=0,0,IF(G26>1.5,TRUNC((G36*95%),2),0)) -> 222.29 | H45: =IF(H31=0,0,IF(H26>1.5,TRUNC((H36*95%),2),0)) -> 199.12 | I45: =IF(I31=0,0,IF(I26>1.5,TRUNC((I36*95%),2),0)) -> 64.52 | J45: =IF(J31=0,0,IF(J26>1.5,TRUNC((J36*95%),2),0)) -> 90.23 | K45: =IF(K31=0,0,IF(K26>1.5,TRUNC((K36*95%),2),0)) -> 204.63 | L45: =IF(L31=0,0,IF(L26>1.5,TRUNC((L36*95%),2),0)) -> 303.46 | M45: =IF(M31=0,0,IF(M26>1.5,TRUNC((M36*95%),2),0)) -> 168.34 | O45: =IF(O31=0,0,IF(O26>1.5,TRUNC((O36*95%),2),0)) -> 1378.87 | Q45: =SUM(F45:P45) -> 2631.46
D46: (3,00m < H ≤ 4,50m) (L ≤ 1,50m) | G46: =IF(G32=0,0,IF(G47=0,TRUNC((G35*95%),2),0)) -> 0 | H46: =IF(H32=0,0,IF(H47=0,TRUNC((H35*95%),2),0)) -> 0 | I46: =IF(I32=0,0,IF(I47=0,TRUNC((I35*95%),2),0)) -> 0 | J46: =IF(J32=0,0,IF(J47=0,TRUNC((J35*95%),2),0)) -> 0 | K46: =IF(K32=0,0,IF(K47=0,TRUNC((K35*95%),2),0)) -> 0 | L46: =IF(L32=0,0,IF(L47=0,TRUNC((L35*95%),2),0)) -> 0 | M46: =IF(M32=0,0,IF(M47=0,TRUNC((M35*95%),2),0)) -> 0 | O46: =IF(O32=0,0,IF(O47=0,TRUNC((O35*95%),2),0)) -> 0 | Q46: =SUM(F46:P46) -> 0
D47: (3,00m < H ≤ 4,50m) (L > 1,50m) | G47: =IF(G32=0,0,IF(G26>1.5,TRUNC((G35*95%),2),0)) -> 0 | H47: =IF(H32=0,0,IF(H26>1.5,TRUNC((H35*95%),2),0)) -> 0 | I47: =IF(I32=0,0,IF(I26>1.5,TRUNC((I35*95%),2),0)) -> 0 | J47: =IF(J32=0,0,IF(J26>1.5,TRUNC((J35*95%),2),0)) -> 0 | K47: =IF(K32=0,0,IF(K26>1.5,TRUNC((K35*95%),2),0)) -> 0 | L47: =IF(L32=0,0,IF(L26>1.5,TRUNC((L35*95%),2),0)) -> 0 | M47: =IF(M32=0,0,IF(M26>1.5,TRUNC((M35*95%),2),0)) -> 0 | O47: =IF(O32=0,0,IF(O26>1.5,TRUNC((O35*95%),2),0)) -> 0 | Q47: =SUM(F47:P47) -> 0
D48: (4,50m < H ≤ 6,00m) (L ≤ 1,50m) | G48: =IF(G33=0,0,IF(G49=0,TRUNC((G34*95%),2),0)) -> 0 | H48: =IF(H33=0,0,IF(H49=0,TRUNC((H34*95%),2),0)) -> 0 | I48: =IF(I33=0,0,IF(I49=0,TRUNC((I34*95%),2),0)) -> 0 | J48: =IF(J33=0,0,IF(J49=0,TRUNC((J34*95%),2),0)) -> 0 | K48: =IF(K33=0,0,IF(K49=0,TRUNC((K34*95%),2),0)) -> 0 | L48: =IF(L33=0,0,IF(L49=0,TRUNC((L34*95%),2),0)) -> 0 | M48: =IF(M33=0,0,IF(M49=0,TRUNC((M34*95%),2),0)) -> 0 | O48: =IF(O33=0,0,IF(O49=0,TRUNC((O34*95%),2),0)) -> 0 | Q48: =SUM(F48:P48) -> 0
D49: (4,50m < H ≤ 6,00m) (L > 1,50m) | G49: =IF(G33=0,0,IF(G26>1.5,TRUNC((G34*95%),2),0)) -> 0 | H49: =IF(H33=0,0,IF(H26>1.5,TRUNC((H34*95%),2),0)) -> 0 | I49: =IF(I33=0,0,IF(I26>1.5,TRUNC((I34*95%),2),0)) -> 0 | J49: =IF(J33=0,0,IF(J26>1.5,TRUNC((J34*95%),2),0)) -> 0 | K49: =IF(K33=0,0,IF(K26>1.5,TRUNC((K34*95%),2),0)) -> 0 | L49: =IF(L33=0,0,IF(L26>1.5,TRUNC((L34*95%),2),0)) -> 0 | M49: =IF(M33=0,0,IF(M26>1.5,TRUNC((M34*95%),2),0)) -> 0 | O49: =IF(O33=0,0,IF(O26>1.5,TRUNC((O34*95%),2),0)) -> 0 | Q49: =SUM(F49:P49) -> 0
C50: ESCAVAÇÃO MANUAL (m³) | G50: =TRUNC((SUM(G34:G37)*5%),2) -> 11.69 | H50: =TRUNC((SUM(H34:H37)*5%),2) -> 10.48 | I50: =TRUNC((SUM(I34:I37)*5%),2) -> 3.39 | J50: =TRUNC((SUM(J34:J37)*5%),2) -> 4.74 | K50: =TRUNC((SUM(K34:K37)*5%),2) -> 10.77 | L50: =TRUNC((SUM(L34:L37)*5%),2) -> 15.97 | M50: =TRUNC((SUM(M34:M37)*5%),2) -> 8.86 | O50: =TRUNC((SUM(O34:O37)*5%),2) -> 72.57 | Q50: =SUM(F50:P50) -> 138.47
C52: LASTRO DE BRITA (m³) | D52: ESPESSURA
D53: VOLUME | G53: =TRUNC(((G52*G10*G23)*1.1),2) -> 0 | H53: =TRUNC(((H52*H10*H23)*1.1),2) -> 0 | I53: =TRUNC(((I52*I10*I23)*1.1),2) -> 0 | J53: =TRUNC(((J52*J10*J23)*1.1),2) -> 0 | K53: =TRUNC(((K52*K10*K23)*1.1),2) -> 0 | L53: =TRUNC(((L52*L10*L23)*1.1),2) -> 0 | M53: =TRUNC(((M52*M10*M23)*1.1),2) -> 0 | O53: =TRUNC(((O52*O10*O23)*1.1),2) -> 0 | Q53: =SUM(F53:P53) -> 0
C54: LASTRO DE PEDRA DE MÃO (m³) | D54: ESPESSURA
D55: VOLUME | G55: =TRUNC(((G54*G10*G23)*1.1),2) -> 0 | H55: =TRUNC(((H54*H10*H23)*1.1),2) -> 0 | I55: =TRUNC(((I54*I10*I23)*1.1),2) -> 0 | J55: =TRUNC(((J54*J10*J23)*1.1),2) -> 0 | K55: =TRUNC(((K54*K10*K23)*1.1),2) -> 0 | L55: =TRUNC(((L54*L10*L23)*1.1),2) -> 0 | M55: =TRUNC(((M54*M10*M23)*1.1),2) -> 0 | O55: =TRUNC(((O54*O10*O23)*1.1),2) -> 0 | Q55: =SUM(F55:P55) -> 0
C56: TRANSPORTE DE PEDRA DE MÃO E BRITA (m³.km) | E56: =IF('Resumo DMT''s'!$E$14>30,30,'Resumo DMT''s'!$E$14) -> 30 | G56: =TRUNC(((G53+G55)*$E$56),2) -> 0 | H56: =TRUNC(((H53+H55)*$E$56),2) -> 0 | I56: =TRUNC(((I53+I55)*$E$56),2) -> 0 | J56: =TRUNC(((J53+J55)*$E$56),2) -> 0 | K56: =TRUNC(((K53+K55)*$E$56),2) -> 0 | L56: =TRUNC(((L53+L55)*$E$56),2) -> 0 | M56: =TRUNC(((M53+M55)*$E$56),2) -> 0 | O56: =TRUNC(((O53+O55)*$E$56),2) -> 0 | Q56: =SUM(F56:P56) -> 0
C57: TRANSPORTE DE PEDRA DE MÃO E BRITA (m³.km) | E57: =IF('Resumo DMT''s'!$E$14>30,'Resumo DMT''s'!$E$14-30,0) -> 19 | G57: =TRUNC(((G53+G55)*$E$57),2) -> 0 | H57: =TRUNC(((H53+H55)*$E$57),2) -> 0 | I57: =TRUNC(((I53+I55)*$E$57),2) -> 0 | J57: =TRUNC(((J53+J55)*$E$57),2) -> 0 | K57: =TRUNC(((K53+K55)*$E$57),2) -> 0 | L57: =TRUNC(((L53+L55)*$E$57),2) -> 0 | M57: =TRUNC(((M53+M55)*$E$57),2) -> 0 | O57: =TRUNC(((O53+O55)*$E$57),2) -> 0 | Q57: =SUM(F57:P57) -> 0
C58: ESGOTAMENTO COM MOTO BOMBA (H) | G58: =TRUNC((IF(G53+G55>0,G69/14,0)),2) -> 0 | H58: =TRUNC((IF(H53+H55>0,H69/14,0)),2) -> 0 | I58: =TRUNC((IF(I53+I55>0,I69/14,0)),2) -> 0 | J58: =TRUNC((IF(J53+J55>0,J69/14,0)),2) -> 0 | K58: =TRUNC((IF(K53+K55>0,K69/14,0)),2) -> 0 | L58: =TRUNC((IF(L53+L55>0,L69/14,0)),2) -> 0 | M58: =TRUNC((IF(M53+M55>0,M69/14,0)),2) -> 0 | O58: =TRUNC((IF(O53+O55>0,O69/14,0)),2) -> 0 | Q58: =SUM(F58:P58) -> 0
C60: REGULARIZAÇÃO (m²) | D60: BASE ≤ 1,50m | G60: =IF(G52+G54>0,0,IF((G23+G24)<=1.5,TRUNC((G10*(G23+G24)),2),0)) -> 0 | H60: =IF(H52+H54>0,0,IF((H23+H24)<=1.5,TRUNC((H10*(H23+H24)),2),0)) -> 0 | I60: =IF(I52+I54>0,0,IF((I23+I24)<=1.5,TRUNC((I10*(I23+I24)),2),0)) -> 0 | J60: =IF(J52+J54>0,0,IF((J23+J24)<=1.5,TRUNC((J10*(J23+J24)),2),0)) -> 39.6 | K60: =IF(K52+K54>0,0,IF((K23+K24)<=1.5,TRUNC((K10*(K23+K24)),2),0)) -> 90.52 | L60: =IF(L52+L54>0,0,IF((L23+L24)<=1.5,TRUNC((L10*(L23+L24)),2),0)) -> 0 | M60: =IF(M52+M54>0,0,IF((M23+M24)<=1.5,TRUNC((M10*(M23+M24)),2),0)) -> 0 | O60: =IF(O52+O54>0,0,IF((O23+O24)<=1.5,TRUNC((O10*(O23+O24)),2),0)) -> 552 | Q60: =SUM(F60:P60) -> 682.12
D61: BASE > 1,50m | G61: =IF(G52+G54>0,0,IF((G23+G24)>1.5,TRUNC((G10*(G23+G24)),2),0)) -> 64 | H61: =IF(H52+H54>0,0,IF((H23+H24)>1.5,TRUNC((H10*(H23+H24)),2),0)) -> 73.6 | I61: =IF(I52+I54>0,0,IF((I23+I24)>1.5,TRUNC((I10*(I23+I24)),2),0)) -> 20 | J61: =IF(J52+J54>0,0,IF((J23+J24)>1.5,TRUNC((J10*(J23+J24)),2),0)) -> 0 | K61: =IF(K52+K54>0,0,IF((K23+K24)>1.5,TRUNC((K10*(K23+K24)),2),0)) -> 0 | L61: =IF(L52+L54>0,0,IF((L23+L24)>1.5,TRUNC((L10*(L23+L24)),2),0)) -> 123.95 | M61: =IF(M52+M54>0,0,IF((M23+M24)>1.5,TRUNC((M10*(M23+M24)),2),0)) -> 62.22 | O61: =IF(O52+O54>0,0,IF((O23+O24)>1.5,TRUNC((O10*(O23+O24)),2),0)) -> 0 | Q61: =SUM(F61:P61) -> 343.77
C63: ESCORAMENTO PONTALETE (m²) | D63: (1,50m < H ≤ 2,00m) (L ≤ 1,50m) | G63: =IF(AND(G20>1.5,G20<=2,G26<=1.5),TRUNC((G20*2*G10),2),0) -> 0 | H63: =IF(AND(H20>1.5,H20<=2,H26<=1.5),TRUNC((H20*2*H10),2),0) -> 0 | I63: =IF(AND(I20>1.5,I20<=2,I26<=1.5),TRUNC((I20*2*I10),2),0) -> 0 | J63: =IF(AND(J20>1.5,J20<=2,J26<=1.5),TRUNC((J20*2*J10),2),0) -> 0 | K63: =IF(AND(K20>1.5,K20<=2,K26<=1.5),TRUNC((K20*2*K10),2),0) -> 0 | L63: =IF(AND(L20>1.5,L20<=2,L26<=1.5),TRUNC((L20*2*L10),2),0) -> 0 | M63: =IF(AND(M20>1.5,M20<=2,M26<=1.5),TRUNC((M20*2*M10),2),0) -> 0 | O63: 0 | Q63: =SUM(F63:P63) -> 0
D64: (1,50m < H ≤ 2,00m) (L > 1,50m) | G64: =IF(AND(G20>1.5,G20<=2,G26>1.5),TRUNC((G20*2*G10),2),0) -> 0 | H64: =IF(AND(H20>1.5,H20<=2,H26>1.5),TRUNC((H20*2*H10),2),0) -> 0 | I64: =IF(AND(I20>1.5,I20<=2,I26>1.5),TRUNC((I20*2*I10),2),0) -> 0 | J64: =IF(AND(J20>1.5,J20<=2,J26>1.5),TRUNC((J20*2*J10),2),0) -> 108.63 | K64: =IF(AND(K20>1.5,K20<=2,K26>1.5),TRUNC((K20*2*K10),2),0) -> 246.83 | L64: =IF(AND(L20>1.5,L20<=2,L26>1.5),TRUNC((L20*2*L10),2),0) -> 287.87 | M64: =IF(AND(M20>1.5,M20<=2,M26>1.5),TRUNC((M20*2*M10),2),0) -> 0 | O64: 0 | Q64: =SUM(F64:P64) -> 643.33
C65: ESCORAMENTO DESCONTÍNUO (m²) | D65: (2,00m < H ≤ 3,00m) (L ≤ 1,50m) | G65: =IF(AND(G20>2,G20<=3,G26<=1.5),TRUNC((G20*2*G10),2),0) -> 0 | H65: =IF(AND(H20>2,H20<=3,H26<=1.5),TRUNC((H20*2*H10),2),0) -> 0 | I65: =IF(AND(I20>2,I20<=3,I26<=1.5),TRUNC((I20*2*I10),2),0) -> 0 | J65: =IF(AND(J20>2,J20<=3,J26<=1.5),TRUNC((J20*2*J10),2),0) -> 0 | K65: =IF(AND(K20>2,K20<=3,K26<=1.5),TRUNC((K20*2*K10),2),0) -> 0 | L65: =IF(AND(L20>2,L20<=3,L26<=1.5),TRUNC((L20*2*L10),2),0) -> 0 | M65: =IF(AND(M20>2,M20<=3,M26<=1.5),TRUNC((M20*2*M10),2),0) -> 0 | O65: 0 | Q65: =SUM(F65:P65) -> 0
D66: (2,00m < H ≤ 3,00m) (L > 1,50m) | G66: =IF(AND(G20>2,G20<=3,G26>1.5),TRUNC((G20*2*G10),2),0) -> 194.24 | H66: =IF(AND(H20>2,H20<=3,H26>1.5),TRUNC((H20*2*H10),2),0) -> 184.73 | I66: =IF(AND(I20>2,I20<=3,I26>1.5),TRUNC((I20*2*I10),2),0) -> 48.4 | J66: =IF(AND(J20>2,J20<=3,J26>1.5),TRUNC((J20*2*J10),2),0) -> 0 | K66: =IF(AND(K20>2,K20<=3,K26>1.5),TRUNC((K20*2*K10),2),0) -> 0 | L66: =IF(AND(L20>2,L20<=3,L26>1.5),TRUNC((L20*2*L10),2),0) -> 0 | M66: =IF(AND(M20>2,M20<=3,M26>1.5),TRUNC((M20*2*M10),2),0) -> 156.18 | O66: 0 | Q66: =SUM(F66:P66) -> 583.55
C67: ESCORAMENTO METÁLICO (m²) | D67: (H > 3,00m) | G67: =IF(G20>3,TRUNC((G20*2*G10),2),0) -> 0 | H67: =IF(H20>3,TRUNC((H20*2*H10),2),0) -> 0 | I67: =IF(I20>3,TRUNC((I20*2*I10),2),0) -> 0 | J67: =IF(J20>3,TRUNC((J20*2*J10),2),0) -> 0 | K67: =IF(K20>3,TRUNC((K20*2*K10),2),0) -> 0 | L67: =IF(L20>3,TRUNC((L20*2*L10),2),0) -> 0 | M67: =IF(M20>3,TRUNC((M20*2*M10),2),0) -> 0 | O67: 0 | Q67: =SUM(F67:P67) -> 0
C69: VOLUME TOTAL DO REATERRO (m³) | G69: =TRUNC((G39-G53-G55-(G27*G10)),2) -> 205.18 | H69: =TRUNC((H39-H53-H55-(H27*H10)),2) -> 176.48 | I69: =TRUNC((I39-I53-I55-(I27*I10)),2) -> 56.61 | J69: =TRUNC((J39-J53-J55-(J27*J10)),2) -> 81.44 | K69: =TRUNC((K39-K53-K55-(K27*K10)),2) -> 184.46 | L69: =TRUNC((L39-L53-L55-(L27*L10)),2) -> 263.65 | M69: =TRUNC((M39-M53-M55-(M27*M10)),2) -> 149.19 | O69: =TRUNC((O39-O53-O55-(O27*O10)),2) -> 1327.24 | Q69: =SUM(F69:P69) -> 2444.25
C70: REATERRO MECÂNICO (m³) | D70: (H ≤ 1,50m) (L ≤ 0,80m) | G70: =IF(G20<=1.5,IF(G26<=0.8,G69,0),0) -> 0 | H70: =IF(H20<=1.5,IF(H26<=0.8,H69,0),0) -> 0 | I70: =IF(I20<=1.5,IF(I26<=0.8,I69,0),0) -> 0 | J70: =IF(J20<=1.5,IF(J26<=0.8,J69,0),0) -> 0 | K70: =IF(K20<=1.5,IF(K26<=0.8,K69,0),0) -> 0 | L70: =IF(L20<=1.5,IF(L26<=0.8,L69,0),0) -> 0 | M70: =IF(M20<=1.5,IF(M26<=0.8,M69,0),0) -> 0 | O70: =IF(O20<=1.5,IF(O26<=0.8,O69,0),0) -> 0 | Q70: =SUM(F70:P70) -> 0
D71: (H ≤ 1,50m) (0,80m < L ≤ 1,50m) | G71: =IF(G20<=1.5,IF(AND(G26>0.8,G26<=1.5),IF(G26>0.8,G69,0),0),0) -> 0 | H71: =IF(H20<=1.5,IF(AND(H26>0.8,H26<=1.5),IF(H26>0.8,H69,0),0),0) -> 0 | I71: =IF(I20<=1.5,IF(AND(I26>0.8,I26<=1.5),IF(I26>0.8,I69,0),0),0) -> 0 | J71: =IF(J20<=1.5,IF(AND(J26>0.8,J26<=1.5),IF(J26>0.8,J69,0),0),0) -> 0 | K71: =IF(K20<=1.5,IF(AND(K26>0.8,K26<=1.5),IF(K26>0.8,K69,0),0),0) -> 0 | L71: =IF(L20<=1.5,IF(AND(L26>0.8,L26<=1.5),IF(L26>0.8,L69,0),0),0) -> 0 | M71: =IF(M20<=1.5,IF(AND(M26>0.8,M26<=1.5),IF(M26>0.8,M69,0),0),0) -> 0 | O71: =IF(O20<=1.5,IF(AND(O26>0.8,O26<=1.5),IF(O26>0.8,O69,0),0),0) -> 0 | Q71: =SUM(F71:P71) -> 0
D72: (H ≤ 1,50m) (L > 1,50m) | G72: =IF(G20<=1.5,IF(G26>1.5,G69,0),0) -> 0 | H72: =IF(H20<=1.5,IF(H26>1.5,H69,0),0) -> 0 | I72: =IF(I20<=1.5,IF(I26>1.5,I69,0),0) -> 0 | J72: =IF(J20<=1.5,IF(J26>1.5,J69,0),0) -> 0 | K72: =IF(K20<=1.5,IF(K26>1.5,K69,0),0) -> 0 | L72: =IF(L20<=1.5,IF(L26>1.5,L69,0),0) -> 0 | M72: =IF(M20<=1.5,IF(M26>1.5,M69,0),0) -> 0 | O72: =IF(O20<=1.5,IF(O26>1.5,O69,0),0) -> 0 | Q72: =SUM(F72:P72) -> 0
D73: (1,50m < H ≤ 3,00m) (L ≤ 0,80m) | G73: =IF(SUM(G70:G72)>0,0,IF(G20<3,IF(G26<=0.8,G69,0),0)) -> 0 | H73: =IF(SUM(H70:H72)>0,0,IF(H20<3,IF(H26<=0.8,H69,0),0)) -> 0 | I73: =IF(SUM(I70:I72)>0,0,IF(I20<3,IF(I26<=0.8,I69,0),0)) -> 0 | J73: =IF(SUM(J70:J72)>0,0,IF(J20<3,IF(J26<=0.8,J69,0),0)) -> 0 | K73: =IF(SUM(K70:K72)>0,0,IF(K20<3,IF(K26<=0.8,K69,0),0)) -> 0 | L73: =IF(SUM(L70:L72)>0,0,IF(L20<3,IF(L26<=0.8,L69,0),0)) -> 0 | M73: =IF(SUM(M70:M72)>0,0,IF(M20<3,IF(M26<=0.8,M69,0),0)) -> 0 | O73: =IF(SUM(O70:O72)>0,0,IF(O20<3,IF(O26<=0.8,O69,0),0)) -> 0 | Q73: =SUM(F73:P73) -> 0
D74: (1,50m < H ≤ 3,00m) (0,80m < L ≤ 1,50m) | G74: =IF(SUM(G70:G73)>0,0,IF(G20<3,IF(AND(G26>0.8,G26<=1.5),G69,0),0)) -> 0 | H74: =IF(SUM(H70:H73)>0,0,IF(H20<3,IF(AND(H26>0.8,H26<=1.5),H69,0),0)) -> 0 | I74: =IF(SUM(I70:I73)>0,0,IF(I20<3,IF(AND(I26>0.8,I26<=1.5),I69,0),0)) -> 0 | J74: =IF(SUM(J70:J73)>0,0,IF(J20<3,IF(AND(J26>0.8,J26<=1.5),J69,0),0)) -> 0 | K74: =IF(SUM(K70:K73)>0,0,IF(K20<3,IF(AND(K26>0.8,K26<=1.5),K69,0),0)) -> 0 | L74: =IF(SUM(L70:L73)>0,0,IF(L20<3,IF(AND(L26>0.8,L26<=1.5),L69,0),0)) -> 0 | M74: =IF(SUM(M70:M73)>0,0,IF(M20<3,IF(AND(M26>0.8,M26<=1.5),M69,0),0)) -> 0 | O74: =IF(SUM(O70:O73)>0,0,IF(O20<3,IF(AND(O26>0.8,O26<=1.5),O69,0),0)) -> 0 | Q74: =SUM(F74:P74) -> 0
D75: (1,50m < H ≤ 3,00m) (L > 1,50m) | G75: =IF(SUM(G70:G74)>0,0,IF(G20<=3,IF(G26>1.5,G69,0),0)) -> 205.18 | H75: =IF(SUM(H70:H74)>0,0,IF(H20<=3,IF(H26>1.5,H69,0),0)) -> 176.48 | I75: =IF(SUM(I70:I74)>0,0,IF(I20<=3,IF(I26>1.5,I69,0),0)) -> 56.61 | J75: =IF(SUM(J70:J74)>0,0,IF(J20<=3,IF(J26>1.5,J69,0),0)) -> 81.44 | K75: =IF(SUM(K70:K74)>0,0,IF(K20<=3,IF(K26>1.5,K69,0),0)) -> 184.46 | L75: =IF(SUM(L70:L74)>0,0,IF(L20<=3,IF(L26>1.5,L69,0),0)) -> 263.65 | M75: =IF(SUM(M70:M74)>0,0,IF(M20<=3,IF(M26>1.5,M69,0),0)) -> 149.19 | O75: =IF(SUM(O70:O74)>0,0,IF(O20<=3,IF(O26>1.5,O69,0),0)) -> 1327.24 | Q75: =SUM(F75:P75) -> 2444.25
D76: (3,00m < H ≤ 6,00m) (L ≤ 1,50m) | G76: =IF(SUM(G70:G75)>0,0,IF(AND(G20>3,G20<=6),IF(G26<=1.5,G69,0),0)) -> 0 | H76: =IF(SUM(H70:H75)>0,0,IF(AND(H20>3,H20<=6),IF(H26<=1.5,H69,0),0)) -> 0 | I76: =IF(SUM(I70:I75)>0,0,IF(AND(I20>3,I20<=6),IF(I26<=1.5,I69,0),0)) -> 0 | J76: =IF(SUM(J70:J75)>0,0,IF(AND(J20>3,J20<=6),IF(J26<=1.5,J69,0),0)) -> 0 | K76: =IF(SUM(K70:K75)>0,0,IF(AND(K20>3,K20<=6),IF(K26<=1.5,K69,0),0)) -> 0 | L76: =IF(SUM(L70:L75)>0,0,IF(AND(L20>3,L20<=6),IF(L26<=1.5,L69,0),0)) -> 0 | M76: =IF(SUM(M70:M75)>0,0,IF(AND(M20>3,M20<=6),IF(M26<=1.5,M69,0),0)) -> 0 | O76: =IF(SUM(O70:O75)>0,0,IF(AND(O20>3,O20<=6),IF(O26<=1.5,O69,0),0)) -> 0 | Q76: =SUM(F76:P76) -> 0
D77: (3,00m < H ≤ 6,00m) (L > 1,50m) | G77: =IF(SUM(G70:G76)>0,0,IF(AND(G20>3,G20<=6),IF(G26>1.5,G69,0),0)) -> 0 | H77: =IF(SUM(H70:H76)>0,0,IF(AND(H20>3,H20<=6),IF(H26>1.5,H69,0),0)) -> 0 | I77: =IF(SUM(I70:I76)>0,0,IF(AND(I20>3,I20<=6),IF(I26>1.5,I69,0),0)) -> 0 | J77: =IF(SUM(J70:J76)>0,0,IF(AND(J20>3,J20<=6),IF(J26>1.5,J69,0),0)) -> 0 | K77: =IF(SUM(K70:K76)>0,0,IF(AND(K20>3,K20<=6),IF(K26>1.5,K69,0),0)) -> 0 | L77: =IF(SUM(L70:L76)>0,0,IF(AND(L20>3,L20<=6),IF(L26>1.5,L69,0),0)) -> 0 | M77: =IF(SUM(M70:M76)>0,0,IF(AND(M20>3,M20<=6),IF(M26>1.5,M69,0),0)) -> 0 | O77: =IF(SUM(O70:O76)>0,0,IF(AND(O20>3,O20<=6),IF(O26>1.5,O69,0),0)) -> 0 | Q77: =SUM(F77:P77) -> 0
C79: CARGA E DESCARGA (BOTA FORA) (m³) | G79: =TRUNC((((G27*G10)+(G53+G55))*1.3),2) -> 37.44 | H79: =TRUNC((((H27*H10)+(H53+H55))*1.3),2) -> 43.05 | I79: =TRUNC((((I27*I10)+(I53+I55))*1.3),2) -> 14.69 | J79: =TRUNC((((J27*J10)+(J53+J55))*1.3),2) -> 17.58 | K79: =TRUNC((((K27*K10)+(K53+K55))*1.3),2) -> 40.2 | L79: =TRUNC((((L27*L10)+(L53+L55))*1.3),2) -> 72.51 | M79: =TRUNC((((M27*M10)+(M53+M55))*1.3),2) -> 36.4 | O79: =TRUNC((((O27*O10)+(O53+O55))*1.3),2) -> 161.46 | Q79: =SUM(F79:P79) -> 423.33
C80: TRANSPORTE DO BOTA FORA (m³.km) | E80: ='Resumo DMT''s'!$E$13 -> 6.4 | G80: =TRUNC((G79*$E$80),2) -> 239.61 | H80: =TRUNC((H79*$E$80),2) -> 275.52 | I80: =TRUNC((I79*$E$80),2) -> 94.01 | J80: =TRUNC((J79*$E$80),2) -> 112.51 | K80: =TRUNC((K79*$E$80),2) -> 257.28 | L80: =TRUNC((L79*$E$80),2) -> 464.06 | M80: =TRUNC((M79*$E$80),2) -> 232.96 | O80: =TRUNC((O79*$E$80),2) -> 1033.34 | Q80: =SUM(F80:P80) -> 2709.29
C81: ESPALHAMENTO (BOTA FORA) (m³) | G81: =G79 -> 37.44 | H81: =H79 -> 43.05 | I81: =I79 -> 14.69 | J81: =J79 -> 17.58 | K81: =K79 -> 40.2 | L81: =L79 -> 72.51 | M81: =M79 -> 36.4 | O81: =O79 -> 161.46 | Q81: =SUM(F81:P81) -> 423.33

Sheet Dre-Disp. Estruturais
B2: =DADOS!$B$3 -> CLIENTE: | C2: =DADOS!$C$3 -> PREFEITURA MUNICIPAL DE APARECIDA DO TABOADO / MS
B3: =DADOS!$B$4 -> ENDEREÇO: | C3: =DADOS!$C$4 -> RUA ELIAS TOLENTINO DE ALMEIDA, Nº 4.098 - JD. SÃO BENTO
B5: =DADOS!$B$7 -> OBRA: | C5: =DADOS!$C$7 -> PAVIMENTAÇÃO ASFÁLTICA E DRENAGEM DE ÁGUAS PLUVIAIS
B6: =DADOS!$B$8 -> LOCAL: | C6: =DADOS!$C$8 -> DIVERSAS RUAS NO BAIRRO PRIMAVERA, APARECIDA DO TABOADO / MS
B8: TRECHO Nº | G8: ='Dre-Terraplenagem'!G8 -> 5B | H8: ='Dre-Terraplenagem'!H8 -> 7B | I8: ='Dre-Terraplenagem'!I8 -> 8A | J8: ='Dre-Terraplenagem'!J8 -> 29B | K8: ='Dre-Terraplenagem'!K8 -> 30 | L8: ='Dre-Terraplenagem'!L8 -> 31 | M8: ='Dre-Terraplenagem'!M8 -> 32A | O8: TOTAL
B10: MEMÓRIA DE CÁLCULO DE DRENAGEM DE ÁGUAS PLUVIAIS - DISPOSITIVOS ESTRUTURAIS | C10: EXTENSÃO (m) | G10: ='Dre-Terraplenagem'!G10 -> 40 | H10: ='Dre-Terraplenagem'!H10 -> 46 | I10: ='Dre-Terraplenagem'!I10 -> 10 | J10: ='Dre-Terraplenagem'!J10 -> 33 | K10: ='Dre-Terraplenagem'!K10 -> 75.44 | L10: ='Dre-Terraplenagem'!L10 -> 77.47 | M10: ='Dre-Terraplenagem'!M10 -> 38.89 | O10: =SUM(F10:N10) -> 320.8
C11: DIÂMETRO (m) | G11: ='Dre-Terraplenagem'!G11 -> 0.8 | H11: ='Dre-Terraplenagem'!H11 -> 0.8 | I11: ='Dre-Terraplenagem'!I11 -> 1 | J11: ='Dre-Terraplenagem'!J11 -> 0.6 | K11: ='Dre-Terraplenagem'!K11 -> 0.6 | L11: ='Dre-Terraplenagem'!L11 -> 0.8 | M11: ='Dre-Terraplenagem'!M11 -> 0.8
C12: N° DE LINHAS (un) | G12: ='Dre-Terraplenagem'!G12 -> 1 | H12: ='Dre-Terraplenagem'!H12 -> 1 | I12: ='Dre-Terraplenagem'!I12 -> 1 | J12: ='Dre-Terraplenagem'!J12 -> 1 | K12: ='Dre-Terraplenagem'!K12 -> 1 | L12: ='Dre-Terraplenagem'!L12 -> 1 | M12: ='Dre-Terraplenagem'!M12 -> 1
C13: MATERIAL (P=PEAD C=CONCRETO MET=METÁLICO) | G13: ='Dre-Terraplenagem'!G13 -> C | H13: ='Dre-Terraplenagem'!H13 -> C | I13: ='Dre-Terraplenagem'!I13 -> C | J13: ='Dre-Terraplenagem'!J13 -> C | K13: ='Dre-Terraplenagem'!K13 -> C | L13: ='Dre-Terraplenagem'!L13 -> C | M13: ='Dre-Terraplenagem'!M13 -> C
C14: PS-1 / PS-2 / PVC | G14: ='Dre-Terraplenagem'!G14 -> PA-1 | H14: ='Dre-Terraplenagem'!H14 -> PA-1 | I14: ='Dre-Terraplenagem'!I14 -> PA-1 | J14: ='Dre-Terraplenagem'!J14 -> PS-1 | K14: ='Dre-Terraplenagem'!K14 -> PS-1 | L14: ='Dre-Terraplenagem'!L14 -> PA-1 | M14: ='Dre-Terraplenagem'!M14 -> PA-1
C15: PROFUNDIDADE | D15: MONTANTE (PV) | G15: ='Dre-Terraplenagem'!G15 -> 2.25592 | H15: ='Dre-Terraplenagem'!H15 -> 1.86962 | I15: ='Dre-Terraplenagem'!I15 -> 2.27217 | J15: ='Dre-Terraplenagem'!J15 -> 1.51981 | K15: ='Dre-Terraplenagem'!K15 -> 1.5 | L15: ='Dre-Terraplenagem'!L15 -> 1.6298 | M15: ='Dre-Terraplenagem'!M15 -> 1.741945
D16: JUSANTE (PV) | G16: ='Dre-Terraplenagem'!G16 -> 2.27217 | H16: ='Dre-Terraplenagem'!H16 -> 1.81924 | I16: ='Dre-Terraplenagem'!I16 -> 2.157595 | J16: ='Dre-Terraplenagem'!J16 -> 1.5298 | K16: ='Dre-Terraplenagem'!K16 -> 1.52748 | L16: ='Dre-Terraplenagem'!L16 -> 1.741945 | M16: ='Dre-Terraplenagem'!M16 -> 1.933615
D17: MÉDIA | G17: ='Dre-Terraplenagem'!G17 -> 2.26 | H17: ='Dre-Terraplenagem'!H17 -> 1.84 | I17: ='Dre-Terraplenagem'!I17 -> 2.21 | J17: ='Dre-Terraplenagem'!J17 -> 1.52 | K17: ='Dre-Terraplenagem'!K17 -> 1.51 | L17: ='Dre-Terraplenagem'!L17 -> 1.69 | M17: ='Dre-Terraplenagem'!M17 -> 1.84
D18: BOLSA + ESPESSURA | G18: ='Dre-Terraplenagem'!G18 -> 0.168 | H18: ='Dre-Terraplenagem'!H18 -> 0.168 | I18: ='Dre-Terraplenagem'!I18 -> 0.21 | J18: ='Dre-Terraplenagem'!J18 -> 0.126 | K18: ='Dre-Terraplenagem'!K18 -> 0.126 | L18: ='Dre-Terraplenagem'!L18 -> 0.168 | M18: ='Dre-Terraplenagem'!M18 -> 0.168
D19: LASTRO | G19: ='Dre-Terraplenagem'!G19 -> 0 | H19: ='Dre-Terraplenagem'!H19 -> 0 | I19: ='Dre-Terraplenagem'!I19 -> 0 | J19: ='Dre-Terraplenagem'!J19 -> 0 | K19: ='Dre-Terraplenagem'!K19 -> 0 | L19: ='Dre-Terraplenagem'!L19 -> 0 | M19: ='Dre-Terraplenagem'!M19 -> 0
D20: MÉDIA + BOLSA (H) | G20: ='Dre-Terraplenagem'!G20 -> 2.428 | H20: ='Dre-Terraplenagem'!H20 -> 2.008 | I20: ='Dre-Terraplenagem'!I20 -> 2.42 | J20: ='Dre-Terraplenagem'!J20 -> 1.646 | K20: ='Dre-Terraplenagem'!K20 -> 1.636 | L20: ='Dre-Terraplenagem'!L20 -> 1.858 | M20: ='Dre-Terraplenagem'!M20 -> 2.008
C21: TALUDE (1:V) | G21: ='Dre-Terraplenagem'!G21 -> 3 | H21: ='Dre-Terraplenagem'!H21 -> 3 | I21: ='Dre-Terraplenagem'!I21 -> 3 | J21: ='Dre-Terraplenagem'!J21 -> 3 | K21: ='Dre-Terraplenagem'!K21 -> 3 | L21: ='Dre-Terraplenagem'!L21 -> 3 | M21: ='Dre-Terraplenagem'!M21 -> 3
C23: BIGODES (m) | D23: CLASSE PS-1 Ø0,40m | G23: =17+17+5+9+33+33 -> 114 | H23: 0 | I23: =12+20+20+5+9+30+30 -> 126 | J23: 0 | K23: =29+29+17+5+9+17+18+17+5+9 -> 155 | L23: =29+29+17+5+9+17+18+18+5+9 -> 156 | M23: =28+28+11+14+10+17+17+5+9 -> 139 | O23: =SUM(F23:N23) -> 690
C24: REDE (m) | D24: CLASSE PS-1 Ø0,60m | G24: =IF(G11=0.6,G10*G12,0) -> 0 | H24: =IF(H11=0.6,H10*H12,0) -> 0 | I24: =IF(I11=0.6,I10*I12,0) -> 0 | J24: =IF(J11=0.6,J10*J12,0) -> 33 | K24: =IF(K11=0.6,K10*K12,0) -> 75.44 | L24: =IF(L11=0.6,L10*L12,0) -> 0 | M24: =IF(M11=0.6,M10*M12,0) -> 0 | O24: =SUM(F24:N24) -> 108.44
D25: CLASSE PA-1 Ø0,80m | G25: =IF(G11=0.8,G10*G12,0) -> 40 | H25: =IF(H11=0.8,H10*H12,0) -> 46 | I25: =IF(I11=0.8,I10*I12,0) -> 0 | J25: =IF(J11=0.8,J10*J12,0) -> 0 | K25: =IF(K11=0.8,K10*K12,0) -> 0 | L25: =IF(L11=0.8,L10*L12,0) -> 77.47 | M25: =IF(M11=0.8,M10*M12,0) -> 38.89 | O25: =SUM(F25:N25) -> 202.36
D26: CLASSE PA-1 Ø1,00m | G26: =IF(G11=1,G10*G12,0) -> 0 | H26: =IF(H11=1,H10*H12,0) -> 0 | I26: =IF(I11=1,I10*I12,0) -> 10 | J26: =IF(J11=1,J10*J12,0) -> 0 | K26: =IF(K11=1,K10*K12,0) -> 0 | L26: =IF(L11=1,L10*L12,0) -> 0 | M26: =IF(M11=1,M10*M12,0) -> 0 | O26: =SUM(F26:N26) -> 10
C28: ASSENTAMENTO (m) | D28: CLASSE PS-1 Ø0,40m | G28: =G23 -> 114 | H28: =H23 -> 0 | I28: =I23 -> 126 | J28: =J23 -> 0 | K28: =K23 -> 155 | L28: =L23 -> 156 | M28: =M23 -> 139 | O28: =SUM(F28:N28) -> 690
D29: CLASSE PS-1 Ø0,60m | G29: =G24 -> 0 | H29: =H24 -> 0 | I29: =I24 -> 0 | J29: =J24 -> 33 | K29: =K24 -> 75.44 | L29: =L24 -> 0 | M29: =M24 -> 0 | O29: =SUM(F29:N29) -> 108.44
D30: CLASSE PA-1 Ø0,80m | G30: =G25 -> 40 | H30: =H25 -> 46 | I30: =I25 -> 0 | J30: =J25 -> 0 | K30: =K25 -> 0 | L30: =L25 -> 77.47 | M30: =M25 -> 38.89 | O30: =SUM(F30:N30) -> 202.36
D31: CLASSE PA-1 Ø1,00m | G31: =G26 -> 0 | H31: =H26 -> 0 | I31: =I26 -> 10 | J31: =J26 -> 0 | K31: =K26 -> 0 | L31: =L26 -> 0 | M31: =M26 -> 0 | O31: =SUM(F31:N31) -> 10
C33: PESO DOS TUBOS (t) | D33: PESO UNITÁRIO Ø0,40m (t) | G33: =180/1000 -> 0.18 | H33: =180/1000 -> 0.18 | I33: =180/1000 -> 0.18 | J33: =180/1000 -> 0.18 | K33: =180/1000 -> 0.18 | L33: =180/1000 -> 0.18 | M33: =180/1000 -> 0.18 | Q33: =0.18/2.4 -> 0.075
D34: PESO UNITÁRIO Ø0,60m (t) | G34: =347/1000 -> 0.347 | H34: =347/1000 -> 0.347 | I34: =347/1000 -> 0.347 | J34: =347/1000 -> 0.347 | K34: =347/1000 -> 0.347 | L34: =347/1000 -> 0.347 | M34: =347/1000 -> 0.347
D35: PESO UNITÁRIO Ø0,80m (t) | G35: =625/1000 -> 0.625 | H35: =625/1000 -> 0.625 | I35: =625/1000 -> 0.625 | J35: =625/1000 -> 0.625 | K35: =625/1000 -> 0.625 | L35: =625/1000 -> 0.625 | M35: =625/1000 -> 0.625
D36: PESO UNITÁRIO Ø1,00m (t) | G36: =980/1000 -> 0.98 | H36: =980/1000 -> 0.98 | I36: =980/1000 -> 0.98 | J36: =980/1000 -> 0.98 | K36: =980/1000 -> 0.98 | L36: =980/1000 -> 0.98 | M36: =980/1000 -> 0.98
D37: CARGA DE TUBOS (t) | G37: =TRUNC(((G23*G33)+(G24*G34)+(G25*G35)+(G26*G36)),2) -> 45.52 | H37: =TRUNC(((H23*H33)+(H24*H34)+(H25*H35)+(H26*H36)),2) -> 28.75 | I37: =TRUNC(((I23*I33)+(I24*I34)+(I25*I35)+(I26*I36)),2) -> 32.48 | J37: =TRUNC(((J23*J33)+(J24*J34)+(J25*J35)+(J26*J36)),2) -> 11.45 | K37: =TRUNC(((K23*K33)+(K24*K34)+(K25*K35)+(K26*K36)),2) -> 54.07 | L37: =TRUNC(((L23*L33)+(L24*L34)+(L25*L35)+(L26*L36)),2) -> 76.49 | M37: =TRUNC(((M23*M33)+(M24*M34)+(M25*M35)+(M26*M36)),2) -> 49.32 | O37: =SUM(F37:N37) -> 298.08
C38: TRANSPORTE DE TUBOS DMT <=30Km (t.km) | E38: =IF('Resumo DMT''s'!$E$15>30,30,'Resumo DMT''s'!$E$15) -> 30 | G38: =TRUNC((G37*$E$38),2) -> 1365.6 | H38: =TRUNC((H37*$E$38),2) -> 862.5 | I38: =TRUNC((I37*$E$38),2) -> 974.4 | J38: =TRUNC((J37*$E$38),2) -> 343.5 | K38: =TRUNC((K37*$E$38),2) -> 1622.1 | L38: =TRUNC((L37*$E$38),2) -> 2294.7 | M38: =TRUNC((M37*$E$38),2) -> 1479.6 | O38: =SUM(F38:N38) -> 8942.4
C39: TRANSPORTE DE TUBOS DMT >30Km (t.km) | E39: =IF('Resumo DMT''s'!$E$15>30,'Resumo DMT''s'!$E$15-30,0) -> 430 | G39: =TRUNC((G37*$E$39),2) -> 19573.6 | H39: =TRUNC((H37*$E$39),2) -> 12362.5 | I39: =TRUNC((I37*$E$39),2) -> 13966.4 | J39: =TRUNC((J37*$E$39),2) -> 4923.5 | K39: =TRUNC((K37*$E$39),2) -> 23250.1 | L39: =TRUNC((L37*$E$39),2) -> 32890.7 | M39: =TRUNC((M37*$E$39),2) -> 21207.6 | O39: =SUM(F39:N39) -> 128174.4
C41: PV TIPO (1, 2, 3, 4, 5, 6) | G41: 1 | H41: 0 | I41: 1 | J41: 0 | K41: 1 | L41: 1 | M41: 1
C42: POÇO DE VISITA (un) | D42: BRITA P/ LASTRO (m³) | G42: 1.1 | H42: 1.1 | I42: 1.1 | J42: 1.1 | K42: 1.1 | L42: 1.1 | M42: 1.1
D43: BRITA P/ CONCRETO 15MPa (m³) | G43: 0.5792 | H43: 0.5792 | I43: 0.5792 | J43: 0.5792 | K43: 0.5792 | L43: 0.5792 | M43: 0.5792
D44: BRITA P/ CONCRETO 20MPa (m³) | G44: 0.5872 | H44: 0.5872 | I44: 0.5872 | J44: 0.5872 | K44: 0.5872 | L44: 0.5872 | M44: 0.5872
D45: 1 | G45: =IF(G41=1,1,0) -> 1 | H45: =IF(H41=1,1,0) -> 0 | I45: =IF(I41=1,1,0) -> 1 | J45: =IF(J41=1,1,0) -> 0 | K45: =IF(K41=1,1,0) -> 1 | L45: =IF(L41=1,1,0) -> 1 | M45: =IF(M41=1,1,0) -> 1 | O45: =SUM(F45:N45) -> 5
D46: LASTRO P/ PV-1 (m³) | G46: 1.023 | H46: 1.023 | I46: 1.023 | J46: 1.023 | K46: 1.023 | L46: 1.023 | M46: 1.023
D47: CONCRETO 15MPa P/ PV-1 (m³) | G47: 1.74 | H47: 1.74 | I47: 1.74 | J47: 1.74 | K47: 1.74 | L47: 1.74 | M47: 1.74
D48: CONCRETO 20MPa P/ PV-1 (m³) | G48: 0.64 | H48: 0.64 | I48: 0.64 | J48: 0.64 | K48: 0.64 | L48: 0.64 | M48: 0.64
D49: CARGA DE BRITA P/ POÇO DE VISITA (m³) | G49: =TRUNC((G45*(G46*G42+G47*G43+G48*G44)),2) -> 2.5 | H49: =TRUNC((H45*(H46*H42+H47*H43+H48*H44)),2) -> 0 | I49: =TRUNC((I45*(I46*I42+I47*I43+I48*I44)),2) -> 2.5 | J49: =TRUNC((J45*(J46*J42+J47*J43+J48*J44)),2) -> 0 | K49: =TRUNC((K45*(K46*K42+K47*K43+K48*K44)),2) -> 2.5 | L49: =TRUNC((L45*(L46*L42+L47*L43+L48*L44)),2) -> 2.5 | M49: =TRUNC((M45*(M46*M42+M47*M43+M48*M44)),2) -> 2.5 | O49: =SUM(F49:N49) -> 12.5
D50: TRANSPORTE DE BRITA (m³.km) | E50: =IF('Resumo DMT''s'!$E$14>30,30,'Resumo DMT''s'!$E$14) -> 30 | G50: =TRUNC((G49*$E$50),2) -> 75 | H50: =TRUNC((H49*$E$50),2) -> 0 | I50: =TRUNC((I49*$E$50),2) -> 75 | J50: =TRUNC((J49*$E$50),2) -> 0 | K50: =TRUNC((K49*$E$50),2) -> 75 | L50: =TRUNC((L49*$E$50),2) -> 75 | M50: =TRUNC((M49*$E$50),2) -> 75 | O50: =SUM(F50:N50) -> 375
D51: TRANSPORTE DE BRITA (m³.km) | E51: =IF('Resumo DMT''s'!$E$14>30,'Resumo DMT''s'!$E$14-30,0) -> 19 | G51: =TRUNC((G49*$E$51),2) -> 47.5 | H51: =TRUNC((H49*$E$51),2) -> 0 | I51: =TRUNC((I49*$E$51),2) -> 47.5 | J51: =TRUNC((J49*$E$51),2) -> 0 | K51: =TRUNC((K49*$E$51),2) -> 47.5 | L51: =TRUNC((L49*$E$51),2) -> 47.5 | M51: =TRUNC((M49*$E$51),2) -> 47.5 | O51: =SUM(F51:N51) -> 237.5
C52: CHAMINÉ (PESCOÇO) (m) | G52: =G45 -> 1 | H52: =H45 -> 0 | I52: =I45 -> 1 | J52: =J45 -> 0 | K52: =K45 -> 1 | L52: =L45 -> 1 | M52: =M45 -> 1 | O52: =SUM(F52:N52) -> 5
C53: TAMPÃO DE FºFº Ø0,60m (un) | G53: =G52 -> 1 | H53: =H52 -> 0 | I53: =I52 -> 1 | J53: =J52 -> 0 | K53: =K52 -> 1 | L53: =L52 -> 1 | M53: =M52 -> 1 | O53: =SUM(F53:N53) -> 5
C55: BOCA DE LOBO (un) | D55: BRITA P/ CONCRETO 20MPa (m³) | G55: 0.5872 | H55: 0.5872 | I55: 0.5872 | J55: 0.5872 | K55: 0.5872 | L55: 0.5872 | M55: 0.5872
D56: CONCRETO SIMPLES | G56: 6 | H56: 0 | I56: 7 | J56: 0 | K56: 10 | L56: 10 | M56: 9 | O56: =SUM(F56:N56) -> 42
D57: CONCRETO 20MPa P/ BLS (m³) | G57: 0.729 | H57: 0.729 | I57: 0.729 | J57: 0.729 | K57: 0.729 | L57: 0.729 | M57: 0.729
D58: CARGA DE BRITA P/ BOCA DE LOBO (m³) | G58: =TRUNC(((G56*G55*G57)),2) -> 2.56 | H58: =TRUNC(((H56*H55*H57)),2) -> 0 | I58: =TRUNC(((I56*I55*I57)),2) -> 2.99 | J58: =TRUNC(((J56*J55*J57)),2) -> 0 | K58: =TRUNC(((K56*K55*K57)),2) -> 4.28 | L58: =TRUNC(((L56*L55*L57)),2) -> 4.28 | M58: =TRUNC(((M56*M55*M57)),2) -> 3.85 | O58: =SUM(F58:N58) -> 17.96
D59: TRANSPORTE DE BRITA (m³.km) | E59: =IF('Resumo DMT''s'!$E$14>30,30,'Resumo DMT''s'!$E$14) -> 30 | G59: =TRUNC((G58*$E$59),2) -> 76.8 | H59: =TRUNC((H58*$E$59),2) -> 0 | I59: =TRUNC((I58*$E$59),2) -> 89.7 | J59: =TRUNC((J58*$E$59),2) -> 0 | K59: =TRUNC((K58*$E$59),2) -> 128.4 | L59: =TRUNC((L58*$E$59),2) -> 128.4 | M59: =TRUNC((M58*$E$59),2) -> 115.5 | O59: =SUM(F59:N59) -> 538.8
D60: TRANSPORTE DE BRITA (m³.km) | E60: =IF('Resumo DMT''s'!$E$14>30,'Resumo DMT''s'!$E$14-30,0) -> 19 | G60: =TRUNC((G58*$E$60),2) -> 48.64 | H60: =TRUNC((H58*$E$60),2) -> 0 | I60: =TRUNC((I58*$E$60),2) -> 56.81 | J60: =TRUNC((J58*$E$60),2) -> 0 | K60: =TRUNC((K58*$E$60),2) -> 81.32 | L60: =TRUNC((L58*$E$60),2) -> 81.32 | M60: =TRUNC((M58*$E$60),2) -> 73.15 | O60: =SUM(F60:N60) -> 341.24

Sheet Cubação - TopoGRAPH
B2: =DADOS!$B$3 -> CLIENTE: | C2: =Orçamento!C2 -> PREFEITURA MUNICIPAL DE APARECIDA DO TABOADO / MS
B3: =DADOS!$B$4 -> ENDEREÇO: | C3: =Orçamento!C3 -> RUA ELIAS TOLENTINO DE ALMEIDA, Nº 4.098 - JD. SÃO BENTO
B5: =DADOS!$B$7 -> OBRA: | C5: =Orçamento!C5 -> PAVIMENTAÇÃO ASFÁLTICA E DRENAGEM DE ÁGUAS PLUVIAIS
B6: =DADOS!$B$8 -> LOCAL: | C6: =Orçamento!C6 -> DIVERSAS RUAS NO BAIRRO PRIMAVERA, APARECIDA DO TABOADO / MS
B8: PLANILHA DE CUBAÇÃO - TOPOGRAPH - VIÁRIO
B10: NOME DA RUA | E10: VOLUMES
E11: CORTE (m³) | F11: ATERRO (m³) | G11: CORTE COMPENSADO (m³)
B13: PLANILHA DE CUBAÇÃO - TOPOGRAPH | C13: ='Pav-Terrapl'!G8 -> AV. DOS ESTUDANTES - LE | E13: 902.068 | F13: 0 | G13: =TRUNC((E13-(F13*1.3)),2) -> 902.06
C14: ='Pav-Terrapl'!H8 -> AV. DOS ESTUDANTES - LD | E14: 808.918 | F14: 0 | G14: =TRUNC((E14-(F14*1.3)),2) -> 808.91
C15: ='Pav-Terrapl'!I8 -> AV. AJAX FURQUIM - LE | E15: 134.736 | F15: 0 | G15: =TRUNC((E15-(F15*1.3)),2) -> 134.73
C16: ='Pav-Terrapl'!J8 -> AV. AJAX FURQUIM - LD | E16: 153.393 | F16: 0 | G16: =TRUNC((E16-(F16*1.3)),2) -> 153.39
C17: ='Pav-Terrapl'!K8 -> RUA BELO HORIZONTE | E17: 122.519 | F17: 0 | G17: =TRUNC((E17-(F17*1.3)),2) -> 122.51
C18: ='Pav-Terrapl'!L8 -> RUA SÃO PAULO | E18: 134.24 | F18: 0 | G18: =TRUNC((E18-(F18*1.3)),2) -> 134.24
C19: ='Pav-Terrapl'!M8 -> RUA MINAS GERAIS | E19: 133.223 | F19: 0 | G19: =TRUNC((E19-(F19*1.3)),2) -> 133.22
C20: ='Pav-Terrapl'!N8 -> RUA CUIABÁ | E20: 124.163 | F20: 0 | G20: =TRUNC((E20-(F20*1.3)),2) -> 124.16
C22: TOTAL | E22: =SUM(E12:E21) -> 2513.26 | F22: =SUM(F12:F21) -> 0 | G22: =SUM(G12:G21) -> 2513.22

Sheet Pav-Terrapl
B2: =DADOS!$B$3 -> CLIENTE: | C2: =DADOS!$C$3 -> PREFEITURA MUNICIPAL DE APARECIDA DO TABOADO / MS
B3: =DADOS!$B$4 -> ENDEREÇO: | C3: =DADOS!$C$4 -> RUA ELIAS TOLENTINO DE ALMEIDA, Nº 4.098 - JD. SÃO BENTO
B5: =DADOS!$B$7 -> OBRA: | C5: =DADOS!$C$7 -> PAVIMENTAÇÃO ASFÁLTICA E DRENAGEM DE ÁGUAS PLUVIAIS
B6: =DADOS!$B$8 -> LOCAL: | C6: =DADOS!$C$8 -> DIVERSAS RUAS NO BAIRRO PRIMAVERA, APARECIDA DO TABOADO / MS
B8: NOME DA RUA | G8: AV. DOS ESTUDANTES - LE | H8: AV. DOS ESTUDANTES - LD | I8: AV. AJAX FURQUIM - LE | J8: AV. AJAX FURQUIM - LD | K8: RUA BELO HORIZONTE | L8: RUA SÃO PAULO | M8: RUA MINAS GERAIS | N8: RUA CUIABÁ | P8: TOTAL
B10: MEMÓRIA DE CÁLCULO DE PAVIMENTAÇÃO ASFÁLTICA - TERRAPLENAGEM | C10: EXTENSÃO (m) | G10: 346.11 | H10: 343.28 | I10: 33 | J10: 30.04 | K10: 16.14 | L10: 16.15 | M10: 16.12 | N10: 16.12 | P10: =SUM(F10:O10) -> 816.96
C11: DECLIVIDADE TRANSVERSAL DA PISTA (SIMPLES OU DUPLA) | G11: DUPLA | H11: DUPLA | I11: DUPLA | J11: DUPLA | K11: DUPLA | L11: DUPLA | M11: DUPLA | N11: DUPLA
C12: LARGURA DA PISTA + ACOSTAMENTO (m) | G12: 9 | H12: 9 | I12: 8.4 | J12: 8.4 | K12: 8.4 | L12: 8.4 | M12: 8.4 | N12: 8.4
C13: MEIO FIO COM SARJETA (m) | G13: 0.42 | H13: 0.42 | I13: 0.42 | J13: 0.42 | K13: 0.42 | L13: 0.42 | M13: 0.42 | N13: 0.42
C14: MEIO FIO GUIA (m) | G14: 0.12 | H14: 0.12 | I14: 0.12 | J14: 0.12 | K14: 0.12 | L14: 0.12 | M14: 0.12 | N14: 0.12
C15: RAIOS | D15: QUANTIDADE DE RAIOS DE 3,00m (un) | G15: 13 | H15: 13 | I15: 4 | J15: 4 | K15: 4 | L15: 4 | M15: 4 | N15: 4 | P15: =SUM(F15:O15) -> 50
D16: ÁREA DO RAIO DE 3,00m (m²) | G16: 1.93 | H16: 1.93 | I16: 1.93 | J16: 1.93 | K16: 1.93 | L16: 1.93 | M16: 1.93 | N16: 1.93
D17: ÁREA RESTANTE (m²) | G17: 135.09 | H17: 135.17 | I17: 0.33 | J17: 0.3 | K17: -0.04 | L17: 0.01 | M17: 0.03 | N17: -0.01 | P17: =SUM(F17:O17) -> 270.88
D18: ÁREA TOTAL (m²) | G18: =ROUND(((G15*G16)+G17),2) -> 160.18 | H18: =ROUND(((H15*H16)+H17),2) -> 160.26 | I18: =ROUND(((I15*I16)+I17),2) -> 8.05 | J18: =ROUND(((J15*J16)+J17),2) -> 8.02 | K18: =ROUND(((K15*K16)+K17),2) -> 7.68 | L18: =ROUND(((L15*L16)+L17),2) -> 7.73 | M18: =ROUND(((M15*M16)+M17),2) -> 7.75 | N18: =ROUND(((N15*N16)+N17),2) -> 7.71 | P18: =SUM(F18:O18) -> 367.38
C20: CORTE COMPENSADO | D20: ESCAVAÇÃO MECÂNICA - PREPARO DO SUBLEITO (m³) | G20: ='Cubação - TopoGRAPH'!G13 -> 902.06 | H20: ='Cubação - TopoGRAPH'!G14 -> 808.91 | I20: ='Cubação - TopoGRAPH'!G15 -> 134.73 | J20: ='Cubação - TopoGRAPH'!G16 -> 153.39 | K20: ='Cubação - TopoGRAPH'!G17 -> 122.51 | L20: ='Cubação - TopoGRAPH'!G18 -> 134.24 | M20: ='Cubação - TopoGRAPH'!G19 -> 133.22 | N20: ='Cubação - TopoGRAPH'!G20 -> 124.16 | P20: =SUM(F20:O20) -> 2513.22
D21: CARGA E DESCARGA MECÂNICA DO SUBLEITO (m³) | G21: =TRUNC((G20*1.3),2) -> 1172.67 | H21: =TRUNC((H20*1.3),2) -> 1051.58 | I21: =TRUNC((I20*1.3),2) -> 175.14 | J21: =TRUNC((J20*1.3),2) -> 199.4 | K21: =TRUNC((K20*1.3),2) -> 159.26 | L21: =TRUNC((L20*1.3),2) -> 174.51 | M21: =TRUNC((M20*1.3),2) -> 173.18 | N21: =TRUNC((N20*1.3),2) -> 161.4 | P21: =SUM(F21:O21) -> 3267.14
D22: TRANSPORTE DO BOTA FORA (m³.km) | E22: ='Resumo DMT''s'!$E$13 -> 6.4 | G22: =TRUNC((G21*$E$22),2) -> 7505.08 | H22: =TRUNC((H21*$E$22),2) -> 6730.11 | I22: =TRUNC((I21*$E$22),2) -> 1120.89 | J22: =TRUNC((J21*$E$22),2) -> 1276.16 | K22: =TRUNC((K21*$E$22),2) -> 1019.26 | L22: =TRUNC((L21*$E$22),2) -> 1116.86 | M22: =TRUNC((M21*$E$22),2) -> 1108.35 | N22: =TRUNC((N21*$E$22),2) -> 1032.96 | P22: =SUM(F22:O22) -> 20909.67
D23: ESPALHAMENTO DO BOTA FORA (m³) | G23: =G21 -> 1172.67 | H23: =H21 -> 1051.58 | I23: =I21 -> 175.14 | J23: =J21 -> 199.4 | K23: =K21 -> 159.26 | L23: =L21 -> 174.51 | M23: =M21 -> 173.18 | N23: =N21 -> 161.4 | P23: =SUM(F23:O23) -> 3267.14
G25: ='Pav-Pavimento'!H30 -> 3275.17 | H25: ='Pav-Pavimento'!I30 -> 3249.78 | I25: ='Pav-Pavimento'!J30 -> 285.25 | J25: ='Pav-Pavimento'!K30 -> 260.35 | K25: ='Pav-Pavimento'!L30 -> 143.25 | L25: ='Pav-Pavimento'!M30 -> 143.39 | M25: ='Pav-Pavimento'!N30 -> 143.15 | N25: ='Pav-Pavimento'!O30 -> 143.11 | P25: ='Pav-Pavimento'!Q30 -> 7643.45

Sheet Pav-Pavimento
B2: =DADOS!$B$3 -> CLIENTE: | C2: =DADOS!$C$3 -> PREFEITURA MUNICIPAL DE APARECIDA DO TABOADO / MS
B3: =DADOS!$B$4 -> ENDEREÇO: | C3: =DADOS!$C$4 -> RUA ELIAS TOLENTINO DE ALMEIDA, Nº 4.098 - JD. SÃO BENTO
B5: =DADOS!$B$7 -> OBRA: | C5: =DADOS!$C$7 -> PAVIMENTAÇÃO ASFÁLTICA E DRENAGEM DE ÁGUAS PLUVIAIS
B6: =DADOS!$B$8 -> LOCAL: | C6: =DADOS!$C$8 -> DIVERSAS RUAS NO BAIRRO PRIMAVERA, APARECIDA DO TABOADO / MS
B8: NOME DA RUA | H8: ='Pav-Terrapl'!G8 -> AV. DOS ESTUDANTES - LE | I8: ='Pav-Terrapl'!H8 -> AV. DOS ESTUDANTES - LD | J8: ='Pav-Terrapl'!I8 -> AV. AJAX FURQUIM - LE | K8: ='Pav-Terrapl'!J8 -> AV. AJAX FURQUIM - LD | L8: ='Pav-Terrapl'!K8 -> RUA BELO HORIZONTE | M8: ='Pav-Terrapl'!L8 -> RUA SÃO PAULO | N8: ='Pav-Terrapl'!M8 -> RUA MINAS GERAIS | O8: ='Pav-Terrapl'!N8 -> RUA CUIABÁ | Q8: TOTAL
B10: MEMÓRIA DE CÁLCULO DE PAVIMENTAÇÃO ASFÁLTICA - PAVIMENTAÇÃO | C10: EXTENSÃO (m) | H10: ='Pav-Terrapl'!G10 -> 346.11 | I10: ='Pav-Terrapl'!H10 -> 343.28 | J10: ='Pav-Terrapl'!I10 -> 33 | K10: ='Pav-Terrapl'!J10 -> 30.04 | L10: ='Pav-Terrapl'!K10 -> 16.14 | M10: ='Pav-Terrapl'!L10 -> 16.15 | N10: ='Pav-Terrapl'!M10 -> 16.12 | O10: ='Pav-Terrapl'!N10 -> 16.12 | Q10: =SUM(G10:P10) -> 816.96
C11: DECLIVIDADE TRANSVERSAL DA PISTA (SIMPLES OU DUPLA) | H11: ='Pav-Terrapl'!G11 -> DUPLA | I11: ='Pav-Terrapl'!H11 -> DUPLA | J11: ='Pav-Terrapl'!I11 -> DUPLA | K11: ='Pav-Terrapl'!J11 -> DUPLA | L11: ='Pav-Terrapl'!K11 -> DUPLA | M11: ='Pav-Terrapl'!L11 -> DUPLA | N11: ='Pav-Terrapl'!M11 -> DUPLA | O11: ='Pav-Terrapl'!N11 -> DUPLA
C12: LARGURA DA PISTA + ACOSTAMENTO (m) | H12: ='Pav-Terrapl'!G12 -> 9 | I12: ='Pav-Terrapl'!H12 -> 9 | J12: ='Pav-Terrapl'!I12 -> 8.4 | K12: ='Pav-Terrapl'!J12 -> 8.4 | L12: ='Pav-Terrapl'!K12 -> 8.4 | M12: ='Pav-Terrapl'!L12 -> 8.4 | N12: ='Pav-Terrapl'!M12 -> 8.4 | O12: ='Pav-Terrapl'!N12 -> 8.4
C13: MEIO FIO COM SARJETA (m) | H13: ='Pav-Terrapl'!G13 -> 0.42 | I13: ='Pav-Terrapl'!H13 -> 0.42 | J13: ='Pav-Terrapl'!I13 -> 0.42 | K13: ='Pav-Terrapl'!J13 -> 0.42 | L13: ='Pav-Terrapl'!K13 -> 0.42 | M13: ='Pav-Terrapl'!L13 -> 0.42 | N13: ='Pav-Terrapl'!M13 -> 0.42 | O13: ='Pav-Terrapl'!N13 -> 0.42
C14: MEIO FIO GUIA (m) | H14: ='Pav-Terrapl'!G14 -> 0.12 | I14: ='Pav-Terrapl'!H14 -> 0.12 | J14: ='Pav-Terrapl'!I14 -> 0.12 | K14: ='Pav-Terrapl'!J14 -> 0.12 | L14: ='Pav-Terrapl'!K14 -> 0.12 | M14: ='Pav-Terrapl'!L14 -> 0.12 | N14: ='Pav-Terrapl'!M14 -> 0.12 | O14: ='Pav-Terrapl'!N14 -> 0.12
C15: RAIOS | D15: QUANTIDADE DE RAIOS DE 5,00m (un) | H15: ='Pav-Terrapl'!G15 -> 13 | I15: ='Pav-Terrapl'!H15 -> 13 | J15: ='Pav-Terrapl'!I15 -> 4 | K15: ='Pav-Terrapl'!J15 -> 4 | L15: ='Pav-Terrapl'!K15 -> 4 | M15: ='Pav-Terrapl'!L15 -> 4 | N15: ='Pav-Terrapl'!M15 -> 4 | O15: ='Pav-Terrapl'!N15 -> 4 | Q15: =SUM(G15:P15) -> 50
D16: ÁREA DO RAIO DE 5,00m (m²) | H16: ='Pav-Terrapl'!G16 -> 1.93 | I16: ='Pav-Terrapl'!H16 -> 1.93 | J16: ='Pav-Terrapl'!I16 -> 1.93 | K16: ='Pav-Terrapl'!J16 -> 1.93 | L16: ='Pav-Terrapl'!K16 -> 1.93 | M16: ='Pav-Terrapl'!L16 -> 1.93 | N16: ='Pav-Terrapl'!M16 -> 1.93 | O16: ='Pav-Terrapl'!N16 -> 1.93
D17: ÁREA RESTANTE (m²) | H17: ='Pav-Terrapl'!G17 -> 135.09 | I17: ='Pav-Terrapl'!H17 -> 135.17 | J17: ='Pav-Terrapl'!I17 -> 0.33 | K17: ='Pav-Terrapl'!J17 -> 0.3 | L17: ='Pav-Terrapl'!K17 -> -0.04 | M17: ='Pav-Terrapl'!L17 -> 0.01 | N17: ='Pav-Terrapl'!M17 -> 0.03 | O17: ='Pav-Terrapl'!N17 -> -0.01 | Q17: =SUM(G17:P17) -> 270.88
D18: ÁREA TOTAL (m²) | H18: ='Pav-Terrapl'!G18 -> 160.18 | I18: ='Pav-Terrapl'!H18 -> 160.26 | J18: ='Pav-Terrapl'!I18 -> 8.05 | K18: ='Pav-Terrapl'!J18 -> 8.02 | L18: ='Pav-Terrapl'!K18 -> 7.68 | M18: ='Pav-Terrapl'!L18 -> 7.73 | N18: ='Pav-Terrapl'!M18 -> 7.75 | O18: ='Pav-Terrapl'!N18 -> 7.71 | Q18: =SUM(G18:P18) -> 367.38
C20: REGULARIZAÇÃO | D20: LARGURA (m) | H20: =TRUNC((H12+2*(H13+0.1)),2) -> 10.04 | I20: =TRUNC((I12+2*(I13+0.1)),2) -> 10.04 | J20: =TRUNC((J12+2*(J13+0.1)),2) -> 9.44 | K20: =TRUNC((K12+2*(K13+0.1)),2) -> 9.44 | L20: =TRUNC((L12+2*(L13+0.1)),2) -> 9.44 | M20: =TRUNC((M12+2*(M13+0.1)),2) -> 9.44 | N20: =TRUNC((N12+2*(N13+0.1)),2) -> 9.44 | O20: =TRUNC((O12+2*(O13+0.1)),2) -> 9.44
D21: ÁREA DE REGULARIZAÇÃO (m²) | H21: =TRUNC(((H10*H20)+H18),2) -> 3635.12 | I21: =TRUNC(((I10*I20)+I18),2) -> 3606.79 | J21: =TRUNC(((J10*J20)+J18),2) -> 319.57 | K21: =TRUNC(((K10*K20)+K18),2) -> 291.59 | L21: =TRUNC(((L10*L20)+L18),2) -> 160.04 | M21: =TRUNC(((M10*M20)+M18),2) -> 160.18 | N21: =TRUNC(((N10*N20)+N18),2) -> 159.92 | O21: =TRUNC(((O10*O20)+O18),2) -> 159.88 | Q21: =SUM(G21:P21) -> 8493.09
C23: BASE | D23: EXECUÇÃO E COMPACTAÇÃO | E23: LARGURA (m) | H23: =TRUNC((H12+2*(H13+0.05)),2) -> 9.94 | I23: =TRUNC((I12+2*(I13+0.05)),2) -> 9.94 | J23: =TRUNC((J12+2*(J13+0.05)),2) -> 9.34 | K23: =TRUNC((K12+2*(K13+0.05)),2) -> 9.34 | L23: =TRUNC((L12+2*(L13+0.05)),2) -> 9.34 | M23: =TRUNC((M12+2*(M13+0.05)),2) -> 9.34 | N23: =TRUNC((N12+2*(N13+0.05)),2) -> 9.34 | O23: =TRUNC((O12+2*(O13+0.05)),2) -> 9.34
E24: ESPESSURA (m) | H24: 0.15 | I24: 0.15 | J24: 0.15 | K24: 0.15 | L24: 0.15 | M24: 0.15 | N24: 0.15 | O24: 0.15
E25: CASCALHO (m³) | H25: =TRUNC((((H10*H23)+H18)*H24),2) -> 540.07 | I25: =TRUNC((((I10*I23)+I18)*I24),2) -> 535.86 | J25: =TRUNC((((J10*J23)+J18)*J24),2) -> 47.44 | K25: =TRUNC((((K10*K23)+K18)*K24),2) -> 43.28 | L25: =TRUNC((((L10*L23)+L18)*L24),2) -> 23.76 | M25: =TRUNC((((M10*M23)+M18)*M24),2) -> 23.78 | N25: =TRUNC((((N10*N23)+N18)*N24),2) -> 23.74 | O25: =TRUNC((((O10*O23)+O18)*O24),2) -> 23.74 | Q25: =SUM(G25:P25) -> 1261.67
D26: ESCAVAÇÃO DO MATERIAL (m³) | H26: =H25 -> 540.07 | I26: =I25 -> 535.86 | J26: =J25 -> 47.44 | K26: =K25 -> 43.28 | L26: =L25 -> 23.76 | M26: =M25 -> 23.78 | N26: =N25 -> 23.74 | O26: =O25 -> 23.74 | Q26: =SUM(G26:P26) -> 1261.67
D27: AQUISIÇÃO DO MATERIAL | E27: CASCALHO (m³) | H27: =H26 -> 540.07 | I27: =I26 -> 535.86 | J27: =J26 -> 47.44 | K27: =K26 -> 43.28 | L27: =L26 -> 23.76 | M27: =M26 -> 23.78 | N27: =N26 -> 23.74 | O27: =O26 -> 23.74 | Q27: =SUM(G27:P27) -> 1261.67
D28: TRANSPORTE | E28: CASCALHO (m³.km) | F28: =IF('Resumo DMT''s'!$E$16>30,30,'Resumo DMT''s'!$E$16) -> 11.5 | H28: =TRUNC(((H27*$F$28)*1.3),2) -> 8074.04 | I28: =TRUNC(((I27*$F$28)*1.3),2) -> 8011.1 | J28: =TRUNC(((J27*$F$28)*1.3),2) -> 709.22 | K28: =TRUNC(((K27*$F$28)*1.3),2) -> 647.03 | L28: =TRUNC(((L27*$F$28)*1.3),2) -> 355.21 | M28: =TRUNC(((M27*$F$28)*1.3),2) -> 355.51 | N28: =TRUNC(((N27*$F$28)*1.3),2) -> 354.91 | O28: =TRUNC(((O27*$F$28)*1.3),2) -> 354.91 | Q28: =SUM(G28:P28) -> 18861.93
C30: IMPRIMAÇÃO | D30: ÁREA DA IMPRIMAÇÃO (m²) | H30: =TRUNC(((H10*H12)+H18),2) -> 3275.17 | I30: =TRUNC(((I10*I12)+I18),2) -> 3249.78 | J30: =TRUNC(((J10*J12)+J18),2) -> 285.25 | K30: =TRUNC(((K10*K12)+K18),2) -> 260.35 | L30: =TRUNC(((L10*L12)+L18),2) -> 143.25 | M30: =TRUNC(((M10*M12)+M18),2) -> 143.39 | N30: =TRUNC(((N10*N12)+N18),2) -> 143.15 | O30: =TRUNC(((O10*O12)+O18),2) -> 143.11 | Q30: =SUM(G30:P30) -> 7643.45
D31: CONSUMO CM-IMPRIMA (t/m²) | H31: =1.3/1000 -> 0.0013 | I31: =1.3/1000 -> 0.0013 | J31: =1.3/1000 -> 0.0013 | K31: =1.3/1000 -> 0.0013 | L31: =1.3/1000 -> 0.0013 | M31: =1.3/1000 -> 0.0013 | N31: =1.3/1000 -> 0.0013 | O31: =1.3/1000 -> 0.0013
D32: EMULSÃO CM-IMPRIMA (t) | H32: =TRUNC((H30*H31),2) -> 4.25 | I32: =TRUNC((I30*I31),2) -> 4.22 | J32: =TRUNC((J30*J31),2) -> 0.37 | K32: =TRUNC((K30*K31),2) -> 0.33 | L32: =TRUNC((L30*L31),2) -> 0.18 | M32: =TRUNC((M30*M31),2) -> 0.18 | N32: =TRUNC((N30*N31),2) -> 0.18 | O32: =TRUNC((O30*O31),2) -> 0.18 | Q32: =SUM(G32:P32) -> 9.89
D33: TRANSPORTE CM-IMPRIMA (t.km) | F33: =IF('Resumo DMT''s'!$E$17>30,30,'Resumo DMT''s'!$E$17) -> 30 | H33: =TRUNC((H32*$F$33),2) -> 127.5 | I33: =TRUNC((I32*$F$33),2) -> 126.6 | J33: =TRUNC((J32*$F$33),2) -> 11.1 | K33: =TRUNC((K32*$F$33),2) -> 9.9 | L33: =TRUNC((L32*$F$33),2) -> 5.4 | M33: =TRUNC((M32*$F$33),2) -> 5.4 | N33: =TRUNC((N32*$F$33),2) -> 5.4 | O33: =TRUNC((O32*$F$33),2) -> 5.4 | Q33: =SUM(G33:P33) -> 296.7
D34: TRANSPORTE CM-IMPRIMA (t.km) | F34: =IF('Resumo DMT''s'!$E$17>30,'Resumo DMT''s'!$E$17-30,0) -> 457 | H34: =TRUNC((H32*$F$34),2) -> 1942.25 | I34: =TRUNC((I32*$F$34),2) -> 1928.54 | J34: =TRUNC((J32*$F$34),2) -> 169.09 | K34: =TRUNC((K32*$F$34),2) -> 150.81 | L34: =TRUNC((L32*$F$34),2) -> 82.26 | M34: =TRUNC((M32*$F$34),2) -> 82.26 | N34: =TRUNC((N32*$F$34),2) -> 82.26 | O34: =TRUNC((O32*$F$34),2) -> 82.26 | Q34: =SUM(G34:P34) -> 4519.73
C36: CBUQ | D36: ESPESSURA (m) | H36: 0.03 | I36: 0.03 | J36: 0.03 | K36: 0.03 | L36: 0.03 | M36: 0.03 | N36: 0.03 | O36: 0.03
D37: AQUISIÇÃO (m³) | H37: =TRUNC((H30*H36),2) -> 98.25 | I37: =TRUNC((I30*I36),2) -> 97.49 | J37: =TRUNC((J30*J36),2) -> 8.55 | K37: =TRUNC((K30*K36),2) -> 7.81 | L37: =TRUNC((L30*L36),2) -> 4.29 | M37: =TRUNC((M30*M36),2) -> 4.3 | N37: =TRUNC((N30*N36),2) -> 4.29 | O37: =TRUNC((O30*O36),2) -> 4.29 | Q37: =SUM(G37:P37) -> 229.27
D38: CARGA DE CBUQ (m³) | H38: =H37 -> 98.25 | I38: =I37 -> 97.49 | J38: =J37 -> 8.55 | K38: =K37 -> 7.81 | L38: =L37 -> 4.29 | M38: =M37 -> 4.3 | N38: =N37 -> 4.29 | O38: =O37 -> 4.29 | Q38: =SUM(G38:P38) -> 229.27
D39: TRANSPORTE DE CBUQ (m³.km) | F39: =IF('Resumo DMT''s'!$E$19>30,30,'Resumo DMT''s'!$E$19) -> 30 | H39: =TRUNC((H38*$F$39),2) -> 2947.5 | I39: =TRUNC((I38*$F$39),2) -> 2924.7 | J39: =TRUNC((J38*$F$39),2) -> 256.5 | K39: =TRUNC((K38*$F$39),2) -> 234.3 | L39: =TRUNC((L38*$F$39),2) -> 128.7 | M39: =TRUNC((M38*$F$39),2) -> 129 | N39: =TRUNC((N38*$F$39),2) -> 128.7 | O39: =TRUNC((O38*$F$39),2) -> 128.7 | Q39: =SUM(G39:P39) -> 6878.1
D40: TRANSPORTE DE CBUQ (m³.km) | F40: =IF('Resumo DMT''s'!$E$19>30,'Resumo DMT''s'!$E$19-30,0) -> 19.5 | H40: =TRUNC((H38*$F$40),2) -> 1915.87 | I40: =TRUNC((I38*$F$40),2) -> 1901.05 | J40: =TRUNC((J38*$F$40),2) -> 166.72 | K40: =TRUNC((K38*$F$40),2) -> 152.29 | L40: =TRUNC((L38*$F$40),2) -> 83.65 | M40: =TRUNC((M38*$F$40),2) -> 83.85 | N40: =TRUNC((N38*$F$40),2) -> 83.65 | O40: =TRUNC((O38*$F$40),2) -> 83.65 | Q40: =SUM(G40:P40) -> 4470.73

Sheet Serv. Complementares
B2: =DADOS!$B$3 -> CLIENTE: | C2: =DADOS!$C$3 -> PREFEITURA MUNICIPAL DE APARECIDA DO TABOADO / MS
B3: =DADOS!$B$4 -> ENDEREÇO: | C3: =DADOS!$C$4 -> RUA ELIAS TOLENTINO DE ALMEIDA, Nº 4.098 - JD. SÃO BENTO
B5: =DADOS!$B$7 -> OBRA: | C5: =DADOS!$C$7 -> PAVIMENTAÇÃO ASFÁLTICA E DRENAGEM DE ÁGUAS PLUVIAIS
B6: =DADOS!$B$8 -> LOCAL: | C6: =DADOS!$C$8 -> DIVERSAS RUAS NO BAIRRO PRIMAVERA, APARECIDA DO TABOADO / MS
B8: NOME DA RUA | G8: ='Pav-Terrapl'!G8 -> AV. DOS ESTUDANTES - LE | H8: ='Pav-Terrapl'!H8 -> AV. DOS ESTUDANTES - LD | I8: ='Pav-Terrapl'!I8 -> AV. AJAX FURQUIM - LE | J8: ='Pav-Terrapl'!J8 -> AV. AJAX FURQUIM - LD | K8: ='Pav-Terrapl'!K8 -> RUA BELO HORIZONTE | L8: ='Pav-Terrapl'!L8 -> RUA SÃO PAULO | M8: ='Pav-Terrapl'!M8 -> RUA MINAS GERAIS | N8: ='Pav-Terrapl'!N8 -> RUA CUIABÁ | P8: TOTAL
B10: MEMÓRIA DE CÁLCULO DE SERVIÇOS COMPLEMENTARES | C10: MEIO FIO E TENTO | D10: COM SARJETA (m) | G10: 508.64 | H10: 503.01 | I10: 42.74 | J10: 42.81 | K10: 39.14 | L10: 39.15 | M10: 39.09 | N10: 39.08 | P10: =SUM(F10:O10) -> 1253.66 | R10: =P10*0.0615*0.579 -> 44.640952
D11: SEÇÃO DO MEIO FIO COM SARJETA (m²) | G11: 0.0615 | H11: 0.0615 | I11: 0.0615 | J11: 0.0615 | K11: 0.0615 | L11: 0.0615 | M11: 0.0615 | N11: 0.0615
D12: TENTO (m) | G12: 9 | H12: 9 | I12: 16.8 | J12: 16.8 | K12: 8.4 | L12: 8.4 | M12: 8.4 | N12: 8.4 | P12: =SUM(F12:O12) -> 85.2 | R12: =P12*0.033*0.579 -> 1.6279164
D13: SEÇÃO DO TENTO (m²) | G13: 0.033 | H13: 0.033 | I13: 0.033 | J13: 0.033 | K13: 0.033 | L13: 0.033 | M13: 0.033 | N13: 0.033
D14: BRITA P/ CONCRETO 15MPa (m³) | G14: 0.5792 | H14: 0.5792 | I14: 0.5792 | J14: 0.5792 | K14: 0.5792 | L14: 0.5792 | M14: 0.5792 | N14: 0.5792
D15: CARGA DE BRITA P/ MEIO FIO E TENTO (m³) | G15: =TRUNC(((G10*G14*G11)+(G12*G14*G13)),2) -> 18.29 | H15: =TRUNC(((H10*H14*H11)+(H12*H14*H13)),2) -> 18.08 | I15: =TRUNC(((I10*I14*I11)+(I12*I14*I13)),2) -> 1.84 | J15: =TRUNC(((J10*J14*J11)+(J12*J14*J13)),2) -> 1.84 | K15: =TRUNC(((K10*K14*K11)+(K12*K14*K13)),2) -> 1.55 | L15: =TRUNC(((L10*L14*L11)+(L12*L14*L13)),2) -> 1.55 | M15: =TRUNC(((M10*M14*M11)+(M12*M14*M13)),2) -> 1.55 | N15: =TRUNC(((N10*N14*N11)+(N12*N14*N13)),2) -> 1.55 | P15: =SUM(F15:O15) -> 46.25 | R15: =R10+R12 -> 46.268869
D16: TRANSPORTE DE BRITA (m³.km) | E16: =IF('Resumo DMT''s'!$E$14>30,30,'Resumo DMT''s'!$E$14) -> 30 | G16: =TRUNC((G15*$E$16),2) -> 548.7 | H16: =TRUNC((H15*$E$16),2) -> 542.4 | I16: =TRUNC((I15*$E$16),2) -> 55.2 | J16: =TRUNC((J15*$E$16),2) -> 55.2 | K16: =TRUNC((K15*$E$16),2) -> 46.5 | L16: =TRUNC((L15*$E$16),2) -> 46.5 | M16: =TRUNC((M15*$E$16),2) -> 46.5 | N16: =TRUNC((N15*$E$16),2) -> 46.5 | P16: =SUM(F16:O16) -> 1387.5 | R16: =R15*30 -> 1388.0661
D17: TRANSPORTE DE BRITA (m³.km) | E17: =IF('Resumo DMT''s'!$E$14>30,'Resumo DMT''s'!$E$14-30,0) -> 19 | G17: =TRUNC((G15*$E$17),2) -> 347.51 | H17: =TRUNC((H15*$E$17),2) -> 343.52 | I17: =TRUNC((I15*$E$17),2) -> 34.96 | J17: =TRUNC((J15*$E$17),2) -> 34.96 | K17: =TRUNC((K15*$E$17),2) -> 29.45 | L17: =TRUNC((L15*$E$17),2) -> 29.45 | M17: =TRUNC((M15*$E$17),2) -> 29.45 | N17: =TRUNC((N15*$E$17),2) -> 29.45 | P17: =SUM(F17:O17) -> 878.75

Sheet Passeio com Acessibilidade
B2: =DADOS!$B$3 -> CLIENTE: | C2: =DADOS!$C$3 -> PREFEITURA MUNICIPAL DE APARECIDA DO TABOADO / MS
B3: =DADOS!$B$4 -> ENDEREÇO: | C3: =DADOS!$C$4 -> RUA ELIAS TOLENTINO DE ALMEIDA, Nº 4.098 - JD. SÃO BENTO
B5: =DADOS!$B$7 -> OBRA: | C5: =DADOS!$C$7 -> PAVIMENTAÇÃO ASFÁLTICA E DRENAGEM DE ÁGUAS PLUVIAIS
B6: =DADOS!$B$8 -> LOCAL: | C6: =DADOS!$C$8 -> DIVERSAS RUAS NO BAIRRO PRIMAVERA, APARECIDA DO TABOADO / MS
B8: NOME DA RUA | G8: ='Pav-Terrapl'!G8 -> AV. DOS ESTUDANTES - LE | H8: ='Pav-Terrapl'!H8 -> AV. DOS ESTUDANTES - LD | I8: ='Pav-Terrapl'!I8 -> AV. AJAX FURQUIM - LE | J8: ='Pav-Terrapl'!J8 -> AV. AJAX FURQUIM - LD | K8: ='Pav-Terrapl'!K8 -> RUA BELO HORIZONTE | L8: ='Pav-Terrapl'!L8 -> RUA SÃO PAULO | M8: ='Pav-Terrapl'!M8 -> RUA MINAS GERAIS | N8: ='Pav-Terrapl'!N8 -> RUA CUIABÁ | P8: TOTAL
B10: MEMÓRIA DE CÁLCULO DE PASSEIO COM ACESSIBILIDADE | C10: PREPARO MANUAL DO TERRENO (m²) | G10: =G14+G25 -> 472.14 | H10: =H14+H25 -> 457.65 | I10: =I14+I25 -> 110.65 | J10: =J14+J25 -> 89.13 | K10: =K14+K25 -> 47.68 | L10: =L14+L25 -> 47.7 | M10: =M14+M25 -> 47.41 | N10: =N14+N25 -> 47.56 | P10: =SUM(F10:O10) -> 1319.92
C12: CALÇADAS (m²) | D12: EXTENSÃO (m) | G12: =3.16+5.09+6.28+2.1+9.64+2.59+44.89+2.35+2.3+45.28+2.3+2.44+47.36+2.07+3.42+1.72+31.29+(0.66*8) -> 219.56 | H12: =3.16+1.24+6.22+6.01+9.94+2.3+44.89+2.65+2+45.28+2.65+2.2+47.36+2.28+31.72 -> 209.9 | I12: =3.12+1.95+2.63+2.63+3.12+4.76+2.81+16.58+16.58+8.39 -> 62.57 | J12: =3.12+2.62+2.62+1.98+1.96+3.12+16.4+16.4 -> 48.22 | K12: =0.14+2.86+2.89+2.89+2.86+4.4+4.55 -> 20.59 | L12: =0.15+2.86+2.89+2.89+2.86+4.4+4.55 -> 20.6 | M12: =0.12+2.73+2.89+2.89+2.86+4.4+4.52 -> 20.41 | N12: =0.12+2.85+2.89+2.89+2.86+4.4+4.5 -> 20.51 | P12: =SUM(F12:O12) -> 622.36
D13: LARGURA DAS CALÇADAS (m) | G13: 1.5 | H13: 1.5 | I13: 1.5 | J13: 1.5 | K13: 1.5 | L13: 1.5 | M13: 1.5 | N13: 1.5
D14: ÁREA DO REVESTIMENTO EM CONCRETO (m²) | G14: =TRUNC((G12*G13),2) -> 329.34 | H14: =TRUNC((H12*H13),2) -> 314.85 | I14: =TRUNC((I12*I13),2) -> 93.85 | J14: =TRUNC((J12*J13),2) -> 72.33 | K14: =TRUNC((K12*K13),2) -> 30.88 | L14: =TRUNC((L12*L13),2) -> 30.9 | M14: =TRUNC((M12*M13),2) -> 30.61 | N14: =TRUNC((N12*N13),2) -> 30.76 | P14: =SUM(F14:O14) -> 933.52
D15: ESPESSURA (m) | G15: 0.07 | H15: 0.07 | I15: 0.07 | J15: 0.07 | K15: 0.07 | L15: 0.07 | M15: 0.07 | N15: 0.07
D16: VOLUME DO REVESTIMENTO EM CONCRETO (m³) | G16: =TRUNC((G14*G15),2) -> 23.05 | H16: =TRUNC((H14*H15),2) -> 22.03 | I16: =TRUNC((I14*I15),2) -> 6.56 | J16: =TRUNC((J14*J15),2) -> 5.06 | K16: =TRUNC((K14*K15),2) -> 2.16 | L16: =TRUNC((L14*L15),2) -> 2.16 | M16: =TRUNC((M14*M15),2) -> 2.14 | N16: =TRUNC((N14*N15),2) -> 2.15 | P16: =SUM(F16:O16) -> 65.31
D17: CONSUMO DE CONCRETO 20MPa P/ CALÇADAS | G17: 1.213 | H17: 1.213 | I17: 1.213 | J17: 1.213 | K17: 1.213 | L17: 1.213 | M17: 1.213 | N17: 1.213
D18: BRITA P/ CONCRETO 20MPa | G18: 0.5872 | H18: 0.5872 | I18: 0.5872 | J18: 0.5872 | K18: 0.5872 | L18: 0.5872 | M18: 0.5872 | N18: 0.5872
D19: CARGA DE BRITA P/ CALÇADAS (m³) | G19: =TRUNC(((G14*G15)*G17*G18),2) -> 16.42 | H19: =TRUNC(((H14*H15)*H17*H18),2) -> 15.69 | I19: =TRUNC(((I14*I15)*I17*I18),2) -> 4.67 | J19: =TRUNC(((J14*J15)*J17*J18),2) -> 3.6 | K19: =TRUNC(((K14*K15)*K17*K18),2) -> 1.53 | L19: =TRUNC(((L14*L15)*L17*L18),2) -> 1.54 | M19: =TRUNC(((M14*M15)*M17*M18),2) -> 1.52 | N19: =TRUNC(((N14*N15)*N17*N18),2) -> 1.53 | P19: =SUM(F19:O19) -> 46.5
D20: TRANSPORTE DO BRITA (m³.km) | E20: =IF('Resumo DMT''s'!$E$14>30,30,'Resumo DMT''s'!$E$14) -> 30 | G20: =TRUNC((G19*$E$20),2) -> 492.6 | H20: =TRUNC((H19*$E$20),2) -> 470.7 | I20: =TRUNC((I19*$E$20),2) -> 140.1 | J20: =TRUNC((J19*$E$20),2) -> 108 | K20: =TRUNC((K19*$E$20),2) -> 45.9 | L20: =TRUNC((L19*$E$20),2) -> 46.2 | M20: =TRUNC((M19*$E$20),2) -> 45.6 | N20: =TRUNC((N19*$E$20),2) -> 45.9 | P20: =SUM(F20:O20) -> 1395
D21: TRANSPORTE DO BRITA (m³.km) | E21: =IF('Resumo DMT''s'!$E$14>30,'Resumo DMT''s'!$E$14-30,0) -> 19 | G21: =TRUNC((G19*$E$21),2) -> 311.98 | H21: =TRUNC((H19*$E$21),2) -> 298.11 | I21: =TRUNC((I19*$E$21),2) -> 88.73 | J21: =TRUNC((J19*$E$21),2) -> 68.4 | K21: =TRUNC((K19*$E$21),2) -> 29.07 | L21: =TRUNC((L19*$E$21),2) -> 29.26 | M21: =TRUNC((M19*$E$21),2) -> 28.88 | N21: =TRUNC((N19*$E$21),2) -> 29.07 | P21: =SUM(F21:O21) -> 883.5
C23: RAMPAS DE ACESSO (un) | D23: QUANT. DE RAMPAS - TIPO 03 (un) | G23: 17 | H23: 17 | I23: 2 | J23: 2 | K23: 2 | L23: 2 | M23: 2 | N23: 2 | P23: =SUM(F23:O23) -> 46
D24: ÁREA UNITÁRIA RAMPA - TIPO 03 (m²) | G24: =TRUNC(((0.25+1.8+1.5+1.8+0.25)*1.5),2) -> 8.4 | H24: =TRUNC(((0.25+1.8+1.5+1.8+0.25)*1.5),2) -> 8.4 | I24: =TRUNC(((0.25+1.8+1.5+1.8+0.25)*1.5),2) -> 8.4 | J24: =TRUNC(((0.25+1.8+1.5+1.8+0.25)*1.5),2) -> 8.4 | K24: =TRUNC(((0.25+1.8+1.5+1.8+0.25)*1.5),2) -> 8.4 | L24: =TRUNC(((0.25+1.8+1.5+1.8+0.25)*1.5),2) -> 8.4 | M24: =TRUNC(((0.25+1.8+1.5+1.8+0.25)*1.5),2) -> 8.4 | N24: =TRUNC(((0.25+1.8+1.5+1.8+0.25)*1.5),2) -> 8.4
D25: ÁREA TOTAL DAS RAMPAS DE ACESSO (m²) | G25: =TRUNC(((G23*G24)),2) -> 142.8 | H25: =TRUNC(((H23*H24)),2) -> 142.8 | I25: =TRUNC(((I23*I24)),2) -> 16.8 | J25: =TRUNC(((J23*J24)),2) -> 16.8 | K25: =TRUNC(((K23*K24)),2) -> 16.8 | L25: =TRUNC(((L23*L24)),2) -> 16.8 | M25: =TRUNC(((M23*M24)),2) -> 16.8 | N25: =TRUNC(((N23*N24)),2) -> 16.8 | P25: =SUM(F25:O25) -> 386.4
D26: ESPESSURA (m) | G26: 0.07 | H26: 0.07 | I26: 0.07 | J26: 0.07 | K26: 0.07 | L26: 0.07 | M26: 0.07 | N26: 0.07
D27: CONSUMO DE CONCRETO 20MPa P/ RAMPAS | G27: 1.213 | H27: 1.213 | I27: 1.213 | J27: 1.213 | K27: 1.213 | L27: 1.213 | M27: 1.213 | N27: 1.213
D28: BRITA P/ CONCRETO 20MPa | G28: 0.5872 | H28: 0.5872 | I28: 0.5872 | J28: 0.5872 | K28: 0.5872 | L28: 0.5872 | M28: 0.5872 | N28: 0.5872
D29: CARGA DE BRITA P/ RAMPAS DE ACESSO (m³) | G29: =TRUNC(((G25*G26)*G27*G28),2) -> 7.11 | H29: =TRUNC(((H25*H26)*H27*H28),2) -> 7.11 | I29: =TRUNC(((I25*I26)*I27*I28),2) -> 0.83 | J29: =TRUNC(((J25*J26)*J27*J28),2) -> 0.83 | K29: =TRUNC(((K25*K26)*K27*K28),2) -> 0.83 | L29: =TRUNC(((L25*L26)*L27*L28),2) -> 0.83 | M29: =TRUNC(((M25*M26)*M27*M28),2) -> 0.83 | N29: =TRUNC(((N25*N26)*N27*N28),2) -> 0.83 | P29: =SUM(F29:O29) -> 19.2
D30: TRANSPORTE DO BRITA (m³.km) | E30: =IF('Resumo DMT''s'!$E$14>30,30,'Resumo DMT''s'!$E$14) -> 30 | G30: =TRUNC((G29*$E$30),2) -> 213.3 | H30: =TRUNC((H29*$E$30),2) -> 213.3 | I30: =TRUNC((I29*$E$30),2) -> 24.9 | J30: =TRUNC((J29*$E$30),2) -> 24.9 | K30: =TRUNC((K29*$E$30),2) -> 24.9 | L30: =TRUNC((L29*$E$30),2) -> 24.9 | M30: =TRUNC((M29*$E$30),2) -> 24.9 | N30: =TRUNC((N29*$E$30),2) -> 24.9 | P30: =SUM(F30:O30) -> 576
D31: TRANSPORTE DO BRITA (m³.km) | E31: =IF('Resumo DMT''s'!$E$14>30,'Resumo DMT''s'!$E$14-30,0) -> 19 | G31: =TRUNC((G29*$E$31),2) -> 135.09 | H31: =TRUNC((H29*$E$31),2) -> 135.09 | I31: =TRUNC((I29*$E$31),2) -> 15.77 | J31: =TRUNC((J29*$E$31),2) -> 15.77 | K31: =TRUNC((K29*$E$31),2) -> 15.77 | L31: =TRUNC((L29*$E$31),2) -> 15.77 | M31: =TRUNC((M29*$E$31),2) -> 15.77 | N31: =TRUNC((N29*$E$31),2) -> 15.77 | P31: =SUM(F31:O31) -> 364.8
C33: PISO PODOTÁTIL (m) | D33: EXTENSÃO POR RAMPA (m) | G33: =1.5+1.5+1.5 -> 4.5 | H33: =1.5+1.5+1.5 -> 4.5 | I33: =1.5+1.5+1.5 -> 4.5 | J33: =1.5+1.5+1.5 -> 4.5 | K33: =1.5+1.5+1.5 -> 4.5 | L33: =1.5+1.5+1.5 -> 4.5 | M33: =1.5+1.5+1.5 -> 4.5 | N33: =1.5+1.5+1.5 -> 4.5
D34: LARGURA DO PISO PODOTÁTIL (m) | G34: 0.25 | H34: 0.25 | I34: 0.25 | J34: 0.25 | K34: 0.25 | L34: 0.25 | M34: 0.25 | N34: 0.25
D35: ÁREA DE PISO PODOTÁTIL (m²) | G35: =TRUNC((G23*(G33*G34)),2) -> 19.12 | H35: =TRUNC((H23*(H33*H34)),2) -> 19.12 | I35: =TRUNC((I23*(I33*I34)),2) -> 2.25 | J35: =TRUNC((J23*(J33*J34)),2) -> 2.25 | K35: =TRUNC((K23*(K33*K34)),2) -> 2.25 | L35: =TRUNC((L23*(L33*L34)),2) -> 2.25 | M35: =TRUNC((M23*(M33*M34)),2) -> 2.25 | N35: =TRUNC((N23*(N33*N34)),2) -> 2.25 | P35: =SUM(F35:O35) -> 51.74
D36: CARGA, MANOBRA E DESCARGA (t) | G36: =TRUNC(((G35*0.025)*1.5),2) -> 0.71 | H36: =TRUNC(((H35*0.025)*1.5),2) -> 0.71 | I36: =TRUNC(((I35*0.025)*1.5),2) -> 0.08 | J36: =TRUNC(((J35*0.025)*1.5),2) -> 0.08 | K36: =TRUNC(((K35*0.025)*1.5),2) -> 0.08 | L36: =TRUNC(((L35*0.025)*1.5),2) -> 0.08 | M36: =TRUNC(((M35*0.025)*1.5),2) -> 0.08 | N36: =TRUNC(((N35*0.025)*1.5),2) -> 0.08 | P36: =SUM(F36:O36) -> 1.9
D37: TRANSPORTE DE TÁTIL <=30km (t.km) | E37: =IF('Resumo DMT''s'!$E$20>30,30,'Resumo DMT''s'!$E$20) -> 30 | G37: =TRUNC((G36*$E$37),2) -> 21.3 | H37: =TRUNC((H36*$E$37),2) -> 21.3 | I37: =TRUNC((I36*$E$37),2) -> 2.4 | J37: =TRUNC((J36*$E$37),2) -> 2.4 | K37: =TRUNC((K36*$E$37),2) -> 2.4 | L37: =TRUNC((L36*$E$37),2) -> 2.4 | M37: =TRUNC((M36*$E$37),2) -> 2.4 | N37: =TRUNC((N36*$E$37),2) -> 2.4 | P37: =SUM(F37:O37) -> 57
D38: TRANSPORTE DE TÁTIL >30km (t.km) | E38: =IF('Resumo DMT''s'!$E$20>30,'Resumo DMT''s'!$E$20-30,0) -> 99 | G38: =TRUNC((G36*$E$38),2) -> 70.29 | H38: =TRUNC((H36*$E$38),2) -> 70.29 | I38: =TRUNC((I36*$E$38),2) -> 7.92 | J38: =TRUNC((J36*$E$38),2) -> 7.92 | K38: =TRUNC((K36*$E$38),2) -> 7.92 | L38: =TRUNC((L36*$E$38),2) -> 7.92 | M38: =TRUNC((M36*$E$38),2) -> 7.92 | N38: =TRUNC((N36*$E$38),2) -> 7.92 | P38: =SUM(F38:O38) -> 188.1

Sheet Sinalização
B2: =DADOS!$B$3 -> CLIENTE: | C2: =DADOS!$C$3 -> PREFEITURA MUNICIPAL DE APARECIDA DO TABOADO / MS
B3: =DADOS!$B$4 -> ENDEREÇO: | C3: =DADOS!$C$4 -> RUA ELIAS TOLENTINO DE ALMEIDA, Nº 4.098 - JD. SÃO BENTO
B5: =DADOS!$B$7 -> OBRA: | C5: =DADOS!$C$7 -> PAVIMENTAÇÃO ASFÁLTICA E DRENAGEM DE ÁGUAS PLUVIAIS
B6: =DADOS!$B$8 -> LOCAL: | C6: =DADOS!$C$8 -> DIVERSAS RUAS NO BAIRRO PRIMAVERA, APARECIDA DO TABOADO / MS
B8: NOME DA RUA | H8: ='Pav-Terrapl'!G8 -> AV. DOS ESTUDANTES - LE | I8: ='Pav-Terrapl'!H8 -> AV. DOS ESTUDANTES - LD | J8: ='Pav-Terrapl'!I8 -> AV. AJAX FURQUIM - LE | K8: ='Pav-Terrapl'!J8 -> AV. AJAX FURQUIM - LD | L8: ='Pav-Terrapl'!K8 -> RUA BELO HORIZONTE | M8: ='Pav-Terrapl'!L8 -> RUA SÃO PAULO | N8: ='Pav-Terrapl'!M8 -> RUA MINAS GERAIS | O8: ='Pav-Terrapl'!N8 -> RUA CUIABÁ | Q8: TOTAL
B10: MEMÓRIA DE CÁLCULO DE SINALIZAÇÃO VIÁRIA | C10: FAIXAS | D10: AMARELA | E10: CONTÍNUA | F10: EXTENSÃO (m) | H10: 0 | I10: 0 | J10: 0 | K10: 0 | L10: 28.3 | M10: 28.3 | N10: 28.24 | O10: 28.23 | Q10: =SUM(G10:P10) -> 113.07
D11: BRANCA | E11: CONTÍNUA | F11: EXTENSÃO (m) | H11: 0 | I11: 0 | J11: 15 | K11: 3.01 | L11: 0 | M11: 0 | N11: 0 | O11: 0 | Q11: =SUM(G11:P11) -> 18.01
E12: TRACEJADA | F12: EXTENSÃO (m) | H12: 254.92 | I12: 251.21 | J12: 10.99 | K12: 22 | L12: 0 | M12: 0 | N12: 0 | O12: 0 | Q12: =SUM(G12:P12) -> 539.12
F13: CONDIÇÃO (%) | H13: 0.5 | I13: 0.5 | J13: 0.5 | K13: 0.5 | L13: 0.5 | M13: 0.5 | N13: 0.5 | O13: 0.5
F14: EXTENSÃO TOTAL (m²) | H14: =TRUNC((H12*H13),2) -> 127.46 | I14: =TRUNC((I12*I13),2) -> 125.6 | J14: =TRUNC((J12*J13),2) -> 5.49 | K14: =TRUNC((K12*K13),2) -> 11 | L14: =TRUNC((L12*L13),2) -> 0 | M14: =TRUNC((M12*M13),2) -> 0 | N14: =TRUNC((N12*N13),2) -> 0 | O14: =TRUNC((O12*O13),2) -> 0 | Q14: =SUM(G14:P14) -> 269.55
C16: MARCAS | D16: PARADA OBRIGATÓRIA | F16: QUANTIDADES (un) | H16: 0 | I16: 0 | J16: 2 | K16: 2 | L16: 2 | M16: 2 | N16: 2 | O16: 2 | Q16: =SUM(G16:P16) -> 12
F17: ÁREA UNITÁRIA (m²) | H17: 2.92 | I17: 2.92 | J17: 2.92 | K17: 2.92 | L17: 2.92 | M17: 2.92 | N17: 2.92 | O17: 2.92
F18: ÁREA TOTAL (m²) | H18: =TRUNC((H16*H17),2) -> 0 | I18: =TRUNC((I16*I17),2) -> 0 | J18: =TRUNC((J16*J17),2) -> 5.84 | K18: =TRUNC((K16*K17),2) -> 5.84 | L18: =TRUNC((L16*L17),2) -> 5.84 | M18: =TRUNC((M16*M17),2) -> 5.84 | N18: =TRUNC((N16*N17),2) -> 5.84 | O18: =TRUNC((O16*O17),2) -> 5.84 | Q18: =SUM(G18:P18) -> 35.04
D19: FAIXA DE RETENÇÃO | F19: EXTENSÃO (m) | H19: 0 | I19: 0 | J19: 10.04 | K19: 10.06 | L19: 10.62 | M19: 10.26 | N19: 10.26 | O19: 10.42 | Q19: =SUM(G19:P19) -> 61.66
F20: ESPESSURA (m) | H20: 0.4 | I20: 0.4 | J20: 0.4 | K20: 0.4 | L20: 0.4 | M20: 0.4 | N20: 0.4 | O20: 0.4
F21: ÁREA TOTAL (m²) | H21: =TRUNC((H19*H20),2) -> 0 | I21: =TRUNC((I19*I20),2) -> 0 | J21: =TRUNC((J19*J20),2) -> 4.01 | K21: =TRUNC((K19*K20),2) -> 4.02 | L21: =TRUNC((L19*L20),2) -> 4.24 | M21: =TRUNC((M19*M20),2) -> 4.1 | N21: =TRUNC((N19*N20),2) -> 4.1 | O21: =TRUNC((O19*O20),2) -> 4.16 | Q21: =SUM(G21:P21) -> 24.63
D22: SENTIDO DA CIRC. DA VIA | F22: QUANTIDADES (un) | H22: 8 | I22: 8 | J22: 0 | L22: 0 | M22: 0 | N22: 0 | O22: 0 | Q22: =SUM(G22:P22) -> 16
F23: ÁREA UNITÁRIA (m²) | H23: 1.09 | I23: 1.09 | J23: 1.09 | K23: 1.09 | L23: 1.09 | M23: 1.09 | N23: 1.09 | O23: 1.09
F24: ÁREA TOTAL (m²) | H24: =TRUNC((H22*H23),2) -> 8.72 | I24: =TRUNC((I22*I23),2) -> 8.72 | J24: =TRUNC((J22*J23),2) -> 0 | K24: =TRUNC((K22*K23),2) -> 0 | L24: =TRUNC((L22*L23),2) -> 0 | M24: =TRUNC((M22*M23),2) -> 0 | N24: =TRUNC((N22*N23),2) -> 0 | O24: =TRUNC((O22*O23),2) -> 0 | Q24: =SUM(G24:P24) -> 17.44
C26: PLACAS ATÉ 0,36m² | D26: PARADA OBRIGATÓRIA | F26: QUANTIDADES (un) | H26: 0 | I26: 0 | J26: 2 | K26: 2 | L26: 2 | M26: 2 | N26: 2 | O26: 2 | Q26: =SUM(G26:P26) -> 12
F27: ÁREA UNITÁRIA (m²) | H27: 0.36 | I27: 0.36 | J27: 0.36 | K27: 0.36 | L27: 0.36 | M27: 0.36 | N27: 0.36 | O27: 0.36
D28: VELOCIDADE MÁXIMA PERMITIDA | F28: QUANTIDADES (un) | H28: 1 | I28: 1 | J28: 0 | K28: 0 | L28: 0 | M28: 0 | N28: 0 | O28: 0 | Q28: =SUM(G28:P28) -> 2
F29: ÁREA UNITÁRIA (m²) | H29: 0.36 | I29: 0.36 | J29: 0.36 | K29: 0.36 | L29: 0.36 | M29: 0.36 | N29: 0.36 | O29: 0.36
C30: PLACAS DE LOGRADOURO | F30: QUANTIDADES (un) | H30: 0 | I30: 0 | J30: 2 | K30: 2 | L30: 4 | M30: 4 | N30: 4 | O30: 4 | Q30: =SUM(G30:P30) -> 20
F31: ÁREA UNITÁRIA (m²) | H31: =0.45*0.25 -> 0.1125 | I31: =0.45*0.25 -> 0.1125 | J31: =0.45*0.25 -> 0.1125 | K31: =0.45*0.25 -> 0.1125 | L31: =0.45*0.25 -> 0.1125 | M31: =0.45*0.25 -> 0.1125 | N31: =0.45*0.25 -> 0.1125 | O31: =0.45*0.25 -> 0.1125
